Workbook

Sheet 基本支出
A1: 2026年基本支出预算表
A2: 单位：元
A3: 序号 | B3: 项目名称 | C3: 功能分类 | D3: 口径 | E3: 莘庄镇 | F3: 吴泾镇 | G3: 七宝镇 | H3: 浦江镇 | I3: 梅陇镇 | J3: 马桥镇 | K3: 华漕镇 | L3: 颛桥镇 | M3: 虹桥镇 | N3: 合计
E4: 幼儿园 | F4: 幼儿园 | G4: 幼儿园 | J4: 成人 | M4: 一贯制
A5: 1 | B5: 基本支出总预算数 | D5: 公式计算 | E5: =莘庄镇!J5 -> 1.124352e+08 | F5: =吴泾镇!I4 -> 50221453 | G5: =七宝镇!X4 -> 7.745895e+08 | H5: =浦江镇!X4 -> 4.8516496e+08 | I5: =梅陇镇!U4 -> 3.9193555e+08 | J5: =马桥镇!Q4 -> 3.0769917e+08 | K5: =华漕镇!N4 -> 2.622982e+08 | L5: =颛桥镇!T4 -> 4.4910086e+08 | M5: =虹桥镇!P4 -> 2.3244292e+08 | N5: =SUM(E5:M5) -> 3.0658878e+09
A6: 2 | B6: 工资福利支出 | D6: 公式计算 | E6: =莘庄镇!J6 -> 93611912 | F6: =吴泾镇!I5 -> 40575551 | G6: =七宝镇!X5 -> 6.4694531e+08 | H6: =浦江镇!X5 -> 3.9577363e+08 | I6: =梅陇镇!U5 -> 3.2422771e+08 | J6: =马桥镇!Q5 -> 2.5686991e+08 | K6: =华漕镇!N5 -> 2.1325905e+08 | L6: =颛桥镇!T5 -> 3.7290496e+08 | M6: =虹桥镇!P5 -> 1.9159472e+08 | N6: =SUM(E6:M6) -> 2.5357628e+09
A7: 3 | B7: 基本工资 | D7: 公式计算 | E7: =莘庄镇!J7 -> 14490279 | F7: =吴泾镇!I6 -> 6459624 | G7: =七宝镇!X6 -> 96142152 | H7: =浦江镇!X6 -> 56281534 | I7: =梅陇镇!U6 -> 49112801 | J7: =马桥镇!Q6 -> 37517592 | K7: =华漕镇!N6 -> 34390500 | L7: =颛桥镇!T6 -> 55216968 | M7: =虹桥镇!P6 -> 28888270 | N7: =SUM(E7:M7) -> 3.7849972e+08
A8: 4 | B8: 1、岗位工资 | C8: 主款项 | D8: 根据人事口径按实编制 | E8: =莘庄镇!J8 -> 7922796 | F8: =吴泾镇!I7 -> 3445912 | G8: =七宝镇!X7 -> 54675692 | H8: =浦江镇!X7 -> 34290575 | I8: =梅陇镇!U7 -> 27378096 | J8: =马桥镇!Q7 -> 21316776 | K8: =华漕镇!N7 -> 18401544 | L8: =颛桥镇!T7 -> 31345008 | M8: =虹桥镇!P7 -> 14995490 | N8: =SUM(E8:M8) -> 2.1377189e+08
A9: 5 | B9: 2、薪级工资 | C9: 主款项 | D9: 根据人事口径按实编制 | E9: =莘庄镇!J9 -> 6567482.6 | F9: =吴泾镇!I8 -> 3013712 | G9: =七宝镇!X8 -> 41466460 | H9: =浦江镇!X8 -> 21990959 | I9: =梅陇镇!U8 -> 21734705 | J9: =马桥镇!Q8 -> 16200816 | K9: =华漕镇!N8 -> 15988956 | L9: =颛桥镇!T8 -> 23871960 | M9: =虹桥镇!P8 -> 13892780 | N9: =SUM(E9:M9) -> 1.6472783e+08
A10: 6 | B10: 津贴补贴 | D10: 公式计算 | E10: =莘庄镇!J10 -> 1429584 | F10: =吴泾镇!I9 -> 595488 | G10: =七宝镇!X9 -> 9650532 | H10: =浦江镇!X9 -> 6000796 | I10: =梅陇镇!U9 -> 4962525.6 | J10: =马桥镇!Q9 -> 3857004 | K10: =华漕镇!N9 -> 3224412 | L10: =颛桥镇!T9 -> 5576556 | M10: =虹桥镇!P9 -> 2851614 | N10: =SUM(E10:M10) -> 38148512
A11: 7 | B11: 1、各类津贴★▲ | C11: 主款项 | D11: 根据人事口径按实编制 | E11: =莘庄镇!J11 -> 25104 | F11: =吴泾镇!I10 -> 9408 | G11: =七宝镇!X10 -> 120132 | H11: =浦江镇!X10 -> 87196 | I11: =梅陇镇!U10 -> 83805.6 | J11: =马桥镇!Q10 -> 50124 | K11: =华漕镇!N10 -> 61692 | L11: =颛桥镇!T10 -> 69516 | M11: =虹桥镇!P10 -> 42654 | N11: =SUM(E11:M11) -> 549631.6
A12: 8 | B12: 2、各类补贴 | D12: 公式计算 | E12: =莘庄镇!J12 -> 1404480 | F12: =吴泾镇!I11 -> 586080 | G12: =七宝镇!X11 -> 9530400 | H12: =浦江镇!X11 -> 5913600 | I12: =梅陇镇!U11 -> 4878720 | J12: =马桥镇!Q11 -> 3806880 | K12: =华漕镇!N11 -> 3162720 | L12: =颛桥镇!T11 -> 5507040 | M12: =虹桥镇!P11 -> 2808960 | N12: =SUM(E12:M12) -> 37598880
A13: 9 | B13: (1)上下班交通费补贴 | C13: 主款项 | D13: 公式计算 | E13: =莘庄镇!J13 -> 1404480 | F13: =吴泾镇!I12 -> 586080 | G13: =七宝镇!X12 -> 9530400 | H13: =浦江镇!X12 -> 5913600 | I13: =梅陇镇!U12 -> 4878720 | J13: =马桥镇!Q12 -> 3806880 | K13: =华漕镇!N12 -> 3162720 | L13: =颛桥镇!T12 -> 5507040 | M13: =虹桥镇!P12 -> 2808960 | N13: =SUM(E13:M13) -> 37598880
A14: 10 | B14: 其他社会保障缴费 | D14: 注：社保缴费基数应该相同 | E14: =莘庄镇!J14 -> 630049.72 | F14: =吴泾镇!I13 -> 282920.52 | G14: =七宝镇!X13 -> 4370161.8 | H14: =浦江镇!X13 -> 2724695.8 | I14: =梅陇镇!U13 -> 2194064.6 | J14: =马桥镇!Q13 -> 1752358.3 | K14: =华漕镇!N13 -> 1457374.3 | L14: =颛桥镇!T13 -> 2517452.6 | M14: =虹桥镇!P13 -> 1333762 | N14: =SUM(E14:M14) -> 17262840
A15: 11 | B15: 1、工伤保险费0.5(0.2%-1.9%) | C15: 主款项 | D15: 公式计算（请检查） | E15: =莘庄镇!J15 -> 315024.86 | F15: =吴泾镇!I14 -> 140541.87 | G15: =七宝镇!X14 -> 2185080.9 | H15: =浦江镇!X14 -> 1362347.9 | I15: =梅陇镇!U14 -> 1097032.3 | J15: =马桥镇!Q14 -> 876179.14 | K15: =华漕镇!N14 -> 728687.15 | L15: =颛桥镇!T14 -> 1258726.3 | M15: =虹桥镇!P14 -> 666881 | N15: =SUM(E15:M15) -> 8630501.4
A16: 12 | B16: 2、失业保险0.5% | C16: 主款项 | D16: 公式计算（请检查） | E16: =莘庄镇!J16 -> 315024.86 | F16: =吴泾镇!I15 -> 142378.65 | G16: =七宝镇!X15 -> 2185080.9 | H16: =浦江镇!X15 -> 1362347.9 | I16: =梅陇镇!U15 -> 1097032.3 | J16: =马桥镇!Q15 -> 876179.14 | K16: =华漕镇!N15 -> 728687.15 | L16: =颛桥镇!T15 -> 1258726.3 | M16: =虹桥镇!P15 -> 666881 | N16: =SUM(E16:M16) -> 8632338.2
A17: 13 | B17: 绩效工资 | D17: 公式计算 | E17: =莘庄镇!J17 -> 49339812 | F17: =吴泾镇!I16 -> 20820447 | G17: =七宝镇!X16 -> 344495352 | H17: =浦江镇!X16 -> 2.1087999e+08 | I17: =梅陇镇!U16 -> 171419476 | J17: =马桥镇!Q16 -> 136639190 | K17: =华漕镇!N16 -> 110062300 | L17: =颛桥镇!T16 -> 198826068 | M17: =虹桥镇!P16 -> 99835548 | N17: =SUM(E17:M17) -> 1.3423182e+09
A18: 14 | B18: 1、绩效工资 | C18: 主款项 | D18: 根据人保科数字编制 | E18: =莘庄镇!J18 -> 45398400 | F18: =吴泾镇!I17 -> 18856000 | G18: =七宝镇!X17 -> 313356700 | H18: =浦江镇!X17 -> 191509200 | I18: =梅陇镇!U17 -> 154909300 | J18: =马桥镇!Q17 -> 123962900 | K18: =华漕镇!N17 -> 102408300 | L18: =颛桥镇!T17 -> 179618600 | M18: =虹桥镇!P17 -> 90437500 | N18: =SUM(E18:M18) -> 1220456900
A19: 15 | B19: 2、校长职级制 | C19: 主款项 | D19: 根据校长职级制按实编制 | E19: =莘庄镇!J19 -> 1135412 | F19: =吴泾镇!I18 -> 658447 | G19: =七宝镇!X18 -> 6238652 | H19: =浦江镇!X18 -> 4810790.4 | I19: =梅陇镇!U18 -> 5006176 | J19: =马桥镇!Q18 -> 3220290 | K19: =华漕镇!N18 -> 0 | L19: =颛桥镇!T18 -> 4959468 | M19: =虹桥镇!P18 -> 2646048 | N19: =SUM(E19:M19) -> 28675283
A20: 16 | B20: 3、工作餐补贴 | C20: 主款项 | D20: 公式计算 | E20: =莘庄镇!J20 -> 1596000 | F20: =吴泾镇!I19 -> 666000 | G20: =七宝镇!X19 -> 10830000 | H20: =浦江镇!X19 -> 6720000 | I20: =梅陇镇!U19 -> 5544000 | J20: =马桥镇!Q19 -> 4326000 | K20: =华漕镇!N19 -> 3594000 | L20: =颛桥镇!T19 -> 6258000 | M20: =虹桥镇!P19 -> 3192000 | N20: =SUM(E20:M20) -> 42726000
A21: 17 | B21: 4、课后服务(在编人员） | C21: 主款项 | D21: 根据人事口径按实编制 | E21: =莘庄镇!J21 -> 1210000 | F21: =吴泾镇!I20 -> 640000 | G21: =七宝镇!X20 -> 14070000 | H21: =浦江镇!X20 -> 7840000 | I21: =梅陇镇!U20 -> 5960000 | J21: =马桥镇!Q20 -> 5130000 | K21: =华漕镇!N20 -> 4060000 | L21: =颛桥镇!T20 -> 7990000 | M21: =虹桥镇!P20 -> 3560000 | N21: =SUM(E21:M21) -> 50460000
A22: 18 | B22: 城镇职工基本医疗保险缴费 | D22: 公式计算 | E22: =莘庄镇!J22 -> 8190646.3 | F22: =吴泾镇!I21 -> 3661027.7 | G22: =七宝镇!X21 -> 56812102 | H22: =浦江镇!X21 -> 35421046 | I22: =梅陇镇!U21 -> 28522839 | J22: =马桥镇!Q21 -> 22780658 | K22: =华漕镇!N21 -> 18945866 | L22: =颛桥镇!T21 -> 32726883 | M22: =虹桥镇!P21 -> 17338906 | N22: =SUM(E22:M22) -> 2.2439997e+08
A23: 19 | B23: 1、医疗保险费9% | C23: 事业单位医疗 | D23: 公式计算 | E23: =莘庄镇!J23 -> 5670447.4 | F23: =吴泾镇!I22 -> 2562814 | G23: =七宝镇!X22 -> 39331455 | H23: =浦江镇!X22 -> 24522263 | I23: =梅陇镇!U22 -> 19746581 | J23: =马桥镇!Q22 -> 15771225 | K23: =华漕镇!N22 -> 13116369 | L23: =颛桥镇!T22 -> 22657073 | M23: =虹桥镇!P22 -> 12003858 | N23: =SUM(E23:M23) -> 1.5538208e+08
A24: 20 | B24: 2、其他医疗保险费4% | C24: 事业单位医疗 | D24: 公式计算（请检查） | E24: =莘庄镇!J24 -> 2520198.9 | F24: =吴泾镇!I23 -> 1098213.7 | G24: =七宝镇!X23 -> 17480647 | H24: =浦江镇!X23 -> 10898783 | I24: =梅陇镇!U23 -> 8776258.3 | J24: =马桥镇!Q23 -> 7009433.1 | K24: =华漕镇!N23 -> 5829497.1 | L24: =颛桥镇!T23 -> 10069810 | M24: =虹桥镇!P23 -> 5335048 | N24: =SUM(E24:M24) -> 69017890
A25: 21 | B25: (1)其他保险2%(统筹)：住院及大病补助 | C25: 事业单位医疗 | D25: 公式计算（请检查） | E25: =莘庄镇!J25 -> 1260099.4 | F25: =吴泾镇!I24 -> 549106.86 | G25: =七宝镇!X24 -> 8740323.4 | H25: =浦江镇!X24 -> 5449391.7 | I25: =梅陇镇!U24 -> 4388129.1 | J25: =马桥镇!Q24 -> 3504716.6 | K25: =华漕镇!N24 -> 2914748.6 | L25: =颛桥镇!T24 -> 5034905.1 | M25: =虹桥镇!P24 -> 2667524 | N25: =SUM(E25:M25) -> 34508945
A26: 22 | B26: (2)其他保险2%(单位)：购买保险 | C26: 事业单位医疗 | D26: 公式计算（请检查） | E26: =莘庄镇!J26 -> 1260099.4 | F26: =吴泾镇!I25 -> 549106.86 | G26: =七宝镇!X25 -> 8740323.4 | H26: =浦江镇!X25 -> 5449391.7 | I26: =梅陇镇!U25 -> 4388129.1 | J26: =马桥镇!Q25 -> 3504716.6 | K26: =华漕镇!N25 -> 2914748.6 | L26: =颛桥镇!T25 -> 5034905.1 | M26: =虹桥镇!P25 -> 2667524 | N26: =SUM(E26:M26) -> 34508945
A27: 23 | B27: 事业单位基本养老保险缴费 | D27: 公式计算 | E27: =莘庄镇!J27 -> 10080795 | F27: =吴泾镇!I26 -> 4556113.4 | G27: =七宝镇!X26 -> 69922587 | H27: =浦江镇!X26 -> 43595134 | I27: =梅陇镇!U26 -> 35105033 | J27: =马桥镇!Q26 -> 28037733 | K27: =华漕镇!N26 -> 23317989 | L27: =颛桥镇!T26 -> 40279241 | M27: =虹桥镇!P26 -> 21340192 | N27: =SUM(E27:M27) -> 2.7623482e+08
A28: 24 | B28: 1、基本养老保险16% | C28: 养老保险 | D28: 公式计算（请检查） | E28: =莘庄镇!J28 -> 10080795 | F28: =吴泾镇!I27 -> 4556113.4 | G28: =七宝镇!X27 -> 69922587 | H28: =浦江镇!X27 -> 43595134 | I28: =梅陇镇!U27 -> 35105033 | J28: =马桥镇!Q27 -> 28037733 | K28: =华漕镇!N27 -> 23317989 | L28: =颛桥镇!T27 -> 40279241 | M28: =虹桥镇!P27 -> 21340192 | N28: =SUM(E28:M28) -> 2.7623482e+08
A29: 25 | B29: 职业年金缴纳 | D29: 公式计算 | E29: =莘庄镇!J29 -> 5040397.7 | F29: =吴泾镇!I28 -> 2278056.7 | G29: =七宝镇!X28 -> 34961294 | H29: =浦江镇!X28 -> 21797567 | I29: =梅陇镇!U28 -> 17552517 | J29: =马桥镇!Q28 -> 14018866 | K29: =华漕镇!N28 -> 11658994 | L29: =颛桥镇!T28 -> 20139621 | M29: =虹桥镇!P28 -> 10670096 | N29: =SUM(E29:M29) -> 1.3811741e+08
A30: 26 | B30: 1、职业年金8% | C30: 职业年金 | D30: 公式计算（请检查） | E30: =莘庄镇!J30 -> 5040397.7 | F30: =吴泾镇!I29 -> 2278056.7 | G30: =七宝镇!X29 -> 34961294 | H30: =浦江镇!X29 -> 21797567 | I30: =梅陇镇!U29 -> 17552517 | J30: =马桥镇!Q29 -> 14018866 | K30: =华漕镇!N29 -> 11658994 | L30: =颛桥镇!T29 -> 20139621 | M30: =虹桥镇!P29 -> 10670096 | N30: =SUM(E30:M30) -> 1.3811741e+08
A31: 27 | B31: 公积金7% | C31: 公积金 | D31: 根据人事口径按实编制 | E31: =莘庄镇!J31 -> 4410348 | F31: =吴泾镇!I30 -> 1921874 | G31: =七宝镇!X30 -> 30591132 | H31: =浦江镇!X30 -> 19072871 | I31: =梅陇镇!U30 -> 15358452 | J31: =马桥镇!Q30 -> 12266508 | K31: =华漕镇!N30 -> 10201620 | L31: =颛桥镇!T30 -> 17622168 | M31: =虹桥镇!P30 -> 9336334 | N31: =SUM(E31:M31) -> 120781307
A32: 28 | B32: 其他工资福利 | C32: 主款项 | D32: 年初预算为0 | E32: =莘庄镇!J32 -> 0 | F32: =吴泾镇!I31 -> 0 | G32: =七宝镇!X31 -> 0 | H32: =浦江镇!X31 -> 0 | I32: =梅陇镇!U31 -> 0 | J32: =马桥镇!Q31 -> 0 | K32: =华漕镇!N31 -> 0 | L32: =颛桥镇!T31 -> 0 | M32: =虹桥镇!P31 -> 0 | N32: =SUM(E32:M32) -> 0
A33: 29 | B33: 对个人和家庭补助 | D33: 公式计算 | E33: =莘庄镇!J33 -> 2190840 | F33: =吴泾镇!I32 -> 1601700 | G33: =七宝镇!X32 -> 11347873 | H33: =浦江镇!X32 -> 7755110.2 | I33: =梅陇镇!U32 -> 8179320 | J33: =马桥镇!Q32 -> 4412820 | K33: =华漕镇!N32 -> 7863480 | L33: =颛桥镇!T32 -> 6698841 | M33: =虹桥镇!P32 -> 6789640 | N33: =SUM(E33:M33) -> 56839624
A34: 30 | B34: 退休费 | C34: 离退休 | D34: 根据退休人员情况按实编制 | E34: =莘庄镇!J34 -> 2180040 | F34: =吴泾镇!I33 -> 1593780 | G34: =七宝镇!X33 -> 11273123 | H34: =浦江镇!X33 -> 7721345 | I34: =梅陇镇!U33 -> 8134680 | J34: =马桥镇!Q33 -> 4394100 | K34: =华漕镇!N33 -> 7845120 | L34: =颛桥镇!T33 -> 6662481 | M34: =虹桥镇!P33 -> 6769580 | N34: =SUM(E34:M34) -> 56574249
A35: 31 | B35: 1、退休人员生活补贴 | C35: 离退休 | D35: 根据退休人员情况按实编制 | E35: =莘庄镇!J35 -> 2180040 | F35: =吴泾镇!I34 -> 1593780 | G35: =七宝镇!X34 -> 11273123 | H35: =浦江镇!X34 -> 7721345 | I35: =梅陇镇!U34 -> 8134680 | J35: =马桥镇!Q34 -> 4394100 | K35: =华漕镇!N34 -> 7845120 | L35: =颛桥镇!T34 -> 6662481 | M35: =虹桥镇!P34 -> 6769580 | N35: =SUM(E35:M35) -> 56574249
A36: 32 | B36: 奖励金 | D36: 公式计算 | E36: =莘庄镇!J36 -> 10800 | F36: =吴泾镇!I35 -> 7920 | G36: =七宝镇!X35 -> 74750 | H36: =浦江镇!X35 -> 33765.21 | I36: =梅陇镇!U35 -> 44640 | J36: =马桥镇!Q35 -> 18720 | K36: =华漕镇!N35 -> 18360 | L36: =颛桥镇!T35 -> 36360 | M36: =虹桥镇!P35 -> 20060 | N36: =SUM(E36:M36) -> 265375.21
A37: 33 | B37: 1、独生子女奖励费▲ | C37: 主款项 | D37: 根据人事口径按实编制 | E37: =莘庄镇!J37 -> 10800 | F37: =吴泾镇!I36 -> 7920 | G37: =七宝镇!X36 -> 74750 | H37: =浦江镇!X36 -> 33765.21 | I37: =梅陇镇!U36 -> 44640 | J37: =马桥镇!Q36 -> 18720 | K37: =华漕镇!N36 -> 18360 | L37: =颛桥镇!T36 -> 36360 | M37: =虹桥镇!P36 -> 20060 | N37: =SUM(E37:M37) -> 265375.21
A38: 34 | B38: 其他支出对个人和家庭补助 | D38: 公式计算 | E38: =莘庄镇!J38 -> 0 | F38: =吴泾镇!I37 -> 0 | G38: =七宝镇!X37 -> 0 | H38: =浦江镇!X37 -> 0 | I38: =梅陇镇!U37 -> 0 | J38: =马桥镇!Q37 -> 0 | K38: =华漕镇!N37 -> 0 | L38: =颛桥镇!T37 -> 0 | M38: =虹桥镇!P37 -> 0 | N38: =SUM(E38:M38) -> 0
A39: 35 | B39: 1、其他 | C39: 主款项 | D39: 除罗阳小学3人及七宝二中1人的退休共享费外，其他学校填0 | E39: =莘庄镇!J39 -> 0 | F39: =吴泾镇!I38 -> 0 | G39: =七宝镇!X38 -> 0 | H39: =浦江镇!X38 -> 0 | I39: =梅陇镇!U38 -> 0 | J39: =马桥镇!Q38 -> 0 | K39: =华漕镇!N38 -> 0 | L39: =颛桥镇!T38 -> 0 | M39: =虹桥镇!P38 -> 0 | N39: =SUM(E39:M39) -> 0
A40: 36 | B40: 商品和服务支出和其他资本性支出 | D40: 公式计算 | E40: =莘庄镇!J40 -> 16632452 | F40: =吴泾镇!I39 -> 8044201.9 | G40: =七宝镇!X39 -> 1.1629632e+08 | H40: =浦江镇!X39 -> 81636215 | I40: =梅陇镇!U39 -> 59528525 | J40: =马桥镇!Q39 -> 46416446 | K40: =华漕镇!N39 -> 41175669 | L40: =颛桥镇!T39 -> 69497065 | M40: =虹桥镇!P39 -> 34058555 | N40: =SUM(E40:M40) -> 4.7328545e+08
A41: 37 | B41: (一)公用定额 | D41: 学生人数*定额 | E41: =莘庄镇!J41 -> 12160700 | F41: =吴泾镇!I40 -> 6036216 | G41: =七宝镇!X40 -> 90540950 | H41: =浦江镇!X40 -> 62521000 | I41: =梅陇镇!U40 -> 44631510 | J41: =马桥镇!Q40 -> 35045710 | K41: =华漕镇!N40 -> 31053220 | L41: =颛桥镇!T40 -> 53267280 | M41: =虹桥镇!P40 -> 24655340 | N41: =SUM(E41:M41) -> 359911926
A42: 38 | B42: 其中：培训费 | C42: 主款项 | D42: 生均定额5% | E42: =莘庄镇!J42 -> 525309 | F42: =吴泾镇!I41 -> 271399.5 | G42: =七宝镇!X41 -> 4403495.5 | H42: =浦江镇!X41 -> 3074856 | I42: =梅陇镇!U41 -> 2036695 | J42: =马桥镇!Q41 -> 1720968.5 | K42: =华漕镇!N41 -> 1484021 | L42: =颛桥镇!T41 -> 2583141 | M42: =虹桥镇!P41 -> 1090584 | N42: =SUM(E42:M42) -> 17190470
A43: 39 | B43: (二)培训费 | E43: =莘庄镇!J43 -> 106400 | F43: =吴泾镇!I42 -> 44400 | G43: =七宝镇!X42 -> 722000 | H43: =浦江镇!X42 -> 448000 | I43: =梅陇镇!U42 -> 369600 | J43: =马桥镇!Q42 -> 288400 | K43: =华漕镇!N42 -> 239600 | L43: =颛桥镇!T42 -> 417200 | M43: =虹桥镇!P42 -> 212800 | N43: =SUM(E43:M43) -> 2848400
A44: 40 | B44: 1、进修、培训 400元/年教师 | C44: 主款项 | D44: 教职工人数*400元（公式计算） | E44: =莘庄镇!J44 -> 106400 | F44: =吴泾镇!I43 -> 44400 | G44: =七宝镇!X43 -> 722000 | H44: =浦江镇!X43 -> 448000 | I44: =梅陇镇!U43 -> 369600 | J44: =马桥镇!Q43 -> 288400 | K44: =华漕镇!N43 -> 239600 | L44: =颛桥镇!T43 -> 417200 | M44: =虹桥镇!P43 -> 212800 | N44: =SUM(E44:M44) -> 2848400
A45: 41 | B45: (三)维修(护)费 | D45: 公式计算 | E45: =莘庄镇!J45 -> 939108.9 | F45: =吴泾镇!I44 -> 327471 | G45: =七宝镇!X44 -> 3763958.7 | H45: =浦江镇!X44 -> 4323328.5 | I45: =梅陇镇!U44 -> 2795699.8 | J45: =马桥镇!Q44 -> 2190618.9 | K45: =华漕镇!N44 -> 1488219.6 | L45: =颛桥镇!T44 -> 3051225.8 | M45: =虹桥镇!P44 -> 1736341.2 | N45: =SUM(E45:M45) -> 20615972
A46: 42 | B46: 1、房屋维修费 15元/年平方米 | C46: 主款项 | D46: 房屋面积*15元（公式计算） | E46: =莘庄镇!J46 -> 939108.9 | F46: =吴泾镇!I45 -> 327471 | G46: =七宝镇!X45 -> 3763958.7 | H46: =浦江镇!X45 -> 4323328.5 | I46: =梅陇镇!U45 -> 2795699.8 | J46: =马桥镇!Q45 -> 2190618.9 | K46: =华漕镇!N45 -> 1488219.6 | L46: =颛桥镇!T45 -> 3051225.8 | M46: =虹桥镇!P45 -> 1736341.2 | N46: =SUM(E46:M46) -> 20615972
A47: 43 | B47: (四)物业管理费 | D47: 公式计算 | E47: =莘庄镇!J47 -> 246424 | F47: =吴泾镇!I46 -> 101168 | G47: =七宝镇!X46 -> 943045.2 | H47: =浦江镇!X46 -> 1330764.7 | I47: =梅陇镇!U46 -> 727845.6 | J47: =马桥镇!Q46 -> 634370.4 | K47: =华漕镇!N46 -> 563260.8 | L47: =颛桥镇!T46 -> 983854.4 | M47: =虹桥镇!P46 -> 363870.08 | N47: =SUM(E47:M47) -> 5894603.2
A48: 44 | B48: 1、绿化维护费 8元/年平方米 | C48: 主款项 | D48: 绿化面积*8元（公式计算） | E48: =莘庄镇!J48 -> 246424 | F48: =吴泾镇!I47 -> 101168 | G48: =七宝镇!X47 -> 943045.2 | H48: =浦江镇!X47 -> 1330764.7 | I48: =梅陇镇!U47 -> 727845.6 | J48: =马桥镇!Q47 -> 634370.4 | K48: =华漕镇!N47 -> 563260.8 | L48: =颛桥镇!T47 -> 983854.4 | M48: =虹桥镇!P47 -> 363870.08 | N48: =SUM(E48:M48) -> 5894603.2
A49: 45 | B49: (五)福利费 | D49: 公式计算 | E49: =莘庄镇!J49 -> 1689120 | F49: =吴泾镇!I48 -> 851040 | G49: =七宝镇!X48 -> 10592640 | H49: =浦江镇!X48 -> 6670080 | I49: =梅陇镇!U48 -> 5840640 | J49: =马桥镇!Q48 -> 4186080 | K49: =华漕镇!N48 -> 4410720 | L49: =颛桥镇!T48 -> 6112800 | M49: =虹桥镇!P48 -> 3926880 | N49: =SUM(E49:M49) -> 44280000
A50: 46 | B50: 1、在职福利费 | C50: 主款项 | D50: 教职工人数*4320元（公式计算） | E50: =莘庄镇!J50 -> 1149120 | F50: =吴泾镇!I49 -> 479520 | G50: =七宝镇!X49 -> 7797600 | H50: =浦江镇!X49 -> 4838400 | I50: =梅陇镇!U49 -> 3991680 | J50: =马桥镇!Q49 -> 3114720 | K50: =华漕镇!N49 -> 2587680 | L50: =颛桥镇!T49 -> 4505760 | M50: =虹桥镇!P49 -> 2298240 | N50: =SUM(E50:M50) -> 30762720
A51: 47 | B51: 2、离退休福利费 | C51: 主款项 | D51: 离退休人数*4320元（公式计算） | E51: =莘庄镇!J51 -> 540000 | F51: =吴泾镇!I50 -> 371520 | G51: =七宝镇!X50 -> 2795040 | H51: =浦江镇!X50 -> 1831680 | I51: =梅陇镇!U50 -> 1848960 | J51: =马桥镇!Q50 -> 1071360 | K51: =华漕镇!N50 -> 1823040 | L51: =颛桥镇!T50 -> 1607040 | M51: =虹桥镇!P50 -> 1628640 | N51: =SUM(E51:M51) -> 13517280
A52: 48 | B52: (六)工会经费 | D52: 公式计算 | E52: =莘庄镇!J52 -> 1260099.4 | F52: =吴泾镇!I51 -> 549106.86 | G52: =七宝镇!X51 -> 8740323.4 | H52: =浦江镇!X51 -> 5449391.7 | I52: =梅陇镇!U51 -> 4388129.1 | J52: =马桥镇!Q51 -> 3504716.6 | K52: =华漕镇!N51 -> 2914748.6 | L52: =颛桥镇!T51 -> 5034905.1 | M52: =虹桥镇!P51 -> 2667524 | N52: =SUM(E52:M52) -> 34508945
A53: 49 | B53: 1、工会经费2% | C53: 主款项 | D53: 公式计算（请检查） | E53: =莘庄镇!J53 -> 1260099.4 | F53: =吴泾镇!I52 -> 549106.86 | G53: =七宝镇!X52 -> 8740323.4 | H53: =浦江镇!X52 -> 5449391.7 | I53: =梅陇镇!U52 -> 4388129.1 | J53: =马桥镇!Q52 -> 3504716.6 | K53: =华漕镇!N52 -> 2914748.6 | L53: =颛桥镇!T52 -> 5034905.1 | M53: =虹桥镇!P52 -> 2667524 | N53: =SUM(E53:M53) -> 34508945
A54: 50 | B54: (七)公务用车运行维护费★ | D54: 公式计算 | E54: =莘庄镇!J54 -> 64000 | F54: =吴泾镇!I53 -> 32000 | G54: =七宝镇!X53 -> 306000 | H54: =浦江镇!X53 -> 249000 | I54: =梅陇镇!U53 -> 242000 | J54: =马桥镇!Q53 -> 89000 | K54: =华漕镇!N53 -> 121000 | L54: =颛桥镇!T53 -> 274000 | M54: =虹桥镇!P53 -> 210000 | N54: =SUM(E54:M54) -> 1587000
A55: 51 | B55: 1、教育系统，校/辆 | C55: 主款项 | D55: 机关局有编制的车辆数*32000元/25000元/年（分园及分校预算在其他交通费中编制） | E55: =莘庄镇!J55 -> 64000 | F55: =吴泾镇!I54 -> 32000 | G55: =七宝镇!X54 -> 306000 | H55: =浦江镇!X54 -> 249000 | I55: =梅陇镇!U54 -> 242000 | J55: =马桥镇!Q54 -> 89000 | K55: =华漕镇!N54 -> 121000 | L55: =颛桥镇!T54 -> 274000 | M55: =虹桥镇!P54 -> 210000 | N55: =SUM(E55:M55) -> 1587000
A56: 52 | B56: (八)其他商品和服务支出 | D56: 公式计算 | E56: =莘庄镇!J56 -> 60600 | F56: =吴泾镇!I55 -> 38800 | G56: =七宝镇!X55 -> 334400 | H56: =浦江镇!X55 -> 272650 | I56: =梅陇镇!U55 -> 232100 | J56: =马桥镇!Q55 -> 157550 | K56: =华漕镇!N55 -> 192900 | L56: =颛桥镇!T55 -> 148800 | M56: =虹桥镇!P55 -> 179800 | N56: =SUM(E56:M56) -> 1617600
A57: 53 | B57: 1、离退休公用支出 | C57: 主款项 | D57: 公式计算 | E57: =莘庄镇!J57 -> 50000 | F57: =吴泾镇!I56 -> 34400 | G57: =七宝镇!X56 -> 258800 | H57: =浦江镇!X56 -> 169600 | I57: =梅陇镇!U56 -> 171200 | J57: =马桥镇!Q56 -> 99200 | K57: =华漕镇!N56 -> 168800 | L57: =颛桥镇!T56 -> 148800 | M57: =虹桥镇!P56 -> 150800 | N57: =SUM(E57:M57) -> 1251600
A58: 54 | B58: (1)活动费(活动费+活动费(托管)) | C58: 主款项 | D58: 离退休人数*400元/年（公式计算） | E58: =莘庄镇!J58 -> 50000 | F58: =吴泾镇!I57 -> 34400 | G58: =七宝镇!X57 -> 258800 | H58: =浦江镇!X57 -> 169600 | I58: =梅陇镇!U57 -> 171200 | J58: =马桥镇!Q57 -> 99200 | K58: =华漕镇!N57 -> 168800 | L58: =颛桥镇!T57 -> 148800 | M58: =虹桥镇!P57 -> 150800 | N58: =SUM(E58:M58) -> 1251600
A59: 55 | B59: 2、子女幼托费 | C59: 主款项 | D59: 没有，填0 | E59: =莘庄镇!J59 -> 10600 | F59: =吴泾镇!I58 -> 4400 | G59: =七宝镇!X58 -> 75600 | H59: =浦江镇!X58 -> 103050 | I59: =梅陇镇!U58 -> 60900 | J59: =马桥镇!Q58 -> 58350 | K59: =华漕镇!N58 -> 24100 | L59: =颛桥镇!T58 -> 0 | M59: =虹桥镇!P58 -> 29000 | N59: =SUM(E59:M59) -> 366000
A60: 56 | B60: (九)其他交通费用 | D60: 公式计算 | E60: =莘庄镇!J60 -> 106000 | F60: =吴泾镇!I59 -> 64000 | G60: =七宝镇!X59 -> 353000 | H60: =浦江镇!X59 -> 372000 | I60: =梅陇镇!U59 -> 301000 | J60: =马桥镇!Q59 -> 320000 | K60: =华漕镇!N59 -> 192000 | L60: =颛桥镇!T59 -> 207000 | M60: =虹桥镇!P59 -> 106000 | N60: =SUM(E60:M60) -> 2021000
A61: 57 | B61: 2、教育系统 | C61: 主款项 | D61: 机关局无编制车辆的学校按32000元编制预算 机关局有编制的车辆，每分校增加10000元，每个分园增加5000元编制预算 | E61: =莘庄镇!J61 -> 106000 | F61: =吴泾镇!I60 -> 64000 | G61: =七宝镇!X60 -> 353000 | H61: =浦江镇!X60 -> 372000 | I61: =梅陇镇!U60 -> 301000 | J61: =马桥镇!Q60 -> 320000 | K61: =华漕镇!N60 -> 192000 | L61: =颛桥镇!T60 -> 207000 | M61: =虹桥镇!P60 -> 106000 | N61: =SUM(E61:M61) -> 2021000
A62: 58 | B62: 学校基本情况： | E62: =莘庄镇!J62 -> 0 | F62: =吴泾镇!I61 -> 0 | G62: =七宝镇!X61 -> 0 | H62: =浦江镇!X61 -> 0 | I62: =梅陇镇!U61 -> 0 | J62: =马桥镇!Q61 -> 0 | K62: =华漕镇!N61 -> 0 | L62: =颛桥镇!T61 -> 0 | M62: =虹桥镇!P61 -> 0 | N62: =SUM(E62:M62) -> 0
A63: 59 | B63: 1、教职工(人数) | D63: 填写2025年秋季在编教职工人数 | E63: =莘庄镇!J63 -> 266 | F63: =吴泾镇!I62 -> 111 | G63: =七宝镇!X62 -> 1805 | H63: =浦江镇!X62 -> 1120 | I63: =梅陇镇!U62 -> 924 | J63: =马桥镇!Q62 -> 721 | K63: =华漕镇!N62 -> 599 | L63: =颛桥镇!T62 -> 1043 | M63: =虹桥镇!P62 -> 532 | N63: =SUM(E63:M63) -> 7121
A64: 60 | B64: 初中 | E64: =莘庄镇!J64 -> 61 | F64: =吴泾镇!I63 -> 0 | G64: =七宝镇!X63 -> 641 | H64: =浦江镇!X63 -> 355 | I64: =梅陇镇!U63 -> 292 | J64: =马桥镇!Q63 -> 206 | K64: =华漕镇!N63 -> 190 | L64: =颛桥镇!T63 -> 332 | M64: =虹桥镇!P63 -> 164 | N64: =SUM(E64:M64) -> 2241
A65: 61 | B65: 小学 | E65: =莘庄镇!J65 -> 60 | F65: =吴泾镇!I64 -> 64 | G65: =七宝镇!X64 -> 766 | H65: =浦江镇!X64 -> 429 | I65: =梅陇镇!U64 -> 304 | J65: =马桥镇!Q64 -> 307 | K65: =华漕镇!N64 -> 216 | L65: =颛桥镇!T64 -> 467 | M65: =虹桥镇!P64 -> 192 | N65: =SUM(E65:M65) -> 2805
A66: 62 | B66: 幼儿园 | E66: =莘庄镇!J66 -> 139 | F66: =吴泾镇!I65 -> 45 | G66: =七宝镇!X65 -> 391 | H66: =浦江镇!X65 -> 330 | I66: =梅陇镇!U65 -> 324 | J66: =马桥镇!Q65 -> 198 | K66: =华漕镇!N65 -> 187 | L66: =颛桥镇!T65 -> 239 | M66: =虹桥镇!P65 -> 172 | N66: =SUM(E66:M66) -> 2025
A67: 63 | B67: 其他 | E67: =莘庄镇!J67 -> 6 | F67: =吴泾镇!I66 -> 2 | G67: =七宝镇!X66 -> 7 | H67: =浦江镇!X66 -> 6 | I67: =梅陇镇!U66 -> 4 | J67: =马桥镇!Q66 -> 10 | K67: =华漕镇!N66 -> 6 | L67: =颛桥镇!T66 -> 5 | M67: =虹桥镇!P66 -> 4 | N67: =SUM(E67:M67) -> 50
A68: 64 | B68: 2、学生(人数) | D68: 填写2025年秋季学期学生人数，以招办人数为准 | E68: =莘庄镇!J68 -> 3159 | F68: =吴泾镇!I67 -> 1709 | G68: =七宝镇!X67 -> 25772 | H68: =浦江镇!X67 -> 18508 | I68: =梅陇镇!U67 -> 12169 | J68: =马桥镇!Q67 -> 10282 | K68: =华漕镇!N67 -> 8859 | L68: =颛桥镇!T67 -> 15321 | M68: =虹桥镇!P67 -> 6467 | N68: =SUM(E68:M68) -> 102246
A69: 65 | B69: 初中 | E69: =莘庄镇!J69 -> 986 | F69: =吴泾镇!I68 -> 0 | G69: =七宝镇!X68 -> 9597 | H69: =浦江镇!X68 -> 5581 | I69: =梅陇镇!U68 -> 4349 | J69: =马桥镇!Q68 -> 3165 | K69: =华漕镇!N68 -> 2902 | L69: =颛桥镇!T68 -> 5194 | M69: =虹桥镇!P68 -> 2229 | N69: =SUM(E69:M69) -> 34003
A70: 66 | B70: 小学 | E70: =莘庄镇!J70 -> 770 | F70: =吴泾镇!I69 -> 1195 | G70: =七宝镇!X69 -> 12408 | H70: =浦江镇!X69 -> 8299 | I70: =梅陇镇!U69 -> 4387 | J70: =马桥镇!Q69 -> 4730 | K70: =华漕镇!N69 -> 3818 | L70: =颛桥镇!T69 -> 7402 | M70: =虹桥镇!P69 -> 2813 | N70: =SUM(E70:M70) -> 45822
A71: 67 | B71: 幼儿园 | E71: =莘庄镇!J71 -> 1403 | F71: =吴泾镇!I70 -> 514 | G71: =七宝镇!X70 -> 3767 | H71: =浦江镇!X70 -> 4628 | I71: =梅陇镇!U70 -> 3433 | J71: =马桥镇!Q70 -> 2387 | K71: =华漕镇!N70 -> 2139 | L71: =颛桥镇!T70 -> 2725 | M71: =虹桥镇!P70 -> 1425 | N71: =SUM(E71:M71) -> 22421
A72: 68 | B72: 其他 | E72: =莘庄镇!J72 -> 0 | F72: =吴泾镇!I71 -> 0 | G72: =七宝镇!X71 -> 0 | H72: =浦江镇!X71 -> 0 | I72: =梅陇镇!U71 -> 0 | J72: =马桥镇!Q71 -> 0 | K72: =华漕镇!N71 -> 0 | L72: =颛桥镇!T71 -> 0 | M72: =虹桥镇!P71 -> 0 | N72: =SUM(E72:M72) -> 0
A73: 69 | B73: 3、事业退休人员人数 | E73: =莘庄镇!J73 -> 125 | F73: =吴泾镇!I72 -> 86 | G73: =七宝镇!X72 -> 647 | H73: =浦江镇!X72 -> 424 | I73: =梅陇镇!U72 -> 428 | J73: =马桥镇!Q72 -> 248 | K73: =华漕镇!N72 -> 422 | L73: =颛桥镇!T72 -> 372 | M73: =虹桥镇!P72 -> 377 | N73: =SUM(E73:M73) -> 3129
A74: 70 | B74: 4、教育单位房屋（面积） | E74: =莘庄镇!J74 -> 62607.26 | F74: =吴泾镇!I73 -> 21831.4 | G74: =七宝镇!X73 -> 250930.58 | H74: =浦江镇!X73 -> 288221.9 | I74: =梅陇镇!U73 -> 186379.99 | J74: =马桥镇!Q73 -> 146041.26 | K74: =华漕镇!N73 -> 99214.64 | L74: =颛桥镇!T73 -> 203415.05 | M74: =虹桥镇!P73 -> 115756.08 | N74: =SUM(E74:M74) -> 1374398.2
A75: 71 | B75: 5、教育单位绿化（面积） | E75: =莘庄镇!J75 -> 30803 | F75: =吴泾镇!I74 -> 12646 | G75: =七宝镇!X74 -> 117880.65 | H75: =浦江镇!X74 -> 166345.59 | I75: =梅陇镇!U74 -> 90980.7 | J75: =马桥镇!Q74 -> 79296.3 | K75: =华漕镇!N74 -> 70407.6 | L75: =颛桥镇!T74 -> 122981.8 | M75: =虹桥镇!P74 -> 45483.76 | N75: =SUM(E75:M75) -> 736825.4

Sheet 2025年绩效增量
A1: 2025年最后一笔绩效工资分配情况
A2: 单位：元
A3: 序号 | B3: 学校名称 | C3: 总量 | D3: 其中校长职级
A4: 1 | B4: 闵行区虹桥中心小学 | C4: 1000 | D4: 0
B5: 总计 | C5: =SUM(C4:C4) -> 1000 | D5: =SUM(D4:D4) -> 0

Sheet 莘庄镇
A1: 2026年基本支出预算表（莘庄镇）
A2: 单位：元
A3: 序号 | B3: 项目名称 | C3: 功能分类 | D3: 口径 | E3: 康城幼儿园 | F3: 实验幼儿园 | G3: 佳佳幼儿园 | H3: 社区学校 | I3: 明星学校 | J3: 合计 | K3: 备注
E4: 幼儿园 | F4: 幼儿园 | G4: 幼儿园 | H4: 成人 | I4: 一贯制
A5: 1 | B5: 基本支出总预算数 | D5: 公式计算 | E5: =E6+E33+E40 -> 17015091 | F5: =F6+F33+F40 -> 12121958 | G5: =G6+G33+G40 -> 23826250 | H5: =H6+H33+H40 -> 2731814.9 | I5: =I6+I33+I40 -> 56740091 | J5: =SUM(E5:I5) -> 1.124352e+08
A6: 2 | B6: 工资福利支出 | D6: 公式计算 | E6: =E7+E10+E14+E17+E22+E27+E29+E31+E32 -> 14610833 | F6: =F7+F10+F14+F17+F22+F27+F29+F31+F32 -> 9813215.4 | G6: =G7+G10+G14+G17+G22+G27+G29+G31+G32 -> 20494870 | H6: =H7+H10+H14+H17+H22+H27+H29+H31+H32 -> 2358589.7 | I6: =I7+I10+I14+I17+I22+I27+I29+I31+I32 -> 46334404 | J6: =SUM(E6:I6) -> 93611912
A7: 3 | B7: 基本工资 | D7: 公式计算 | E7: =E8+E9 -> 2166309.6 | F7: =F8+F9 -> 1470648 | G7: =G8+G9 -> 3260976 | H7: =H8+H9 -> 374328 | I7: =I8+I9 -> 7218017 | J7: =SUM(E7:I7) -> 14490279
A8: 4 | B8: 1、岗位工资 | C8: 主款项 | D8: 根据人事口径按实编制 | E8: 1299624 | F8: 902088 | G8: 1862328 | H8: 181716 | I8: 3677040 | J8: =SUM(E8:I8) -> 7922796
A9: 5 | B9: 2、薪级工资 | C9: 主款项 | D9: 根据人事口径按实编制 | E9: 866685.6 | F9: 568560 | G9: 1398648 | H9: 192612 | I9: 3540977 | J9: =SUM(E9:I9) -> 6567482.6
A10: 6 | B10: 津贴补贴 | D10: 公式计算 | E10: =E11+E12 -> 245508 | F10: =F11+F12 -> 165636 | G10: =G11+G12 -> 331980 | H10: =H11+H12 -> 32196 | I10: =I11+I12 -> 654264 | J10: =SUM(E10:I10) -> 1429584
A11: 7 | B11: 1、各类津贴★▲ | C11: 主款项 | D11: 根据人事口径按实编制 | E11: 2628 | F11: 1956 | G11: 4620 | H11: 516 | I11: 15384 | J11: =SUM(E11:I11) -> 25104
A12: 8 | B12: 2、各类补贴 | D12: 公式计算 | E12: =E13 -> 242880 | F12: =F13 -> 163680 | G12: =G13 -> 327360 | H12: =H13 -> 31680 | I12: =I13 -> 638880 | J12: =SUM(E12:I12) -> 1404480
A13: 9 | B13: (1)上下班交通费补贴 | C13: 主款项 | D13: 公式计算 | E13: =440*12*E63 -> 242880 | F13: =440*12*F63 -> 163680 | G13: =440*12*G63 -> 327360 | H13: =440*12*H63 -> 31680 | I13: =440*12*I63 -> 638880 | J13: =SUM(E13:I13) -> 1404480
A14: 10 | B14: 其他社会保障缴费 | D14: 注：社保缴费基数应该相同 | E14: =E15+E16 -> 98453.14 | F14: =F15+F16 -> 66665.14 | G14: =G15+G16 -> 138980.58 | H14: =H15+H16 -> 16112.58 | I14: =I15+I16 -> 309838.28 | J14: =SUM(E14:I14) -> 630049.72
A15: 11 | B15: 1、工伤保险费0.5(0.2%-1.9%) | C15: 主款项 | D15: 公式计算（请检查） | E15: =ROUND(E31/0.07*0.005,2) -> 49226.57 | F15: =ROUND(F31/0.07*0.005,2) -> 33332.57 | G15: =ROUND(G31/0.07*0.005,2) -> 69490.29 | H15: =ROUND(H31/0.07*0.005,2) -> 8056.29 | I15: =ROUND(I31/0.07*0.005,2) -> 154919.14 | J15: =SUM(E15:I15) -> 315024.86
A16: 12 | B16: 2、失业保险0.5% | C16: 主款项 | D16: 公式计算（请检查） | E16: =ROUND(E31/0.07*0.005,2) -> 49226.57 | F16: =ROUND(F31/0.07*0.005,2) -> 33332.57 | G16: =ROUND(G31/0.07*0.005,2) -> 69490.29 | H16: =ROUND(H31/0.07*0.005,2) -> 8056.29 | I16: =ROUND(I31/0.07*0.005,2) -> 154919.14 | J16: =SUM(E16:I16) -> 315024.86
A17: 13 | B17: 绩效工资 | D17: 公式计算 | E17: =E18+E19+E20+E21 -> 7768624 | F17: =F18+F19+F20+F21 -> 5177000 | G17: =G18+G19+G20+G21 -> 10647788 | H17: =H18+H19+H20+H21 -> 1227000 | I17: =I18+I19+I20+I21 -> 24519400 | J17: =SUM(E17:I17) -> 49339812
A18: 14 | B18: 1、绩效工资 | C18: 主款项 | D18: 根据人保科数字编制 | E18: 7245000 | F18: 4991000 | G18: 10004000 | H18: 1191000 | I18: 21967400 | J18: =SUM(E18:I18) -> 45398400
A19: 15 | B19: 2、校长职级制 | C19: 主款项 | D19: 根据校长职级制按实编制 | E19: 247624 | G19: 271788 | I19: 616000 | J19: =SUM(E19:I19) -> 1135412
A20: 16 | B20: 3、工作餐补贴 | C20: 主款项 | D20: 公式计算 | E20: =E63*500*12 -> 276000 | F20: =F63*500*12 -> 186000 | G20: =G63*500*12 -> 372000 | H20: =H63*500*12 -> 36000 | I20: =I63*500*12 -> 726000 | J20: =SUM(E20:I20) -> 1596000
A21: 17 | B21: 4、课后服务(在编人员） | C21: 主款项 | D21: 根据人事口径按实编制 | I21: 1210000 | J21: =SUM(E21:I21) -> 1210000
A22: 18 | B22: 城镇职工基本医疗保险缴费 | D22: 公式计算 | E22: =E23+E24 -> 1279890.9 | F22: =F23+F24 -> 866646.87 | G22: =G23+G24 -> 1806747.4 | H22: =H23+H24 -> 209463.42 | I22: =I23+I24 -> 4027897.7 | J22: =SUM(E22:I22) -> 8190646.3
A23: 19 | B23: 1、医疗保险费9% | C23: 事业单位医疗 | D23: 公式计算 | E23: =ROUND(E31/0.07*0.09,2) -> 886078.29 | F23: =ROUND(F31/0.07*0.09,2) -> 599986.29 | G23: =ROUND(G31/0.07*0.09,2) -> 1250825.1 | H23: =ROUND(H31/0.07*0.09,2) -> 145013.14 | I23: =ROUND(I31/0.07*0.09,2) -> 2788544.6 | J23: =SUM(E23:I23) -> 5670447.4
A24: 20 | B24: 2、其他医疗保险费4% | C24: 事业单位医疗 | D24: 公式计算（请检查） | E24: =E25+E26 -> 393812.58 | F24: =F25+F26 -> 266660.58 | G24: =G25+G26 -> 555922.28 | H24: =H25+H26 -> 64450.28 | I24: =I25+I26 -> 1239353.1 | J24: =SUM(E24:I24) -> 2520198.9
A25: 21 | B25: (1)其他保险2%(统筹)：住院及大病补助 | C25: 事业单位医疗 | D25: 公式计算（请检查） | E25: =ROUND(E31/0.07*0.02,2) -> 196906.29 | F25: =ROUND(F31/0.07*0.02,2) -> 133330.29 | G25: =ROUND(G31/0.07*0.02,2) -> 277961.14 | H25: =ROUND(H31/0.07*0.02,2) -> 32225.14 | I25: =ROUND(I31/0.07*0.02,2) -> 619676.57 | J25: =SUM(E25:I25) -> 1260099.4
A26: 22 | B26: (2)其他保险2%(单位)：购买保险 | C26: 事业单位医疗 | D26: 公式计算（请检查） | E26: =ROUND(E31/0.07*0.02,2) -> 196906.29 | F26: =ROUND(F31/0.07*0.02,2) -> 133330.29 | G26: =ROUND(G31/0.07*0.02,2) -> 277961.14 | H26: =ROUND(H31/0.07*0.02,2) -> 32225.14 | I26: =ROUND(I31/0.07*0.02,2) -> 619676.57 | J26: =SUM(E26:I26) -> 1260099.4
A27: 23 | B27: 事业单位基本养老保险缴费 | D27: 公式计算 | E27: =E28 -> 1575250.3 | F27: =F28 -> 1066642.3 | G27: =G28 -> 2223689.1 | H27: =H28 -> 257801.14 | I27: =I28 -> 4957412.6 | J27: =SUM(E27:I27) -> 10080795
A28: 24 | B28: 1、基本养老保险16% | C28: 养老保险 | D28: 公式计算（请检查） | E28: =ROUND(E31/0.07*0.16,2) -> 1575250.3 | F28: =ROUND(F31/0.07*0.16,2) -> 1066642.3 | G28: =ROUND(G31/0.07*0.16,2) -> 2223689.1 | H28: =ROUND(H31/0.07*0.16,2) -> 257801.14 | I28: =ROUND(I31/0.07*0.16,2) -> 4957412.6 | J28: =SUM(E28:I28) -> 10080795
A29: 25 | B29: 职业年金缴纳 | D29: 公式计算 | E29: =E30 -> 787625.14 | F29: =F30 -> 533321.14 | G29: =G30 -> 1111844.6 | H29: =H30 -> 128900.57 | I29: =I30 -> 2478706.3 | J29: =SUM(E29:I29) -> 5040397.7
A30: 26 | B30: 1、职业年金8% | C30: 职业年金 | D30: 公式计算（请检查） | E30: =ROUND(E31/0.07*0.08,2) -> 787625.14 | F30: =ROUND(F31/0.07*0.08,2) -> 533321.14 | G30: =ROUND(G31/0.07*0.08,2) -> 1111844.6 | H30: =ROUND(H31/0.07*0.08,2) -> 128900.57 | I30: =ROUND(I31/0.07*0.08,2) -> 2478706.3 | J30: =SUM(E30:I30) -> 5040397.7
A31: 27 | B31: 公积金7% | C31: 公积金 | D31: 根据人事口径按实编制 | E31: 689172 | F31: 466656 | G31: 972864 | H31: 112788 | I31: 2168868 | J31: =SUM(E31:I31) -> 4410348
A32: 28 | B32: 其他工资福利 | C32: 主款项 | D32: 年初预算为0 | E32: 0 | J32: =SUM(E32:I32) -> 0
A33: 29 | B33: 对个人和家庭补助 | D33: 公式计算 | E33: =E34+E36+E38 -> 28560 | F33: =F34+F36+F38 -> 2520 | G33: =G34+G36+G38 -> 236880 | H33: =H34+H36+H38 -> 55620 | I33: =I34+I36+I38 -> 1867260 | J33: =SUM(E33:I33) -> 2190840
A34: 30 | B34: 退休费 | C34: 离退休 | D34: 根据退休人员情况按实编制 | E34: =E35 -> 26040 | F34: =F35 -> 0 | G34: =G35 -> 233280 | H34: =H35 -> 55620 | I34: =I35 -> 1865100 | J34: =SUM(E34:I34) -> 2180040
A35: 31 | B35: 1、退休人员生活补贴 | C35: 离退休 | D35: 根据退休人员情况按实编制 | E35: 26040 | G35: 233280 | H35: 55620 | I35: 1865100 | J35: =SUM(E35:I35) -> 2180040
A36: 32 | B36: 奖励金 | D36: 公式计算 | E36: =E37 -> 2520 | F36: =F37 -> 2520 | G36: =G37 -> 3600 | H36: =H37 -> 0 | I36: =I37 -> 2160 | J36: =SUM(E36:I36) -> 10800
A37: 33 | B37: 1、独生子女奖励费▲ | C37: 主款项 | D37: 根据人事口径按实编制 | E37: 2520 | F37: 2520 | G37: 3600 | I37: 2160 | J37: =SUM(E37:I37) -> 10800
A38: 34 | B38: 其他支出对个人和家庭补助 | D38: 公式计算 | E38: =E39 -> 0 | F38: =F39 -> 0 | G38: =G39 -> 0 | H38: =H39 -> 0 | I38: =I39 -> 0 | J38: =SUM(E38:I38) -> 0
A39: 35 | B39: 1、其他 | C39: 主款项 | D39: 除罗阳小学3人及七宝二中1人的退休共享费外，其他学校填0 | E39: 0 | J39: =SUM(E39:I39) -> 0
A40: 36 | B40: 商品和服务支出和其他资本性支出 | D40: 公式计算 | E40: =E41+E43+E45+E47+E49+E52+E54+E56+E60 -> 2375698.1 | F40: =F41+F43+F45+F47+F49+F52+F54+F56+F60 -> 2306222.1 | G40: =G41+G43+G45+G47+G49+G52+G54+G56+G60 -> 3094500 | H40: =H41+H43+H45+H47+H49+H52+H54+H56+H60 -> 317605.14 | I40: =I41+I43+I45+I47+I49+I52+I54+I56+I60 -> 8538426.9 | J40: =SUM(E40:I40) -> 16632452
A41: 37 | B41: (一)公用定额 | D41: 学生人数*定额 | E41: 1787500 | F41: 1716000 | G41: 2255000 | H41: 134400 | I41: 6267800 | J41: =SUM(E41:I41) -> 12160700
A42: 38 | B42: 其中：培训费 | C42: 主款项 | D42: 生均定额5% | E42: 62062 | F42: 56771 | G42: 86366 | H42: 6720 | I42: 313390 | J42: =SUM(E42:I42) -> 525309
A43: 39 | B43: (二)培训费 | E43: =E44 -> 18400 | F43: =F44 -> 12400 | G43: =G44 -> 24800 | H43: =H44 -> 2400 | I43: =I44 -> 48400 | J43: =SUM(E43:I43) -> 106400
A44: 40 | B44: 1、进修、培训 400元/年教师 | C44: 主款项 | D44: 教职工人数*400元（公式计算） | E44: =E63*400 -> 18400 | F44: =F63*400 -> 12400 | G44: =G63*400 -> 24800 | H44: =H63*400 -> 2400 | I44: =I63*400 -> 48400 | J44: =SUM(E44:I44) -> 106400
A45: 41 | B45: (三)维修(护)费 | D45: 公式计算 | E45: =E46 -> 102155.85 | F45: =F46 -> 223595.85 | G45: =G46 -> 133698.9 | H45: =H46 -> 54900 | I45: =I46 -> 424758.3 | J45: =SUM(E45:I45) -> 939108.9
A46: 42 | B46: 1、房屋维修费 15元/年平方米 | C46: 主款项 | D46: 房屋面积*15元（公式计算） | E46: =E74*15 -> 102155.85 | F46: =F74*15 -> 223595.85 | G46: =G74*15 -> 133698.9 | H46: =H74*15 -> 54900 | I46: =I74*15 -> 424758.3 | J46: =SUM(E46:I46) -> 939108.9
A47: 43 | B47: (四)物业管理费 | D47: 公式计算 | E47: =E48 -> 26976 | F47: =F48 -> 52576 | G47: =G48 -> 26120 | H47: =H48 -> 21600 | I47: =I48 -> 119152 | J47: =SUM(E47:I47) -> 246424
A48: 44 | B48: 1、绿化维护费 8元/年平方米 | C48: 主款项 | D48: 绿化面积*8元（公式计算） | E48: =E75*8 -> 26976 | F48: =F75*8 -> 52576 | G48: =G75*8 -> 26120 | H48: =H75*8 -> 21600 | I48: =I75*8 -> 119152 | J48: =SUM(E48:I48) -> 246424
A49: 45 | B49: (五)福利费 | D49: 公式计算 | E49: =E50+E51 -> 207360 | F49: =F50+F51 -> 133920 | G49: =G50+G51 -> 328320 | H49: =H50+H51 -> 38880 | I49: =I50+I51 -> 980640 | J49: =SUM(E49:I49) -> 1689120
A50: 46 | B50: 1、在职福利费 | C50: 主款项 | D50: 教职工人数*4320元（公式计算） | E50: =E63*4320 -> 198720 | F50: =F63*4320 -> 133920 | G50: =G63*4320 -> 267840 | H50: =H63*4320 -> 25920 | I50: =I63*4320 -> 522720 | J50: =SUM(E50:I50) -> 1149120
A51: 47 | B51: 2、离退休福利费 | C51: 主款项 | D51: 离退休人数*4320元（公式计算） | E51: =E73*4320 -> 8640 | F51: =F73*4320 -> 0 | G51: =G73*4320 -> 60480 | H51: =H73*4320 -> 12960 | I51: =I73*4320 -> 457920 | J51: =SUM(E51:I51) -> 540000
A52: 48 | B52: (六)工会经费 | D52: 公式计算 | E52: =E53 -> 196906.29 | F52: =F53 -> 133330.29 | G52: =G53 -> 277961.14 | H52: =H53 -> 32225.14 | I52: =I53 -> 619676.57 | J52: =SUM(E52:I52) -> 1260099.4
A53: 49 | B53: 1、工会经费2% | C53: 主款项 | D53: 公式计算（请检查） | E53: =ROUND(E31/0.07*0.02,2) -> 196906.29 | F53: =ROUND(F31/0.07*0.02,2) -> 133330.29 | G53: =ROUND(G31/0.07*0.02,2) -> 277961.14 | H53: =ROUND(H31/0.07*0.02,2) -> 32225.14 | I53: =ROUND(I31/0.07*0.02,2) -> 619676.57 | J53: =SUM(E53:I53) -> 1260099.4
A54: 50 | B54: (七)公务用车运行维护费★ | D54: 公式计算 | E54: =E55 -> 0 | F54: =F55 -> 0 | G54: =G55 -> 32000 | H54: =H55 -> 0 | I54: =I55 -> 32000 | J54: =SUM(E54:I54) -> 64000
A55: 51 | B55: 1、教育系统，校/辆 | C55: 主款项 | D55: 机关局有编制的车辆数*32000元/25000元/年（分园及分校预算在其他交通费中编制） | G55: 32000 | I55: 32000 | J55: =SUM(E55:I55) -> 64000
A56: 52 | B56: (八)其他商品和服务支出 | D56: 公式计算 | E56: =E57+E59 -> 4400 | F56: =F57+F59 -> 2400 | G56: =G57+G59 -> 6600 | H56: =H57+H59 -> 1200 | I56: =I57+I59 -> 46000 | J56: =SUM(E56:I56) -> 60600
A57: 53 | B57: 1、离退休公用支出 | C57: 主款项 | D57: 公式计算 | E57: =E58 -> 800 | F57: =F58 -> 0 | G57: =G58 -> 5600 | H57: =H58 -> 1200 | I57: =I58 -> 42400 | J57: =SUM(E57:I57) -> 50000
A58: 54 | B58: (1)活动费(活动费+活动费(托管)) | C58: 主款项 | D58: 离退休人数*400元/年（公式计算） | E58: =E73*400 -> 800 | F58: =F73*400 -> 0 | G58: =G73*400 -> 5600 | H58: =H73*400 -> 1200 | I58: =I73*400 -> 42400 | J58: =SUM(E58:I58) -> 50000
A59: 55 | B59: 2、子女幼托费 | C59: 主款项 | D59: 没有，填0 | E59: 3600 | F59: 2400 | G59: 1000 | I59: 3600 | J59: =SUM(E59:I59) -> 10600
A60: 56 | B60: (九)其他交通费用 | D60: 公式计算 | E60: =E61 -> 32000 | F60: =F61 -> 32000 | G60: =G61 -> 10000 | H60: =H61 -> 32000 | I60: =I61 -> 0 | J60: =SUM(E60:I60) -> 106000
A61: 57 | B61: 2、教育系统 | C61: 主款项 | D61: 机关局无编制车辆的学校按32000元编制预算 机关局有编制的车辆，每分校增加10000元，每个分园增加5000元编制预算 | E61: 32000 | F61: 32000 | G61: 10000 | H61: 32000 | J61: =SUM(E61:I61) -> 106000
A62: 58 | B62: 学校基本情况： | J62: =SUM(E62:I62) -> 0
A63: 59 | B63: 1、教职工(人数) | D63: 填写2025年秋季在编教职工人数 | E63: =E64+E65+E66+E67 -> 46 | F63: =F64+F65+F66+F67 -> 31 | G63: =G64+G65+G66+G67 -> 62 | H63: =H64+H65+H66+H67 -> 6 | I63: =I64+I65+I66+I67 -> 121 | J63: =SUM(E63:I63) -> 266
A64: 60 | B64: 初中 | I64: 61 | J64: =SUM(E64:I64) -> 61
A65: 61 | B65: 小学 | I65: 60 | J65: =SUM(E65:I65) -> 60
A66: 62 | B66: 幼儿园 | E66: 46 | F66: 31 | G66: 62 | J66: =SUM(E66:I66) -> 139
A67: 63 | B67: 其他 | H67: 6 | J67: =SUM(E67:I67) -> 6
A68: 64 | B68: 2、学生(人数) | D68: 填写2025年秋季学期学生人数，以招办人数为准 | E68: =E69+E70+E71+E72 -> 434 | F68: =F69+F70+F71+F72 -> 397 | G68: =G69+G70+G71+G72 -> 572 | H68: =H69+H70+H71+H72 -> 0 | I68: =I69+I70+I71+I72 -> 1756 | J68: =SUM(E68:I68) -> 3159
A69: 65 | B69: 初中 | I69: 986 | J69: =SUM(E69:I69) -> 986
A70: 66 | B70: 小学 | I70: 770 | J70: =SUM(E70:I70) -> 770
A71: 67 | B71: 幼儿园 | E71: 434 | F71: 397 | G71: 572 | J71: =SUM(E71:I71) -> 1403
A72: 68 | B72: 其他 | J72: =SUM(E72:I72) -> 0
A73: 69 | B73: 3、事业退休人员人数 | E73: 2 | G73: 14 | H73: 3 | I73: 106 | J73: =SUM(E73:I73) -> 125
A74: 70 | B74: 4、教育单位房屋（面积） | E74: 6810.39 | F74: 14906.39 | G74: 8913.26 | H74: 3660 | I74: 28317.22 | J74: =SUM(E74:I74) -> 62607.26
A75: 71 | B75: 5、教育单位绿化（面积） | E75: 3372 | F75: 6572 | G75: 3265 | H75: 2700 | I75: 14894 | J75: =SUM(E75:I75) -> 30803

Sheet 吴泾镇
A1: 2026年基本支出预算表
A2: 序号 | B2: 项目名称 | C2: 功能分类 | D2: 口径 | E2: 上海市闵行区景东小学 | F2: 上海交通大学附属闵行吴泾幼儿园 | G2: 华东师范大学附属闵行永德幼儿园 | H2: 上海市闵行区吴泾镇社区学校 | I2: 合计 | J2: 备注
E3: 小学 | F3: 幼儿园 | G3: 幼儿园 | H3: 成人
A4: 1 | B4: 基本支出总预算数 | D4: 公式计算 | E4: =E5+E32+E39 -> 30579544 | F4: =F5+F32+F39 -> 17662321 | G4: =G5+G32+G39 -> 747394.02 | H4: =H5+H32+H39 -> 1232194 | I4: =SUM(E4:H4) -> 50221453
A5: 2 | B5: 工资福利支出 | D5: 公式计算 | E5: =E6+E9+E13+E16+E21+E26+E28+E30+E31 -> 24125936 | F5: =F6+F9+F13+F16+F21+F26+F28+F30+F31 -> 15059549 | G5: =G6+G9+G13+G16+G21+G26+G28+G30+G31 -> 345088.02 | H5: =H6+H9+H13+H16+H21+H26+H28+H30+H31 -> 1044978 | I5: =SUM(E5:H5) -> 40575551
A6: 3 | B6: 基本工资 | D6: 公式计算 | E6: =E7+E8 -> 3849756 | F6: =F7+F8 -> 2460000 | G6: =G7+G8 -> 0 | H6: =H7+H8 -> 149868 | I6: =SUM(E6:H6) -> 6459624
A7: 4 | B7: 1、岗位工资 | C7: 主款项 | D7: 根据人事口径按实编制 | E7: 2022288 | F7: 1360000 | H7: 63624 | I7: =SUM(E7:H7) -> 3445912
A8: 5 | B8: 2、薪级工资 | C8: 主款项 | D8: 根据人事口径按实编制 | E8: 1827468 | F8: 1100000 | H8: 86244 | I8: =SUM(E8:H8) -> 3013712
A9: 6 | B9: 津贴补贴 | D9: 公式计算 | E9: =E10+E11 -> 343272 | F9: =F10+F11 -> 241416 | G9: =G10+G11 -> 0 | H9: =H10+H11 -> 10800 | I9: =SUM(E9:H9) -> 595488
A10: 7 | B10: 1、各类津贴★▲ | C10: 主款项 | D10: 根据人事口径按实编制 | E10: 5352 | F10: 3816 | H10: 240 | I10: =SUM(E10:H10) -> 9408
A11: 8 | B11: 2、各类补贴 | D11: 公式计算 | E11: =E12 -> 337920 | F11: =F12 -> 237600 | G11: =G12 -> 0 | H11: =H12 -> 10560 | I11: =SUM(E11:H11) -> 586080
A12: 9 | B12: (1)上下班交通费补贴 | C12: 主款项 | D12: 公式计算 | E12: =440*12*E62 -> 337920 | F12: =440*12*F62 -> 237600 | H12: =440*12*H62 -> 10560 | I12: =SUM(E12:H12) -> 586080
A13: 10 | B13: 其他社会保障缴费 | D13: 注：社保缴费基数应该相同 | E13: =E14+E15 -> 165481.72 | F13: =F14+F15 -> 101953.72 | G13: =G14+G15 -> 8367.08 | H13: =H14+H15 -> 7118 | I13: =SUM(E13:H13) -> 282920.52
A14: 11 | B14: 1、工伤保险费0.5(0.2%-1.9%) | C14: 主款项 | D14: 公式计算（请检查） | E14: =ROUND(E30/0.07*0.005,2) -> 82740.86 | F14: =ROUND(F30/0.07*0.005,2) -> 50976.86 | G14: 3265.15 | H14: =ROUND(H30/0.07*0.005,2) -> 3559 | I14: =SUM(E14:H14) -> 140541.87
A15: 12 | B15: 2、失业保险0.5% | C15: 主款项 | D15: 公式计算（请检查） | E15: =ROUND(E30/0.07*0.005,2) -> 82740.86 | F15: =ROUND(F30/0.07*0.005,2) -> 50976.86 | G15: 5101.93 | H15: =ROUND(H30/0.07*0.005,2) -> 3559 | I15: =SUM(E15:H15) -> 142378.65
A16: 13 | B16: 绩效工资 | D16: 公式计算 | E16: =E17+E18+E19+E20 -> 12486231 | F16: =F17+F18+F19+F20 -> 7770216 | G16: =G17+G18+G19+G20 -> 0 | H16: =H17+H18+H19+H20 -> 564000 | I16: =SUM(E16:H16) -> 20820447
A17: 14 | B17: 1、绩效工资 | C17: 主款项 | D17: 根据人保科数字编制 | E17: 11088000 | F17: 7216000 | H17: 552000 | I17: =SUM(E17:H17) -> 18856000
A18: 15 | B18: 2、校长职级制 | C18: 主款项 | D18: 根据校长职级制按实编制 | E18: 374231 | F18: 284216 | I18: =SUM(E18:H18) -> 658447
A19: 16 | B19: 3、工作餐补贴 | C19: 主款项 | D19: 公式计算 | E19: =E62*500*12 -> 384000 | F19: =F62*500*12 -> 270000 | H19: =H62*500*12 -> 12000 | I19: =SUM(E19:H19) -> 666000
A20: 17 | B20: 4、课后服务(在编人员） | C20: 主款项 | D20: 根据人事口径按实编制 | E20: =E64*10000 -> 640000 | I20: =SUM(E20:H20) -> 640000
A21: 18 | B21: 城镇职工基本医疗保险缴费 | D21: 公式计算 | E21: =E22+E23 -> 2151262.3 | F21: =F22+F23 -> 1325398.3 | G21: =G22+G23 -> 91833.13 | H21: =H22+H23 -> 92534 | I21: =SUM(E21:H21) -> 3661027.7
A22: 19 | B22: 1、医疗保险费9% | C22: 事业单位医疗 | D22: 公式计算 | E22: =ROUND(E30/0.07*0.09,2) -> 1489335.4 | F22: =ROUND(F30/0.07*0.09,2) -> 917583.43 | G22: 91833.13 | H22: =ROUND(H30/0.07*0.09,2) -> 64062 | I22: =SUM(E22:H22) -> 2562814
A23: 20 | B23: 2、其他医疗保险费4% | C23: 事业单位医疗 | D23: 公式计算（请检查） | E23: =E24+E25 -> 661926.86 | F23: =F24+F25 -> 407814.86 | G23: =G24+G25 -> 0 | H23: =H24+H25 -> 28472 | I23: =SUM(E23:H23) -> 1098213.7
A24: 21 | B24: (1)其他保险2%(统筹)：住院及大病补助 | C24: 事业单位医疗 | D24: 公式计算（请检查） | E24: =ROUND(E30/0.07*0.02,2) -> 330963.43 | F24: =ROUND(F30/0.07*0.02,2) -> 203907.43 | H24: =ROUND(H30/0.07*0.02,2) -> 14236 | I24: =SUM(E24:H24) -> 549106.86
A25: 22 | B25: (2)其他保险2%(单位)：购买保险 | C25: 事业单位医疗 | D25: 公式计算（请检查） | E25: =ROUND(E30/0.07*0.02,2) -> 330963.43 | F25: =ROUND(F30/0.07*0.02,2) -> 203907.43 | H25: =ROUND(H30/0.07*0.02,2) -> 14236 | I25: =SUM(E25:H25) -> 549106.86
A26: 23 | B26: 事业单位基本养老保险缴费 | D26: 公式计算 | E26: =E27 -> 2647707.4 | F26: =F27 -> 1631259.4 | G26: =G27 -> 163258.54 | H26: =H27 -> 113888 | I26: =SUM(E26:H26) -> 4556113.4
A27: 24 | B27: 1、基本养老保险16% | C27: 养老保险 | D27: 公式计算（请检查） | E27: =ROUND(E30/0.07*0.16,2) -> 2647707.4 | F27: =ROUND(F30/0.07*0.16,2) -> 1631259.4 | G27: 163258.54 | H27: =ROUND(H30/0.07*0.16,2) -> 113888 | I27: =SUM(E27:H27) -> 4556113.4
A28: 25 | B28: 职业年金缴纳 | D28: 公式计算 | E28: =E29 -> 1323853.7 | F28: =F29 -> 815629.71 | G28: =G29 -> 81629.27 | H28: =H29 -> 56944 | I28: =SUM(E28:H28) -> 2278056.7
A29: 26 | B29: 1、职业年金8% | C29: 职业年金 | D29: 公式计算（请检查） | E29: =ROUND(E30/0.07*0.08,2) -> 1323853.7 | F29: =ROUND(F30/0.07*0.08,2) -> 815629.71 | G29: 81629.27 | H29: =ROUND(H30/0.07*0.08,2) -> 56944 | I29: =SUM(E29:H29) -> 2278056.7
A30: 27 | B30: 公积金7% | C30: 公积金 | D30: 根据人事口径按实编制 | E30: 1158372 | F30: 713676 | H30: 49826 | I30: =SUM(E30:H30) -> 1921874
A31: 28 | B31: 其他工资福利 | C31: 主款项 | D31: 年初预算为0 | I31: =SUM(E31:H31) -> 0
A32: 29 | B32: 对个人和家庭补助 | D32: 公式计算 | E32: =E33+E35+E37 -> 1386780 | F32: =F33+F35+F37 -> 201900 | G32: =G33+G35+G37 -> 0 | H32: =H33+H35+H37 -> 13020 | I32: =SUM(E32:H32) -> 1601700
A33: 30 | B33: 退休费 | C33: 离退休 | D33: 根据退休人员情况按实编制 | E33: =E34 -> 1382460 | F33: =F34 -> 198300 | G33: =G34 -> 0 | H33: =H34 -> 13020 | I33: =SUM(E33:H33) -> 1593780
A34: 31 | B34: 1、退休人员生活补贴 | C34: 离退休 | D34: 根据退休人员情况按实编制 | E34: 1382460 | F34: 198300 | H34: 13020 | I34: =SUM(E34:H34) -> 1593780
A35: 32 | B35: 奖励金 | D35: 公式计算 | E35: =E36 -> 4320 | F35: =F36 -> 3600 | G35: =G36 -> 0 | H35: =H36 -> 0 | I35: =SUM(E35:H35) -> 7920
A36: 33 | B36: 1、独生子女奖励费▲ | C36: 主款项 | D36: 根据人事口径按实编制 | E36: 4320 | F36: 3600 | I36: =SUM(E36:H36) -> 7920
A37: 34 | B37: 其他支出对个人和家庭补助 | D37: 公式计算 | E37: =E38 -> 0 | F37: =F38 -> 0 | G37: =G38 -> 0 | H37: =H38 -> 0 | I37: =SUM(E37:H37) -> 0
A38: 35 | B38: 1、其他 | C38: 主款项 | D38: 除罗阳小学3人及七宝二中1人的退休共享费外，其他学校填0 | I38: =SUM(E38:H38) -> 0
A39: 36 | B39: 商品和服务支出和其他资本性支出 | D39: 公式计算 | E39: =E40+E42+E44+E46+E48+E51+E53+E55+E59 -> 5066827.9 | F39: =F40+F42+F44+F46+F48+F51+F53+F55+F59 -> 2400871.9 | G39: =G40+G42+G44+G46+G48+G51+G53+G55+G59 -> 402306 | H39: =H40+H42+H44+H46+H48+H51+H53+H55+H59 -> 174196 | I39: =SUM(E39:H39) -> 8044201.9
A40: 37 | B40: (一)公用定额 | D40: 学生人数*定额 | E40: =E67*3210 -> 3835950 | F40: 1753160 | G40: 402306 | H40: 44800 | I40: =SUM(E40:H40) -> 6036216
A41: 38 | B41: 其中：培训费 | C41: 主款项 | D41: 生均定额5% | E41: =E40*0.05 -> 191797.5 | F41: 77362 | H41: 2240 | I41: =SUM(E41:H41) -> 271399.5
A42: 39 | B42: (二)培训费 | E42: =E43 -> 25600 | F42: =F43 -> 18000 | G42: =G43 -> 0 | H42: =H43 -> 800 | I42: =SUM(E42:H42) -> 44400
A43: 40 | B43: 1、进修、培训 400元/年教师 | C43: 主款项 | D43: 教职工人数*400元（公式计算） | E43: =E62*400 -> 25600 | F43: =F62*400 -> 18000 | H43: =H62*400 -> 800 | I43: =SUM(E43:H43) -> 44400
A44: 41 | B44: (三)维修(护)费 | D44: 公式计算 | E44: =E45 -> 172906.5 | F44: =F45 -> 109564.5 | G44: =G45 -> 0 | H44: =H45 -> 45000 | I44: =SUM(E44:H44) -> 327471
A45: 42 | B45: 1、房屋维修费 15元/年平方米 | C45: 主款项 | D45: 房屋面积*15元（公式计算） | E45: =E73*15 -> 172906.5 | F45: =F73*15 -> 109564.5 | H45: =H73*15 -> 45000 | I45: =SUM(E45:H45) -> 327471
A46: 43 | B46: (四)物业管理费 | D46: 公式计算 | E46: =E47 -> 46368 | F46: =F47 -> 30800 | G46: =G47 -> 0 | H46: =H47 -> 24000 | I46: =SUM(E46:H46) -> 101168
A47: 44 | B47: 1、绿化维护费 8元/年平方米 | C47: 主款项 | D47: 绿化面积*8元（公式计算） | E47: =E74*8 -> 46368 | F47: =F74*8 -> 30800 | H47: =H74*8 -> 24000 | I47: =SUM(E47:H47) -> 101168
A48: 45 | B48: (五)福利费 | D48: 公式计算 | E48: =E49+E50 -> 591840 | F48: =F49+F50 -> 246240 | G48: =G49+G50 -> 0 | H48: =H49+H50 -> 12960 | I48: =SUM(E48:H48) -> 851040
A49: 46 | B49: 1、在职福利费 | C49: 主款项 | D49: 教职工人数*4320元（公式计算） | E49: =E62*4320 -> 276480 | F49: =F62*4320 -> 194400 | H49: =H62*4320 -> 8640 | I49: =SUM(E49:H49) -> 479520
A50: 47 | B50: 2、离退休福利费 | C50: 主款项 | D50: 离退休人数*4320元（公式计算） | E50: =E72*4320 -> 315360 | F50: =F72*4320 -> 51840 | H50: =H72*4320 -> 4320 | I50: =SUM(E50:H50) -> 371520
A51: 48 | B51: (六)工会经费 | D51: 公式计算 | E51: =E52 -> 330963.43 | F51: =F52 -> 203907.43 | G51: =G52 -> 0 | H51: =H52 -> 14236 | I51: =SUM(E51:H51) -> 549106.86
A52: 49 | B52: 1、工会经费2% | C52: 主款项 | D52: 公式计算（请检查） | E52: =ROUND(E30/0.07*0.02,2) -> 330963.43 | F52: =ROUND(F30/0.07*0.02,2) -> 203907.43 | G52: =ROUND(G30/0.07*0.02,2) -> 0 | H52: =ROUND(H30/0.07*0.02,2) -> 14236 | I52: =SUM(E52:H52) -> 549106.86
A53: 50 | B53: (七)公务用车运行维护费★ | D53: 公式计算 | E53: =E54 -> 32000 | F53: =F54 -> 0 | G53: =G54 -> 0 | H53: =H54 -> 0 | I53: =SUM(E53:H53) -> 32000
A54: 51 | B54: 1、教育系统，校/辆 | C54: 主款项 | D54: 机关局有编制的车辆数*32000元/25000元/年（分园及分校预算在其他交通费中编制） | E54: 32000 | I54: =SUM(E54:H54) -> 32000
A55: 52 | B55: (八)其他商品和服务支出 | D55: 公式计算 | E55: =E56+E58 -> 31200 | F55: =F56+F58 -> 7200 | G55: =G56+G58 -> 0 | H55: =H56+H58 -> 400 | I55: =SUM(E55:H55) -> 38800
A56: 53 | B56: 1、离退休公用支出 | C56: 主款项 | D56: 公式计算 | E56: =E57 -> 29200 | F56: =F57 -> 4800 | G56: =G57 -> 0 | H56: =H57 -> 400 | I56: =SUM(E56:H56) -> 34400
A57: 54 | B57: (1)活动费(活动费+活动费(托管)) | C57: 主款项 | D57: 离退休人数*400元/年（公式计算） | E57: =E72*400 -> 29200 | F57: =F72*400 -> 4800 | H57: =H72*400 -> 400 | I57: =SUM(E57:H57) -> 34400
A58: 55 | B58: 2、子女幼托费 | C58: 主款项 | D58: 没有，填0 | E58: 2000 | F58: 2400 | I58: =SUM(E58:H58) -> 4400
A59: 56 | B59: (九)其他交通费用 | D59: 公式计算 | E59: =E60 -> 0 | F59: =F60 -> 32000 | G59: =G60 -> 0 | H59: =H60 -> 32000 | I59: =SUM(E59:H59) -> 64000
A60: 57 | B60: 2、教育系统 | C60: 主款项 | D60: 机关局无编制车辆的学校按32000元编制预算 机关局有编制的车辆，每分校增加10000元，每个分园增加5000元编制预算 | F60: 32000 | H60: 32000 | I60: =SUM(E60:H60) -> 64000
A61: 58 | B61: 学校基本情况： | I61: =SUM(E61:H61) -> 0
A62: 59 | B62: 1、教职工(人数) | D62: 填写2025年秋季在编教职工人数 | E62: =E63+E64+E65+E66 -> 64 | F62: =F63+F64+F65+F66 -> 45 | G62: =G63+G64+G65+G66 -> 0 | H62: =H63+H64+H65+H66 -> 2 | I62: =SUM(E62:H62) -> 111
A63: 60 | B63: 初中 | I63: =SUM(E63:H63) -> 0
A64: 61 | B64: 小学 | E64: 64 | I64: =SUM(E64:H64) -> 64
A65: 62 | B65: 幼儿园 | F65: 45 | I65: =SUM(E65:H65) -> 45
A66: 63 | B66: 其他 | H66: 2 | I66: =SUM(E66:H66) -> 2
A67: 64 | B67: 2、学生(人数) | D67: 填写2025年秋季学期学生人数，以招办人数为准 | E67: =E68+E69+E70+E71 -> 1195 | F67: =F68+F69+F70+F71 -> 514 | G67: =G68+G69+G70+G71 -> 0 | H67: =H68+H69+H70+H71 -> 0 | I67: =SUM(E67:H67) -> 1709
A68: 65 | B68: 初中 | I68: =SUM(E68:H68) -> 0
A69: 66 | B69: 小学 | E69: 1195 | I69: =SUM(E69:H69) -> 1195
A70: 67 | B70: 幼儿园 | F70: 514 | I70: =SUM(E70:H70) -> 514
A71: 68 | B71: 其他 | I71: =SUM(E71:H71) -> 0
A72: 69 | B72: 3、事业退休人员人数 | E72: 73 | F72: 12 | H72: 1 | I72: =SUM(E72:H72) -> 86
A73: 70 | B73: 4、教育单位房屋（面积） | E73: =6698.1+4829 -> 11527.1 | F73: 7304.3 | H73: 3000 | I73: =SUM(E73:H73) -> 21831.4
A74: 71 | B74: 5、教育单位绿化（面积） | E74: =5066+730 -> 5796 | F74: 3850 | H74: 3000 | I74: =SUM(E74:H74) -> 12646

Sheet 七宝镇
A1: 2026年基本支出预算表
A2: 序号 | B2: 项目名称 | C2: 功能分类 | D2: 口径 | E2: 七宝二中 | F2: 七宝实验中学 | G2: 航华中学 | H2: 七宝三中 | I2: 明强小学 | J2: 黎明小学 | K2: 七宝实小 | L2: 航华二小 | M2: 明强二小 | N2: 星辰 | O2: 春欣 | P2: 七实幼 | Q2: 航华二幼 | R2: 七宝社区 | S2: 皇都 | T2: 文来 | U2: 明强幼 | V2: 七宝幼 | W2: 宝盛 | X2: 合计 | Y2: 备注
E3: 初中 | F3: 初中 | G3: 初中 | H3: 初中 | I3: 小学 | J3: 小学 | K3: 小学 | L3: 小学 | M3: 小学 | N3: 幼儿园 | O3: 幼儿园 | P3: 幼儿园 | Q3: 幼儿园 | R3: 成人 | S3: 幼儿园 | T3: 一贯制 | U3: 幼儿园 | V3: 幼儿园 | W3: 幼儿园
A4: 1 | B4: 基本支出总预算数 | D4: 公式计算 | E4: =E5+E32+E39 -> 1.221013e+08 | F4: =F5+F32+F39 -> 44345494 | G4: =G5+G32+G39 -> 37440106 | H4: =H5+H32+H39 -> 49892217 | I4: =I5+I32+I39 -> 1.5025829e+08 | J4: =J5+J32+J39 -> 24627260 | K4: =K5+K32+K39 -> 57540085 | L4: =L5+L32+L39 -> 23220013 | ... W4: =W5+W32+W39 -> 8868806.9 | X4: =SUM(E4:W4) -> 7.745895e+08
A5: 2 | B5: 工资福利支出 | D5: 公式计算 | E5: =E6+E9+E13+E16+E21+E26+E28+E30+E31 -> 1.0078189e+08 | F5: =F6+F9+F13+F16+F21+F26+F28+F30+F31 -> 36145363 | G5: =G6+G9+G13+G16+G21+G26+G28+G30+G31 -> 30316948 | H5: =H6+H9+H13+H16+H21+H26+H28+H30+H31 -> 41486424 | I5: =I6+I9+I13+I16+I21+I26+I28+I30+I31 -> 125736116 | J5: =J6+J9+J13+J16+J21+J26+J28+J30+J31 -> 20545949 | K5: =K6+K9+K13+K16+K21+K26+K28+K30+K31 -> 47946922 | L5: =L6+L9+L13+L16+L21+L26+L28+L30+L31 -> 19459019 | ... W5: =W6+W9+W13+W16+W21+W26+W28+W30+W31 -> 7057592 | X5: =SUM(E5:W5) -> 6.4694531e+08
A6: 3 | B6: 基本工资 | D6: 公式计算 | E6: =E7+E8 -> 14812560 | F6: =F7+F8 -> 5237304 | G6: =G7+G8 -> 4563828 | H6: =H7+H8 -> 5675934.2 | I6: =I7+I8 -> 18889764 | J6: =J7+J8 -> 3241044 | K6: =K7+K8 -> 6530264.4 | L6: =L7+L8 -> 3106428 | ... W6: =W7+W8 -> 1105920 | X6: =SUM(E6:W6) -> 96142152
A7: 4 | B7: 1、岗位工资 | C7: 主款项 | D7: 根据人事口径按实编制 | E7: 8150508 | F7: =256075*12 -> 3072900 | G7: 2444388 | H7: =302880*12 -> 3634560 | I7: =888555*12 -> 10662660 | J7: 1661112 | K7: =319972.7*12 -> 3839672.4 | L7: =131269*12 -> 1575228 | M7: =313331*12 -> 3759972 | N7: =97000*12 -> 1164000 | O7: =118641*12 -> 1423692 | P7: =72535*12 -> 870420 | Q7: 1229028 | R7: 208308 | S7: =115933*12 -> 1391196 | T7: =344495.8*12 -> 4133949.6 | U7: =49368.2*12 -> 592418.4 | V7: =350383*12 -> 4204596 | W7: 657084 | X7: =SUM(E7:W7) -> 54675692
A8: 5 | B8: 2、薪级工资 | C8: 主款项 | D8: 根据人事口径按实编制 | E8: 6662052 | F8: =180367*12 -> 2164404 | G8: 2119440 | H8: =170114.52*12 -> 2041374.2 | I8: =685592*12 -> 8227104 | J8: 1579932 | K8: =224216*12 -> 2690592 | L8: =127600*12 -> 1531200 | M8: =218112*12 -> 2617344 | N8: =92000*12 -> 1104000 | O8: =77033*12 -> 924396 | P8: =51591*12 -> 619092 | Q8: 1070496 | R8: 213612 | S8: =86298*12 -> 1035576 | T8: =190660.4*12 -> 2287924.8 | U8: =34715.4*12 -> 416584.8 | V8: =309375*12 -> 3712500 | W8: 448836 | X8: =SUM(E8:W8) -> 41466460
A9: 6 | B9: 津贴补贴 | D9: 公式计算 | E9: =E10+E11 -> 1417548 | F9: =F10+F11 -> 518496 | G9: =G10+G11 -> 428496 | H9: =H10+H11 -> 607344 | I9: =I10+I11 -> 1855248 | J9: =J10+J11 -> 300516 | K9: =K10+K11 -> 703668 | L9: =L10+L11 -> 289656 | ... W9: =W10+W11 -> 117672 | X9: =SUM(E9:W9) -> 9650532
A10: 7 | B10: 1、各类津贴★▲ | C10: 主款项 | D10: 根据人事口径按实编制 | E10: 18348 | F10: =528*12 -> 6336 | G10: 6096 | H10: =452*12 -> 5424 | I10: =1924*12 -> 23088 | J10: 4836 | K10: =559*12 -> 6708 | L10: =378*12 -> 4536 | M10: =640*12 -> 7680 | N10: =298*12 -> 3576 | O10: =272*12 -> 3264 | P10: 2088 | Q10: 3540 | R10: 564 | S10: =268*12 -> 3216 | T10: =406*12 -> 4872 | U10: =104*12 -> 1248 | V10: =1100*12 -> 13200 | W10: 1512 | X10: =SUM(E10:W10) -> 120132
A11: 8 | B11: 2、各类补贴 | D11: 公式计算 | E11: =E12 -> 1399200 | F11: =F12 -> 512160 | G11: =G12 -> 422400 | H11: =H12 -> 601920 | I11: =I12 -> 1832160 | J11: =J12 -> 295680 | K11: =K12 -> 696960 | L11: =L12 -> 285120 | ... W11: =W12 -> 116160 | X11: =SUM(E11:W11) -> 9530400
A12: 9 | B12: (1)上下班交通费补贴 | C12: 主款项 | D12: 公式计算 | E12: =440*12*E62 -> 1399200 | F12: =440*12*F62 -> 512160 | G12: =440*12*G62 -> 422400 | H12: =440*12*H62 -> 601920 | I12: =440*12*I62 -> 1832160 | J12: =440*12*J62 -> 295680 | K12: =440*12*K62 -> 696960 | L12: =440*12*L62 -> 285120 | ... W12: =440*12*W62 -> 116160 | X12: =SUM(E12:W12) -> 9530400
A13: 10 | B13: 其他社会保障缴费 | D13: 注：社保缴费基数应该相同 | E13: =E14+E15 -> 691652.58 | F13: =F14+F15 -> 240341.14 | G13: =G14+G15 -> 203736 | H13: =H14+H15 -> 270296.58 | I13: =I14+I15 -> 848760 | J13: =J14+J15 -> 137497.72 | K13: =K14+K15 -> 336193.72 | L13: =L14+L15 -> 129610.28 | ... W13: =W14+W15 -> 48000 | X13: =SUM(E13:W13) -> 4370161.8
A14: 11 | B14: 1、工伤保险费0.5(0.2%-1.9%) | C14: 主款项 | D14: 公式计算（请检查） | E14: =ROUND(E30/0.07*0.005,2) -> 345826.29 | F14: =ROUND(F30/0.07*0.005,2) -> 120170.57 | G14: =ROUND(G30/0.07*0.005,2) -> 101868 | H14: =ROUND(H30/0.07*0.005,2) -> 135148.29 | I14: =ROUND(I30/0.07*0.005,2) -> 424380 | J14: =ROUND(J30/0.07*0.005,2) -> 68748.86 | K14: =ROUND(K30/0.07*0.005,2) -> 168096.86 | L14: =ROUND(L30/0.07*0.005,2) -> 64805.14 | ... W14: =ROUND(W30/0.07*0.005,2) -> 24000 | X14: =SUM(E14:W14) -> 2185080.9
A15: 12 | B15: 2、失业保险0.5% | C15: 主款项 | D15: 公式计算（请检查） | E15: =ROUND(E30/0.07*0.005,2) -> 345826.29 | F15: =ROUND(F30/0.07*0.005,2) -> 120170.57 | G15: =ROUND(G30/0.07*0.005,2) -> 101868 | H15: =ROUND(H30/0.07*0.005,2) -> 135148.29 | I15: =ROUND(I30/0.07*0.005,2) -> 424380 | J15: =ROUND(J30/0.07*0.005,2) -> 68748.86 | K15: =ROUND(K30/0.07*0.005,2) -> 168096.86 | L15: =ROUND(L30/0.07*0.005,2) -> 64805.14 | ... W15: =ROUND(W30/0.07*0.005,2) -> 24000 | X15: =SUM(E15:W15) -> 2185080.9
A16: 13 | B16: 绩效工资 | D16: 公式计算 | E16: =E17+E18+E19+E20 -> 53427416 | F16: =F17+F18+F19+F20 -> 19574212 | G16: =G17+G18+G19+G20 -> 16156504 | H16: =H17+H18+H19+H20 -> 23039800 | I16: =I17+I18+I19+I20 -> 66796904 | J16: =J17+J18+J19+J20 -> 10816992 | K16: =K17+K18+K19+K20 -> 25584272 | L16: =L17+L18+L19+L20 -> 10230472 | ... W16: =W17+W18+W19+W20 -> 3674000 | X16: =SUM(E16:W16) -> 344495352
A17: 14 | B17: 1、绩效工资 | C17: 主款项 | D17: 根据人保科数字编制 | E17: 48544000 | F17: 17760000 | G17: 14374500 | H17: 20905000 | I17: 60508800 | J17: 9680000 | K17: 22827200 | L17: 9116800 | M17: 21771200 | N17: 6230700 | O17: 7567000 | P17: 4508000 | Q17: 6601000 | R17: 1374000 | S17: 7084000 | T17: 24388000 | U17: 3171700 | V17: 23402800 | W17: 3542000 | X17: =SUM(E17:W17) -> 313356700
A18: 15 | B18: 2、校长职级制 | C18: 主款项 | D18: 根据校长职级制按实编制 | E18: 643416 | F18: 262212 | G18: 502004 | H18: =(3160+17740)*12+60000 -> 310800 | I18: 736104 | J18: 240992 | K18: 645072 | L18: =(3460+12346)*12+60000 -> 249672 | M18: =(3520+15199)*12+60000 -> 284628 | N18: =(3075+12362)*12+50000 -> 235244 | O18: 249024 | P18: 250356 | Q18: 245904 | S18: =(3725+15538)*12+10000+21000 -> 262156 | T18: =(3110+15115)*12+(3680+14935)*12+120000 -> 562080 | U18: =(3005+11238)*12+60000 -> 230916 | V18: =(3675+19081)*12+10000+45000 -> 328072 | X18: =SUM(E18:W18) -> 6238652
A19: 16 | B19: 3、工作餐补贴 | C19: 主款项 | D19: 公式计算 | E19: =E62*500*12 -> 1590000 | F19: =F62*500*12 -> 582000 | G19: =G62*500*12 -> 480000 | H19: =H62*500*12 -> 684000 | I19: =I62*500*12 -> 2082000 | J19: =J62*500*12 -> 336000 | K19: =K62*500*12 -> 792000 | L19: =L62*500*12 -> 324000 | ... W19: =W62*500*12 -> 132000 | X19: =SUM(E19:W19) -> 10830000
A20: 17 | B20: 4、课后服务(在编人员） | C20: 主款项 | D20: 根据人事口径按实编制 | E20: =E62*10000 -> 2650000 | F20: =F62*10000 -> 970000 | G20: =G62*10000 -> 800000 | H20: =H62*10000 -> 1140000 | I20: =I62*10000 -> 3470000 | J20: =J62*10000 -> 560000 | K20: =K62*10000 -> 1320000 | L20: =L62*10000 -> 540000 | M20: =M62*10000 -> 1250000 | T20: =T62*10000 -> 1370000 | X20: =SUM(E20:W20) -> 14070000
A21: 18 | B21: 城镇职工基本医疗保险缴费 | D21: 公式计算 | E21: =E22+E23 -> 8991483.4 | F21: =F22+F23 -> 3124434.9 | G21: =G22+G23 -> 2648568 | H21: =H22+H23 -> 3513855.4 | I21: =I22+I23 -> 11033880 | J21: =J22+J23 -> 1787470.3 | K21: =K22+K23 -> 4370518.3 | L21: =L22+L23 -> 1684933.7 | ... W21: =W22+W23 -> 624000 | X21: =SUM(E21:W21) -> 56812102
A22: 19 | B22: 1、医疗保险费9% | C22: 事业单位医疗 | D22: 公式计算 | E22: =ROUND(E30/0.07*0.09,2) -> 6224873.1 | F22: =ROUND(F30/0.07*0.09,2) -> 2163070.3 | G22: =ROUND(G30/0.07*0.09,2) -> 1833624 | H22: =ROUND(H30/0.07*0.09,2) -> 2432669.1 | I22: =ROUND(I30/0.07*0.09,2) -> 7638840 | J22: =ROUND(J30/0.07*0.09,2) -> 1237479.4 | K22: =ROUND(K30/0.07*0.09,2) -> 3025743.4 | L22: =ROUND(L30/0.07*0.09,2) -> 1166492.6 | ... W22: =ROUND(W30/0.07*0.09,2) -> 432000 | X22: =SUM(E22:W22) -> 39331455
A23: 20 | B23: 2、其他医疗保险费4% | C23: 事业单位医疗 | D23: 公式计算（请检查） | E23: =E24+E25 -> 2766610.3 | F23: =F24+F25 -> 961364.58 | G23: =G24+G25 -> 814944 | H23: =H24+H25 -> 1081186.3 | I23: =I24+I25 -> 3395040 | J23: =J24+J25 -> 549990.86 | K23: =K24+K25 -> 1344774.9 | L23: =L24+L25 -> 518441.14 | ... W23: =W24+W25 -> 192000 | X23: =SUM(E23:W23) -> 17480647
A24: 21 | B24: (1)其他保险2%(统筹)：住院及大病补助 | C24: 事业单位医疗 | D24: 公式计算（请检查） | E24: =ROUND(E30/0.07*0.02,2) -> 1383305.1 | F24: =ROUND(F30/0.07*0.02,2) -> 480682.29 | G24: =ROUND(G30/0.07*0.02,2) -> 407472 | H24: =ROUND(H30/0.07*0.02,2) -> 540593.14 | I24: =ROUND(I30/0.07*0.02,2) -> 1697520 | J24: =ROUND(J30/0.07*0.02,2) -> 274995.43 | K24: =ROUND(K30/0.07*0.02,2) -> 672387.43 | L24: =ROUND(L30/0.07*0.02,2) -> 259220.57 | ... W24: =ROUND(W30/0.07*0.02,2) -> 96000 | X24: =SUM(E24:W24) -> 8740323.4
A25: 22 | B25: (2)其他保险2%(单位)：购买保险 | C25: 事业单位医疗 | D25: 公式计算（请检查） | E25: =ROUND(E30/0.07*0.02,2) -> 1383305.1 | F25: =ROUND(F30/0.07*0.02,2) -> 480682.29 | G25: =ROUND(G30/0.07*0.02,2) -> 407472 | H25: =ROUND(H30/0.07*0.02,2) -> 540593.14 | I25: =ROUND(I30/0.07*0.02,2) -> 1697520 | J25: =ROUND(J30/0.07*0.02,2) -> 274995.43 | K25: =ROUND(K30/0.07*0.02,2) -> 672387.43 | L25: =ROUND(L30/0.07*0.02,2) -> 259220.57 | ... W25: =ROUND(W30/0.07*0.02,2) -> 96000 | X25: =SUM(E25:W25) -> 8740323.4
A26: 23 | B26: 事业单位基本养老保险缴费 | D26: 公式计算 | E26: =E27 -> 11066441 | F26: =F27 -> 3845458.3 | G26: =G27 -> 3259776 | H26: =H27 -> 4324745.1 | I26: =I27 -> 13580160 | J26: =J27 -> 2199963.4 | K26: =K27 -> 5379099.4 | L26: =L27 -> 2073764.6 | ... W26: =W27 -> 768000 | X26: =SUM(E26:W26) -> 69922587
A27: 24 | B27: 1、基本养老保险16% | C27: 养老保险 | D27: 公式计算（请检查） | E27: =ROUND(E30/0.07*0.16,2) -> 11066441 | F27: =ROUND(F30/0.07*0.16,2) -> 3845458.3 | G27: =ROUND(G30/0.07*0.16,2) -> 3259776 | H27: =ROUND(H30/0.07*0.16,2) -> 4324745.1 | I27: =ROUND(I30/0.07*0.16,2) -> 13580160 | J27: =ROUND(J30/0.07*0.16,2) -> 2199963.4 | K27: =ROUND(K30/0.07*0.16,2) -> 5379099.4 | L27: =ROUND(L30/0.07*0.16,2) -> 2073764.6 | ... W27: =ROUND(W30/0.07*0.16,2) -> 768000 | X27: =SUM(E27:W27) -> 69922587
A28: 25 | B28: 职业年金缴纳 | D28: 公式计算 | E28: =E29 -> 5533220.6 | F28: =F29 -> 1922729.1 | G28: =G29 -> 1629888 | H28: =H29 -> 2162372.6 | I28: =I29 -> 6790080 | J28: =J29 -> 1099981.7 | K28: =K29 -> 2689549.7 | L28: =L29 -> 1036882.3 | ... W28: =W29 -> 384000 | X28: =SUM(E28:W28) -> 34961294
A29: 26 | B29: 1、职业年金8% | C29: 职业年金 | D29: 公式计算（请检查） | E29: =ROUND(E30/0.07*0.08,2) -> 5533220.6 | F29: =ROUND(F30/0.07*0.08,2) -> 1922729.1 | G29: =ROUND(G30/0.07*0.08,2) -> 1629888 | H29: =ROUND(H30/0.07*0.08,2) -> 2162372.6 | I29: =ROUND(I30/0.07*0.08,2) -> 6790080 | J29: =ROUND(J30/0.07*0.08,2) -> 1099981.7 | K29: =ROUND(K30/0.07*0.08,2) -> 2689549.7 | L29: =ROUND(L30/0.07*0.08,2) -> 1036882.3 | ... W29: =ROUND(W30/0.07*0.08,2) -> 384000 | X29: =SUM(E29:W29) -> 34961294
A30: 27 | B30: 公积金7% | C30: 公积金 | D30: 根据人事口径按实编制 | E30: 4841568 | F30: =140199*12 -> 1682388 | G30: 1426152 | H30: =157673*12 -> 1892076 | I30: =495110*12 -> 5941320 | J30: 962484 | K30: =196113*12 -> 2353356 | L30: =75606*12 -> 907272 | M30: =177936*12 -> 2135232 | N30: =51209*12 -> 614508 | O30: =59666*12 -> 715992 | P30: =37482*12 -> 449784 | Q30: 660612 | R30: 124584 | S30: =57488*12 -> 689856 | T30: =187493*12 -> 2249916 | U30: =27879*12 -> 334548 | V30: =189457*12 -> 2273484 | W30: 336000 | X30: =SUM(E30:W30) -> 30591132
A31: 28 | B31: 其他工资福利 | C31: 主款项 | D31: 年初预算为0 | X31: =SUM(E31:W31) -> 0
A32: 29 | B32: 对个人和家庭补助 | D32: 公式计算 | E32: =E33+E35+E37 -> 2570591 | F32: =F33+F35+F37 -> 1027200 | G32: =G33+G35+G37 -> 1158060 | H32: =H33+H35+H37 -> 60420 | I32: =I33+I35+I37 -> 2030772 | J32: =J33+J35+J37 -> 669440 | K32: =K33+K35+K37 -> 658500 | L32: =L33+L35+L37 -> 447540 | ... W32: =W33+W35+W37 -> 1080 | X32: =SUM(E32:W32) -> 11347873
A33: 30 | B33: 退休费 | C33: 离退休 | D33: 根据退休人员情况按实编制 | E33: =E34 -> 2557631 | F33: =F34 -> 1020720 | G33: =G34 -> 1149420 | H33: =H34 -> 56460 | I33: =I34 -> 2018532 | J33: =J34 -> 666840 | K33: =K34 -> 656340 | L33: =L34 -> 446100 | ... W33: =W34 -> 0 | X33: =SUM(E33:W33) -> 11273123
A34: 31 | B34: 1、退休人员生活补贴 | C34: 离退休 | D34: 根据退休人员情况按实编制 | E34: 2557631 | F34: =85060*12 -> 1020720 | G34: 1149420 | H34: =4705*12 -> 56460 | I34: =168211*12 -> 2018532 | J34: 666840 | K34: =54695*12 -> 656340 | L34: =37175*12 -> 446100 | M34: =5910*12 -> 70920 | N34: =57720*12 -> 692640 | O34: 25860 | Q34: 491040 | R34: 156360 | T34: =28130*12 -> 337560 | V34: =77225*12 -> 926700 | X34: =SUM(E34:W34) -> 11273123
A35: 32 | B35: 奖励金 | D35: 公式计算 | E35: =E36 -> 12960 | F35: =F36 -> 6480 | G35: =G36 -> 8640 | H35: =H36 -> 3960 | I35: =I36 -> 12240 | J35: =J36 -> 2600 | K35: =K36 -> 2160 | L35: =L36 -> 1440 | ... W35: =W36 -> 1080 | X35: =SUM(E35:W35) -> 74750
A36: 33 | B36: 1、独生子女奖励费▲ | C36: 主款项 | D36: 根据人事口径按实编制 | E36: 12960 | F36: =540*12 -> 6480 | G36: 8640 | H36: =330*12 -> 3960 | I36: 12240 | J36: 2600 | K36: =180*12 -> 2160 | L36: =120*12 -> 1440 | M36: =150*12 -> 1800 | N36: =120*12 -> 1440 | O36: =270*12 -> 3240 | P36: 1800 | Q36: 630 | R36: 360 | S36: =270*12 -> 3240 | T36: 240 | U36: =30*12 -> 360 | V36: =840*12 -> 10080 | W36: 1080 | X36: =SUM(E36:W36) -> 74750
A37: 34 | B37: 其他支出对个人和家庭补助 | D37: 公式计算 | E37: =E38 -> 0 | F37: =F38 -> 0 | G37: =G38 -> 0 | H37: =H38 -> 0 | I37: =I38 -> 0 | J37: =J38 -> 0 | K37: =K38 -> 0 | L37: =L38 -> 0 | ... W37: =W38 -> 0 | X37: =SUM(E37:W37) -> 0
A38: 35 | B38: 1、其他 | C38: 主款项 | D38: 除罗阳小学3人及七宝二中1人的退休共享费外，其他学校填0 | X38: =SUM(E38:W38) -> 0
A39: 36 | B39: 商品和服务支出和其他资本性支出 | D39: 公式计算 | E39: =E40+E42+E44+E46+E48+E51+E53+E55+E59 -> 18748816 | F39: =F40+F42+F44+F46+F48+F51+F53+F55+F59 -> 7172930.3 | G39: =G40+G42+G44+G46+G48+G51+G53+G55+G59 -> 5965098.2 | H39: =H40+H42+H44+H46+H48+H51+H53+H55+H59 -> 8345373.1 | I39: =I40+I42+I44+I46+I48+I51+I53+I55+I59 -> 22491405 | J39: =J40+J42+J44+J46+J48+J51+J53+J55+J59 -> 3411870.9 | K39: =K40+K42+K44+K46+K48+K51+K53+K55+K59 -> 8934663.7 | L39: =L40+L42+L44+L46+L48+L51+L53+L55+L59 -> 3313454.1 | ... W39: =W40+W42+W44+W46+W48+W51+W53+W55+W59 -> 1810135 | X39: =SUM(E39:W39) -> 1.1629632e+08
A40: 37 | B40: (一)公用定额 | D40: 学生人数*定额 | E40: 14784000 | F40: 5682600 | G40: 4658500 | H40: 6999300 | I40: 17892540 | J40: 2545530 | K40: 7174350 | L40: 2465280 | M40: 6355800 | N40: 1430000 | O40: 1798940 | P40: 883740 | Q40: 1332760 | R40: 156800 | S40: =1198000 -> 1198000 | T40: 8220230 | U40: 858000 | V40: 4674580 | W40: 1430000 | X40: =SUM(E40:W40) -> 90540950
A41: 38 | B41: 其中：培训费 | C41: 主款项 | D41: 生均定额5% | E41: 739200 | F41: 284130 | G41: 232925 | H41: 349965 | I41: 894627 | J41: 127276.5 | K41: 358717.5 | L41: 123264 | M41: 317790 | N41: 46046 | O41: 78221 | P41: 44187 | Q41: 54626 | R41: 7840 | S41: 56325 | T41: 411011.5 | U41: 36465 | V41: 199695 | W41: 41184 | X41: =SUM(E41:W41) -> 4403495.5
A42: 39 | B42: (二)培训费 | E42: =E43 -> 106000 | F42: =F43 -> 38800 | G42: =G43 -> 32000 | H42: =H43 -> 45600 | I42: =I43 -> 138800 | J42: =J43 -> 22400 | K42: =K43 -> 52800 | L42: =L43 -> 21600 | ... W42: =W43 -> 8800 | X42: =SUM(E42:W42) -> 722000
A43: 40 | B43: 1、进修、培训 400元/年教师 | C43: 主款项 | D43: 教职工人数*400元（公式计算） | E43: =E62*400 -> 106000 | F43: =F62*400 -> 38800 | G43: =G62*400 -> 32000 | H43: =H62*400 -> 45600 | I43: =I62*400 -> 138800 | J43: =J62*400 -> 22400 | K43: =K62*400 -> 52800 | L43: =L62*400 -> 21600 | ... W43: =W62*400 -> 8800 | X43: =SUM(E43:W43) -> 722000
A44: 41 | B44: (三)维修(护)费 | D44: 公式计算 | E44: =E45 -> 487354.65 | F44: =F45 -> 197400 | G44: =G45 -> 134278.2 | H44: =H45 -> 170335.95 | I44: =I45 -> 570432.6 | J44: =J45 -> 69477.45 | K44: =K45 -> 191346.3 | L44: =L45 -> 139283.55 | ... W44: =W45 -> 124093.35 | X44: =SUM(E44:W44) -> 3763958.7
A45: 42 | B45: 1、房屋维修费 15元/年平方米 | C45: 主款项 | D45: 房屋面积*15元（公式计算） | E45: =E73*15 -> 487354.65 | F45: =F73*15 -> 197400 | G45: =G73*15 -> 134278.2 | H45: =H73*15 -> 170335.95 | I45: =I73*15 -> 570432.6 | J45: =J73*15 -> 69477.45 | K45: =K73*15 -> 191346.3 | L45: =L73*15 -> 139283.55 | ... W45: =W73*15 -> 124093.35 | X45: =SUM(E45:W45) -> 3763958.7
A46: 43 | B46: (四)物业管理费 | D46: 公式计算 | E46: =E47 -> 139576 | F46: =F47 -> 69528 | G46: =G47 -> 51968 | H46: =H47 -> 32584 | I46: =I47 -> 98712 | J46: =J47 -> 25808 | K46: =K47 -> 52960 | L46: =L47 -> 28680 | ... W46: =W47 -> 23851.6 | X46: =SUM(E46:W46) -> 943045.2
A47: 44 | B47: 1、绿化维护费 8元/年平方米 | C47: 主款项 | D47: 绿化面积*8元（公式计算） | E47: =E74*8 -> 139576 | F47: =F74*8 -> 69528 | G47: =G74*8 -> 51968 | H47: =H74*8 -> 32584 | I47: =I74*8 -> 98712 | J47: =J74*8 -> 25808 | K47: =K74*8 -> 52960 | L47: =L74*8 -> 28680 | ... W47: =W74*8 -> 23851.6 | X47: =SUM(E47:W47) -> 943045.2
A48: 45 | B48: (五)福利费 | D48: 公式计算 | E48: =E49+E50 -> 1745280 | F48: =F49+F50 -> 652320 | G48: =G49+G50 -> 622080 | H48: =H49+H50 -> 509760 | I48: =I49+I50 -> 1987200 | J48: =J49+J50 -> 423360 | K48: =K49+K50 -> 738720 | L48: =L49+L50 -> 354240 | ... W48: =W49+W50 -> 95040 | X48: =SUM(E48:W48) -> 10592640
A49: 46 | B49: 1、在职福利费 | C49: 主款项 | D49: 教职工人数*4320元（公式计算） | E49: =E62*4320 -> 1144800 | F49: =F62*4320 -> 419040 | G49: =G62*4320 -> 345600 | H49: =H62*4320 -> 492480 | I49: =I62*4320 -> 1499040 | J49: =J62*4320 -> 241920 | K49: =K62*4320 -> 570240 | L49: =L62*4320 -> 233280 | ... W49: =W62*4320 -> 95040 | X49: =SUM(E49:W49) -> 7797600
A50: 47 | B50: 2、离退休福利费 | C50: 主款项 | D50: 离退休人数*4320元（公式计算） | E50: =E72*4320 -> 600480 | F50: =F72*4320 -> 233280 | G50: =G72*4320 -> 276480 | H50: =H72*4320 -> 17280 | I50: =I72*4320 -> 488160 | J50: =J72*4320 -> 181440 | K50: =K72*4320 -> 168480 | L50: =L72*4320 -> 120960 | ... W50: =W72*4320 -> 0 | X50: =SUM(E50:W50) -> 2795040
A51: 48 | B51: (六)工会经费 | D51: 公式计算 | E51: =E52 -> 1383305.1 | F51: =F52 -> 480682.29 | G51: =G52 -> 407472 | H51: =H52 -> 540593.14 | I51: =I52 -> 1697520 | J51: =J52 -> 274995.43 | K51: =K52 -> 672387.43 | L51: =L52 -> 259220.57 | ... W51: =W52 -> 96000 | X51: =SUM(E51:W51) -> 8740323.4
A52: 49 | B52: 1、工会经费2% | C52: 主款项 | D52: 公式计算（请检查） | E52: =ROUND(E30/0.07*0.02,2) -> 1383305.1 | F52: =ROUND(F30/0.07*0.02,2) -> 480682.29 | G52: =ROUND(G30/0.07*0.02,2) -> 407472 | H52: =ROUND(H30/0.07*0.02,2) -> 540593.14 | I52: =ROUND(I30/0.07*0.02,2) -> 1697520 | J52: =ROUND(J30/0.07*0.02,2) -> 274995.43 | K52: =ROUND(K30/0.07*0.02,2) -> 672387.43 | L52: =ROUND(L30/0.07*0.02,2) -> 259220.57 | ... W52: =ROUND(W30/0.07*0.02,2) -> 96000 | X52: =SUM(E52:W52) -> 8740323.4
A53: 50 | B53: (七)公务用车运行维护费★ | D53: 公式计算 | E53: =E54 -> 32000 | F53: =F54 -> 25000 | G53: =G54 -> 32000 | H53: =H54 -> 32000 | I53: =I54 -> 25000 | J53: =J54 -> 32000 | K53: =K54 -> 0 | L53: =L54 -> 32000 | ... W53: =W54 -> 0 | X53: =SUM(E53:W53) -> 306000
A54: 51 | B54: 1、教育系统，校/辆 | C54: 主款项 | D54: 机关局有编制的车辆数*32000元/25000元/年（分园及分校预算在其他交通费中编制） | E54: 32000 | F54: 25000 | G54: 32000 | H54: 32000 | I54: 25000 | J54: 32000 | L54: 32000 | M54: 32000 | P54: 32000 | V54: 32000 | X54: =SUM(E54:W54) -> 306000
A55: 52 | B55: (八)其他商品和服务支出 | D55: 公式计算 | E55: =E56+E58 -> 61300 | F55: =F56+F58 -> 26600 | G55: =G56+G58 -> 26800 | H55: =H56+H58 -> 5200 | I55: =I56+I58 -> 61200 | J55: =J56+J58 -> 18300 | K55: =K56+K58 -> 20100 | L55: =L56+L58 -> 13150 | ... W55: =W56+W58 -> 350 | X55: =SUM(E55:W55) -> 334400
A56: 53 | B56: 1、离退休公用支出 | C56: 主款项 | D56: 公式计算 | E56: =E57 -> 55600 | F56: =F57 -> 21600 | G56: =G57 -> 25600 | H56: =H57 -> 1600 | I56: =I57 -> 45200 | J56: =J57 -> 16800 | K56: =K57 -> 15600 | L56: =L57 -> 11200 | ... W56: =W57 -> 0 | X56: =SUM(E56:W56) -> 258800
A57: 54 | B57: (1)活动费(活动费+活动费(托管)) | C57: 主款项 | D57: 离退休人数*400元/年（公式计算） | E57: =E72*400 -> 55600 | F57: =F72*400 -> 21600 | G57: =G72*400 -> 25600 | H57: =H72*400 -> 1600 | I57: =I72*400 -> 45200 | J57: =J72*400 -> 16800 | K57: =K72*400 -> 15600 | L57: =L72*400 -> 11200 | ... W57: =W72*400 -> 0 | X57: =SUM(E57:W57) -> 258800
A58: 55 | B58: 2、子女幼托费 | C58: 主款项 | D58: 没有，填0 | E58: 5700 | F58: 5000 | G58: 1200 | H58: 3600 | I58: 16000 | J58: 1500 | K58: 4500 | L58: 1950 | M58: 10000 | N58: 2000 | O58: 4200 | P58: 3150 | Q58: 900 | S58: 3000 | T58: 6150 | U58: 1500 | V58: 4900 | W58: 350 | X58: =SUM(E58:W58) -> 75600
A59: 56 | B59: (九)其他交通费用 | D59: 公式计算 | E59: =E60 -> 10000 | F59: =F60 -> 0 | G59: =G60 -> 0 | H59: =H60 -> 10000 | I59: =I60 -> 20000 | J59: =J60 -> 0 | K59: =K60 -> 32000 | L59: =L60 -> 0 | ... W59: =W60 -> 32000 | X59: =SUM(E59:W59) -> 353000
A60: 57 | B60: 2、教育系统 | C60: 主款项 | D60: 机关局无编制车辆的学校按32000元编制预算 机关局有编制的车辆，每分校增加10000元，每个分园增加5000元编制预算 | E60: 10000 | H60: 10000 | I60: 20000 | K60: 32000 | N60: 32000 | O60: 32000 | Q60: 32000 | R60: 32000 | S60: 32000 | T60: 32000 | U60: 32000 | V60: 25000 | W60: 32000 | X60: =SUM(E60:W60) -> 353000
A61: 58 | B61: 学校基本情况： | X61: =SUM(E61:W61) -> 0
A62: 59 | B62: 1、教职工(人数) | D62: 填写2025年秋季在编教职工人数 | E62: =E63+E64+E65+E66 -> 265 | F62: =F63+F64+F65+F66 -> 97 | G62: =G63+G64+G65+G66 -> 80 | H62: =H63+H64+H65+H66 -> 114 | I62: =I63+I64+I65+I66 -> 347 | J62: =J63+J64+J65+J66 -> 56 | K62: =K63+K64+K65+K66 -> 132 | L62: =L63+L64+L65+L66 -> 54 | ... W62: =W63+W64+W65+W66 -> 22 | X62: =SUM(E62:W62) -> 1805
A63: 60 | B63: 初中 | E63: 265 | F63: 97 | G63: 80 | H63: 114 | T63: 85 | X63: =SUM(E63:W63) -> 641
A64: 61 | B64: 小学 | I64: 347 | J64: 56 | K64: 132 | L64: 54 | M64: 125 | T64: 52 | X64: =SUM(E64:W64) -> 766
A65: 62 | B65: 幼儿园 | N65: 40 | O65: 48 | P65: 29 | Q65: 42 | S65: 45 | U65: 21 | V65: 144 | W65: 22 | X65: =SUM(E65:W65) -> 391
A66: 63 | B66: 其他 | R66: 7 | X66: =SUM(E66:W66) -> 7
A67: 64 | B67: 2、学生(人数) | D67: 填写2025年秋季学期学生人数，以招办人数为准 | E67: =E68+E69+E70+E71 -> 3840 | F67: =F68+F69+F70+F71 -> 1476 | G67: =G68+G69+G70+G71 -> 1210 | H67: =H68+H69+H70+H71 -> 1818 | I67: =I68+I69+I70+I71 -> 5574 | J67: =J68+J69+J70+J71 -> 793 | K67: =K68+K69+K70+K71 -> 2235 | L67: =L68+L69+L70+L71 -> 768 | ... W67: =W68+W69+W70+W71 -> 288 | X67: =SUM(E67:W67) -> 25772
A68: 65 | B68: 初中 | E68: 3840 | F68: 1476 | G68: 1210 | H68: 1818 | T68: 1253 | X68: =SUM(E68:W68) -> 9597
A69: 66 | B69: 小学 | I69: 5574 | J69: 793 | K69: 2235 | L69: 768 | M69: 1980 | T69: 1058 | X69: =SUM(E69:W69) -> 12408
A70: 67 | B70: 幼儿园 | N70: 322 | O70: 547 | P70: 309 | Q70: 382 | S70: 309 | U70: 255 | V70: 1355 | W70: 288 | X70: =SUM(E70:W70) -> 3767
A71: 68 | B71: 其他 | X71: =SUM(E71:W71) -> 0
A72: 69 | B72: 3、事业退休人员人数 | E72: 139 | F72: 54 | G72: 64 | H72: 4 | I72: 113 | J72: 42 | K72: 39 | L72: 28 | M72: 5 | N72: 41 | O72: 1 | Q72: 30 | R72: 8 | T72: 23 | V72: 56 | X72: =SUM(E72:W72) -> 647
A73: 70 | B73: 4、教育单位房屋（面积） | E73: 32490.31 | F73: 13160 | G73: 8951.88 | H73: 11355.73 | I73: 38028.84 | J73: 4631.83 | K73: 12756.42 | L73: 9285.57 | M73: 14358.21 | N73: 4286 | O73: 13349.34 | P73: 3731.92 | Q73: 4612 | R73: 2800 | S73: 6500 | T73: 32335.57 | U73: 6995 | V73: 23029.07 | W73: 8272.89 | X73: =SUM(E73:W73) -> 250930.58
A74: 71 | B74: 5、教育单位绿化（面积） | E74: 17447 | F74: 8691 | G74: 6496 | H74: 4073 | I74: 12339 | J74: 3226 | K74: 6620 | L74: 3585 | M74: 7880 | N74: 2350 | O74: 6044.7 | P74: 1786 | Q74: 1717 | S74: 2312.1 | T74: 17204.3 | U74: 3698.1 | V74: 9430 | W74: 2981.45 | X74: =SUM(E74:W74) -> 117880.65

Sheet 浦江镇
A1: 2026年基本支出预算表
A2: 序号 | B2: 项目名称 | C2: 功能分类 | D2: 口径 | E2: 浦江二中 | F2: 浦江三中 | G2: 世外浦江 | H2: 浦航实中 | I2: 上师附中 | J2: 浦江二小 | K2: 浦江三小 | L2: 浦汇小学 | M2: 上戏附校 | N2: 福山实验 | O2: 浦江二幼 | P2: 浦江三幼 | Q2: 宝邸幼儿园 | R2: 闸航幼 | S2: 瑞和城幼 | T2: 浦瑞幼儿园 | U2: 浦航幼儿园 | V2: 浦莲幼儿园 | W2: 浦江社校 | X2: 合计 | Y2: 备注
E3: 初中 | F3: 初中 | G3: 一贯制 | H3: 初中 | I3: 一贯制 | J3: 小学 | K3: 小学 | L3: 小学 | M3: 小学 | N3: 小学 | O3: 幼儿园 | P3: 幼儿园 | Q3: 幼儿园 | R3: 幼儿园 | S3: 幼儿园 | T3: 幼儿园 | U3: 幼儿园 | V3: 幼儿园 | W3: 成人
A4: 1 | B4: 基本支出总预算数 | D4: 公式计算 | E4: =E5+E32+E39 -> 37951941 | F4: =F5+F32+F39 -> 35388597 | G4: =G5+G32+G39 -> 41892000 | H4: =H5+H32+H39 -> 41610484 | I4: =I5+I32+I39 -> 24715373 | J4: =J5+J32+J39 -> 42870368 | K4: =K5+K32+K39 -> 32957042 | L4: =L5+L32+L39 -> 30148564 | ... W4: =W5+W32+W39 -> 2867881.4 | X4: =SUM(E4:W4) -> 4.8516496e+08
A5: 2 | B5: 工资福利支出 | D5: 公式计算 | E5: =E6+E9+E13+E16+E21+E26+E28+E30+E31 -> 30300296 | F5: =F6+F9+F13+F16+F21+F26+F28+F30+F31 -> 28500912 | G5: =G6+G9+G13+G16+G21+G26+G28+G30+G31 -> 35296734 | H5: =H6+H9+H13+H16+H21+H26+H28+H30+H31 -> 33923570 | I5: =I6+I9+I13+I16+I21+I26+I28+I30+I31 -> 20044967 | J5: =J6+J9+J13+J16+J21+J26+J28+J30+J31 -> 33239357 | K5: =K6+K9+K13+K16+K21+K26+K28+K30+K31 -> 25364758 | L5: =L6+L9+L13+L16+L21+L26+L28+L30+L31 -> 23321506 | ... W5: =W6+W9+W13+W16+W21+W26+W28+W30+W31 -> 2159034.9 | X5: =SUM(E5:W5) -> 3.9577363e+08
A6: 3 | B6: 基本工资 | D6: 公式计算 | E6: =E7+E8 -> 4616820 | F6: =F7+F8 -> 4165284 | G6: =G7+G8 -> 4440000 | H6: =H7+H8 -> 4680812.4 | I6: =I7+I8 -> 2350000 | J6: =J7+J8 -> 5085912 | K6: =K7+K8 -> 3597012 | L6: =L7+L8 -> 2924964 | ... W6: =W7+W8 -> 345120 | X6: =SUM(E6:W6) -> 56281534
A7: 4 | B7: 1、岗位工资 | C7: 主款项 | D7: 根据人事口径按实编制 | E7: =208392*12 -> 2500704 | F7: =197668*12 -> 2372016 | G7: =240000*12 -> 2880000 | H7: =223291*12*1.1 -> 2947441.2 | I7: 1600000 | J7: 2708724 | K7: 2112240 | L7: 1999416 | M7: 2903524 | N7: =160684*12 -> 1928208 | O7: 1661280 | P7: 1734828 | Q7: 1903970 | R7: =56000*12 -> 672000 | S7: =73440*12 -> 881280 | T7: 920000 | U7: =90009*12 -> 1080108 | V7: 1309600 | W7: 175236 | X7: =SUM(E7:W7) -> 34290575
A8: 5 | B8: 2、薪级工资 | C8: 主款项 | D8: 根据人事口径按实编制 | E8: =176343*12 -> 2116116 | F8: =149439*12 -> 1793268 | G8: =130000*12 -> 1560000 | H8: =131316*12*1.1 -> 1733371.2 | I8: 750000 | J8: 2377188 | K8: 1484772 | L8: 925548 | M8: 1790828 | N8: =88883*12 -> 1066596 | O8: 1126896 | P8: 1134168 | Q8: 1106168 | R8: =30000*12 -> 360000 | S8: =45597*12 -> 547164 | T8: 500000 | U8: =55679*12 -> 668148 | V8: 780844 | W8: 169884 | X8: =SUM(E8:W8) -> 21990959
A9: 6 | B9: 津贴补贴 | D9: 公式计算 | E9: =E10+E11 -> 422784 | F9: =F10+F11 -> 416544 | G9: =G10+G11 -> 515760 | H9: =H10+H11 -> 478948.8 | I9: =I10+I11 -> 301824 | J9: =J10+J11 -> 486876 | K9: =K10+K11 -> 373656 | L9: =L10+L11 -> 365256 | ... W9: =W10+W11 -> 31992 | X9: =SUM(E9:W9) -> 6000796
A10: 7 | B10: 1、各类津贴★▲ | C10: 主款项 | D10: 根据人事口径按实编制 | E10: =472*12 -> 5664 | F10: =392*12 -> 4704 | G10: =300*12 -> 3600 | H10: =284*12*1.1 -> 3748.8 | I10: 864 | J10: 6396 | K10: 4056 | L10: 6216 | M10: 16398.2 | N10: =200*12 -> 2400 | O10: 3552 | P10: 3768 | Q10: 3108 | R10: 1000 | S10: =138*12 -> 1656 | T10: 15000 | U10: =163*12 -> 1956 | V10: 2797 | W10: 312 | X10: =SUM(E10:W10) -> 87196
A11: 8 | B11: 2、各类补贴 | D11: 公式计算 | E11: =E12 -> 417120 | F11: =F12 -> 411840 | G11: =G12 -> 512160 | H11: =H12 -> 475200 | I11: =I12 -> 300960 | J11: =J12 -> 480480 | K11: =K12 -> 369600 | L11: =L12 -> 359040 | ... W11: =W12 -> 31680 | X11: =SUM(E11:W11) -> 5913600
A12: 9 | B12: (1)上下班交通费补贴 | C12: 主款项 | D12: 公式计算 | E12: =440*12*E62 -> 417120 | F12: =440*12*F62 -> 411840 | G12: =440*12*G62 -> 512160 | H12: =440*12*H62 -> 475200 | I12: =440*12*I62 -> 300960 | J12: =440*12*J62 -> 480480 | K12: =440*12*K62 -> 369600 | L12: =440*12*L62 -> 359040 | ... W12: =440*12*W62 -> 31680 | X12: =SUM(E12:W12) -> 5913600
A13: 10 | B13: 其他社会保障缴费 | D13: 注：社保缴费基数应该相同 | E13: =E14+E15 -> 206484 | F13: =F14+F15 -> 192780 | G13: =G14+G15 -> 245115.42 | H13: =H14+H15 -> 235116 | I13: =I14+I15 -> 135714.28 | J13: =J14+J15 -> 228234.86 | K13: =K14+K15 -> 174440.58 | L13: =L14+L15 -> 149391.42 | ... W13: =W14+W15 -> 14398.28 | X13: =SUM(E13:W13) -> 2724695.8
A14: 11 | B14: 1、工伤保险费0.5(0.2%-1.9%) | C14: 主款项 | D14: 公式计算（请检查） | E14: =ROUND(E30/0.07*0.005,2) -> 103242 | F14: =ROUND(F30/0.07*0.005,2) -> 96390 | G14: =ROUND(G30/0.07*0.005,2) -> 122557.71 | H14: =ROUND(H30/0.07*0.005,2) -> 117558 | I14: =ROUND(I30/0.07*0.005,2) -> 67857.14 | J14: =ROUND(J30/0.07*0.005,2) -> 114117.43 | K14: =ROUND(K30/0.07*0.005,2) -> 87220.29 | L14: =ROUND(L30/0.07*0.005,2) -> 74695.71 | ... W14: =ROUND(W30/0.07*0.005,2) -> 7199.14 | X14: =SUM(E14:W14) -> 1362347.9
A15: 12 | B15: 2、失业保险0.5% | C15: 主款项 | D15: 公式计算（请检查） | E15: =ROUND(E30/0.07*0.005,2) -> 103242 | F15: =ROUND(F30/0.07*0.005,2) -> 96390 | G15: =ROUND(G30/0.07*0.005,2) -> 122557.71 | H15: =ROUND(H30/0.07*0.005,2) -> 117558 | I15: =ROUND(I30/0.07*0.005,2) -> 67857.14 | J15: =ROUND(J30/0.07*0.005,2) -> 114117.43 | K15: =ROUND(K30/0.07*0.005,2) -> 87220.29 | L15: =ROUND(L30/0.07*0.005,2) -> 74695.71 | ... W15: =ROUND(W30/0.07*0.005,2) -> 7199.14 | X15: =SUM(E15:W15) -> 1362347.9
A16: 13 | B16: 绩效工资 | D16: 公式计算 | E16: =E17+E18+E19+E20 -> 15968912 | F16: =F17+F18+F19+F20 -> 15243984 | G16: =G17+G18+G19+G20 -> 19310780 | H16: =H17+H18+H19+H20 -> 18183589 | I16: =I17+I18+I19+I20 -> 11286000 | J16: =J17+J18+J19+J20 -> 17396000 | K16: =K17+K18+K19+K20 -> 13544264 | L16: =L17+L18+L19+L20 -> 13308672 | ... W16: =W17+W18+W19+W20 -> 1134000 | X16: =SUM(E16:W16) -> 2.1087999e+08
A17: 14 | B17: 1、绩效工资 | C17: 主款项 | D17: 根据人保科数字编制 | E17: 14430000 | F17: 13690000 | G17: 17472000 | H17: 16465000 | I17: 10374000 | J17: 15435200 | K17: 12144000 | L17: 11792000 | M17: 15136000 | N17: 11792000 | O17: 8855000 | P17: 9177000 | Q17: 9016000 | R17: 3381000 | S17: 4830000 | T17: 4025000 | U17: 5957000 | V17: 6440000 | W17: 1098000 | X17: =SUM(E17:W17) -> 191509200
A18: 15 | B18: 2、校长职级制 | C18: 主款项 | D18: 根据校长职级制按实编制 | E18: 274912 | F18: 305984 | G18: 286780 | H18: 278589 | J18: 504800 | K18: 280264 | L18: 428672 | M18: 344436.4 | O18: 265902 | P18: 266332 | Q18: 286076 | R18: 246143 | S18: 252304 | T18: 250000 | U18: 245704 | V18: 293892 | X18: =SUM(E18:W18) -> 4810790.4
A19: 16 | B19: 3、工作餐补贴 | C19: 主款项 | D19: 公式计算 | E19: =E62*500*12 -> 474000 | F19: =F62*500*12 -> 468000 | G19: =G62*500*12 -> 582000 | H19: =H62*500*12 -> 540000 | I19: =I62*500*12 -> 342000 | J19: =J62*500*12 -> 546000 | K19: =K62*500*12 -> 420000 | L19: =L62*500*12 -> 408000 | ... W19: =W62*500*12 -> 36000 | X19: =SUM(E19:W19) -> 6720000
A20: 17 | B20: 4、课后服务(在编人员） | C20: 主款项 | D20: 根据人事口径按实编制 | E20: =79*10000 -> 790000 | F20: 780000 | G20: 970000 | H20: 900000 | I20: 570000 | J20: 910000 | K20: =K64*10000 -> 700000 | L20: 680000 | M20: 870000 | N20: =67*10000 -> 670000 | X20: =SUM(E20:W20) -> 7840000
A21: 18 | B21: 城镇职工基本医疗保险缴费 | D21: 公式计算 | E21: =E22+E23 -> 2684292 | F21: =F22+F23 -> 2506140 | G21: =G22+G23 -> 3186500.6 | H21: =H22+H23 -> 3056508 | I21: =I22+I23 -> 1764285.7 | J21: =J22+J23 -> 2967053.1 | K21: =K22+K23 -> 2267727.4 | L21: =L22+L23 -> 1942088.6 | ... W21: =W22+W23 -> 187177.71 | X21: =SUM(E21:W21) -> 35421046
A22: 19 | B22: 1、医疗保险费9% | C22: 事业单位医疗 | D22: 公式计算 | E22: =ROUND(E30/0.07*0.09,2) -> 1858356 | F22: =ROUND(F30/0.07*0.09,2) -> 1735020 | G22: =ROUND(G30/0.07*0.09,2) -> 2206038.9 | H22: =ROUND(H30/0.07*0.09,2) -> 2116044 | I22: =ROUND(I30/0.07*0.09,2) -> 1221428.6 | J22: =ROUND(J30/0.07*0.09,2) -> 2054113.7 | K22: =ROUND(K30/0.07*0.09,2) -> 1569965.1 | L22: =ROUND(L30/0.07*0.09,2) -> 1344522.9 | ... W22: =ROUND(W30/0.07*0.09,2) -> 129584.57 | X22: =SUM(E22:W22) -> 24522263
A23: 20 | B23: 2、其他医疗保险费4% | C23: 事业单位医疗 | D23: 公式计算（请检查） | E23: =E24+E25 -> 825936 | F23: =F24+F25 -> 771120 | G23: =G24+G25 -> 980461.72 | H23: =H24+H25 -> 940464 | I23: =I24+I25 -> 542857.14 | J23: =J24+J25 -> 912939.42 | K23: =K24+K25 -> 697762.28 | L23: =L24+L25 -> 597565.72 | ... W23: =W24+W25 -> 57593.14 | X23: =SUM(E23:W23) -> 10898783
A24: 21 | B24: (1)其他保险2%(统筹)：住院及大病补助 | C24: 事业单位医疗 | D24: 公式计算（请检查） | E24: =ROUND(E30/0.07*0.02,2) -> 412968 | F24: =ROUND(F30/0.07*0.02,2) -> 385560 | G24: =ROUND(G30/0.07*0.02,2) -> 490230.86 | H24: =ROUND(H30/0.07*0.02,2) -> 470232 | I24: =ROUND(I30/0.07*0.02,2) -> 271428.57 | J24: =ROUND(J30/0.07*0.02,2) -> 456469.71 | K24: =ROUND(K30/0.07*0.02,2) -> 348881.14 | L24: =ROUND(L30/0.07*0.02,2) -> 298782.86 | ... W24: =ROUND(W30/0.07*0.02,2) -> 28796.57 | X24: =SUM(E24:W24) -> 5449391.7
A25: 22 | B25: (2)其他保险2%(单位)：购买保险 | C25: 事业单位医疗 | D25: 公式计算（请检查） | E25: =ROUND(E30/0.07*0.02,2) -> 412968 | F25: =ROUND(F30/0.07*0.02,2) -> 385560 | G25: =ROUND(G30/0.07*0.02,2) -> 490230.86 | H25: =ROUND(H30/0.07*0.02,2) -> 470232 | I25: =ROUND(I30/0.07*0.02,2) -> 271428.57 | J25: =ROUND(J30/0.07*0.02,2) -> 456469.71 | K25: =ROUND(K30/0.07*0.02,2) -> 348881.14 | L25: =ROUND(L30/0.07*0.02,2) -> 298782.86 | ... W25: =ROUND(W30/0.07*0.02,2) -> 28796.57 | X25: =SUM(E25:W25) -> 5449391.7
A26: 23 | B26: 事业单位基本养老保险缴费 | D26: 公式计算 | E26: =E27 -> 3303744 | F26: =F27 -> 3084480 | G26: =G27 -> 3921846.9 | H26: =H27 -> 3761856 | I26: =I27 -> 2171428.6 | J26: =J27 -> 3651757.7 | K26: =K27 -> 2791049.1 | L26: =L27 -> 2390262.9 | ... W26: =W27 -> 230372.57 | X26: =SUM(E26:W26) -> 43595134
A27: 24 | B27: 1、基本养老保险16% | C27: 养老保险 | D27: 公式计算（请检查） | E27: =ROUND(E30/0.07*0.16,2) -> 3303744 | F27: =ROUND(F30/0.07*0.16,2) -> 3084480 | G27: =ROUND(G30/0.07*0.16,2) -> 3921846.9 | H27: =ROUND(H30/0.07*0.16,2) -> 3761856 | I27: =ROUND(I30/0.07*0.16,2) -> 2171428.6 | J27: =ROUND(J30/0.07*0.16,2) -> 3651757.7 | K27: =ROUND(K30/0.07*0.16,2) -> 2791049.1 | L27: =ROUND(L30/0.07*0.16,2) -> 2390262.9 | ... W27: =ROUND(W30/0.07*0.16,2) -> 230372.57 | X27: =SUM(E27:W27) -> 43595134
A28: 25 | B28: 职业年金缴纳 | D28: 公式计算 | E28: =E29 -> 1651872 | F28: =F29 -> 1542240 | G28: =G29 -> 1960923.4 | H28: =H29 -> 1880928 | I28: =I29 -> 1085714.3 | J28: =J29 -> 1825878.9 | K28: =K29 -> 1395524.6 | L28: =L29 -> 1195131.4 | ... W28: =W29 -> 115186.29 | X28: =SUM(E28:W28) -> 21797567
A29: 26 | B29: 1、职业年金8% | C29: 职业年金 | D29: 公式计算（请检查） | E29: =ROUND(E30/0.07*0.08,2) -> 1651872 | F29: =ROUND(F30/0.07*0.08,2) -> 1542240 | G29: =ROUND(G30/0.07*0.08,2) -> 1960923.4 | H29: =ROUND(H30/0.07*0.08,2) -> 1880928 | I29: =ROUND(I30/0.07*0.08,2) -> 1085714.3 | J29: =ROUND(J30/0.07*0.08,2) -> 1825878.9 | K29: =ROUND(K30/0.07*0.08,2) -> 1395524.6 | L29: =ROUND(L30/0.07*0.08,2) -> 1195131.4 | ... W29: =ROUND(W30/0.07*0.08,2) -> 115186.29 | X29: =SUM(E29:W29) -> 21797567
A30: 27 | B30: 公积金7% | C30: 公积金 | D30: 根据人事口径按实编制 | E30: 1445388 | F30: =112455*12 -> 1349460 | G30: =142984*12 -> 1715808 | H30: =261240/2*12*1.05 -> 1645812 | I30: 950000 | J30: 1597644 | K30: 1221084 | L30: 1045740 | M30: =127298*13 -> 1654874 | N30: =95399*12 -> 1144788 | O30: 855156 | P30: 930895 | Q30: 939568 | R30: =28500*12 -> 342000 | S30: =38724*12 -> 464688 | T30: 435470 | U30: =49506*12 -> 594072 | V30: 639636 | W30: 100788 | X30: =SUM(E30:W30) -> 19072871
A31: 28 | B31: 其他工资福利 | C31: 主款项 | D31: 年初预算为0 | U31: 0 | V31: 0 | X31: =SUM(E31:W31) -> 0
A32: 29 | B32: 对个人和家庭补助 | D32: 公式计算 | E32: =E33+E35+E37 -> 1320060 | F32: =F33+F35+F37 -> 1146180 | G32: =G33+G35+G37 -> 21525.21 | H32: =H33+H35+H37 -> 16500 | I32: =I33+I35+I37 -> 870 | J32: =J33+J35+J37 -> 2037780 | K32: =K33+K35+K37 -> 1916400 | L32: =L33+L35+L37 -> 720 | ... W32: =W33+W35+W37 -> 370500 | X32: =SUM(E32:W32) -> 7755110.2
A33: 30 | B33: 退休费 | C33: 离退休 | D33: 根据退休人员情况按实编制 | E33: =E34 -> 1318980 | F33: =F34 -> 1145100 | G33: =G34 -> 15780 | H33: =H34 -> 15780 | I33: =I34 -> 0 | J33: =J34 -> 2037060 | K33: =K34 -> 1915680 | L33: =L34 -> 0 | ... W33: =W34 -> 370500 | X33: =SUM(E33:W33) -> 7721345
A34: 31 | B34: 1、退休人员生活补贴 | C34: 离退休 | D34: 根据退休人员情况按实编制 | E34: =109915*12 -> 1318980 | F34: =95425*12 -> 1145100 | G34: =1315*12 -> 15780 | H34: =1315*12 -> 15780 | J34: 2037060 | K34: 1915680 | M34: 39060 | N34: =1315*12 -> 15780 | O34: 408780 | P34: 400740 | Q34: =1085*12+1085 -> 14105 | T34: 24000 | W34: 370500 | X34: =SUM(E34:W34) -> 7721345
A35: 32 | B35: 奖励金 | D35: 公式计算 | E35: =E36 -> 1080 | F35: =F36 -> 1080 | G35: =G36 -> 5745.21 | H35: =H36 -> 720 | I35: =I36 -> 870 | J35: =J36 -> 720 | K35: =K36 -> 720 | L35: =L36 -> 720 | ... W35: =W36 -> 0 | X35: =SUM(E35:W35) -> 33765.21
A36: 33 | B36: 1、独生子女奖励费▲ | C36: 主款项 | D36: 根据人事口径按实编制 | E36: =90*12 -> 1080 | F36: =30*12*3 -> 1080 | G36: 5745.21 | H36: =60*12 -> 720 | I36: 870 | J36: 720 | K36: 720 | L36: 720 | M36: 4680 | N36: 720 | O36: 5040 | P36: 3600 | Q36: 1950 | R36: =30*12 -> 360 | S36: =120*12 -> 1440 | T36: 1440 | U36: =90*12 -> 1080 | V36: 1800 | X36: =SUM(E36:W36) -> 33765.21
A37: 34 | B37: 其他支出对个人和家庭补助 | D37: 公式计算 | E37: =E38 -> 0 | F37: =F38 -> 0 | G37: =G38 -> 0 | H37: =H38 -> 0 | I37: =I38 -> 0 | J37: =J38 -> 0 | K37: =K38 -> 0 | L37: =L38 -> 0 | ... W37: =W38 -> 0 | X37: =SUM(E37:W37) -> 0
A38: 35 | B38: 1、其他 | C38: 主款项 | D38: 除罗阳小学3人及七宝二中1人的退休共享费外，其他学校填0 | V38: 0 | X38: =SUM(E38:W38) -> 0
A39: 36 | B39: 商品和服务支出和其他资本性支出 | D39: 公式计算 | E39: =E40+E42+E44+E46+E48+E51+E53+E55+E59 -> 6331585 | F39: =F40+F42+F44+F46+F48+F51+F53+F55+F59 -> 5741505 | G39: =G40+G42+G44+G46+G48+G51+G53+G55+G59 -> 6573740.2 | H39: =H40+H42+H44+H46+H48+H51+H53+H55+H59 -> 7670413.6 | I39: =I40+I42+I44+I46+I48+I51+I53+I55+I59 -> 4669536.1 | J39: =J40+J42+J44+J46+J48+J51+J53+J55+J59 -> 7593231 | K39: =K40+K42+K44+K46+K48+K51+K53+K55+K59 -> 5675884 | L39: =L40+L42+L44+L46+L48+L51+L53+L55+L59 -> 6826337.4 | ... W39: =W40+W42+W44+W46+W48+W51+W53+W55+W59 -> 338346.57 | X39: =SUM(E39:W39) -> 81636215
A40: 37 | B40: (一)公用定额 | D40: 学生人数*定额 | E40: =1248*3850 -> 4804800 | F40: 4396700 | G40: 4732990 | H40: 6352500 | I40: 3780700 | J40: 5620710 | K40: 4118430 | L40: 5829360 | M40: =M69*3210 -> 4532520 | N40: 3957930 | O40: 1793220 | P40: 2328040 | Q40: 1936220 | R40: 892320 | S40: =998140+858000 -> 1856140 | T40: 1716000 | U40: =300*2860+309*2860 -> 1741740 | V40: 1996280 | W40: 134400 | X40: =SUM(E40:W40) -> 62521000
A41: 38 | B41: 其中：培训费 | C41: 主款项 | D41: 生均定额5% | E41: =E40*0.05 -> 240240 | F41: 219835 | G41: 236649.5 | H41: =H40*5% -> 317625 | I41: 189035 | J41: 281035.5 | K41: 205921.5 | L41: 291468 | M41: 226626 | N41: 197896.5 | O41: =34177+53911 -> 88088 | P41: 116402 | Q41: 96811 | R41: 44616 | S41: 75218 | T41: 67496 | U41: =309*2860*0.05+205*2860*0.05 -> 73502 | V41: 99671 | W41: 6720 | X41: =SUM(E41:W41) -> 3074856
A42: 39 | B42: (二)培训费 | E42: =E43 -> 31600 | F42: =F43 -> 31200 | G42: =G43 -> 38800 | H42: =H43 -> 36000 | I42: =I43 -> 22800 | J42: =J43 -> 36400 | K42: =K43 -> 28000 | L42: =L43 -> 27200 | ... W42: =W43 -> 2400 | X42: =SUM(E42:W42) -> 448000
A43: 40 | B43: 1、进修、培训 400元/年教师 | C43: 主款项 | D43: 教职工人数*400元（公式计算） | E43: =E62*400 -> 31600 | F43: =F62*400 -> 31200 | G43: =G62*400 -> 38800 | H43: =H62*400 -> 36000 | I43: =I62*400 -> 22800 | J43: =J62*400 -> 36400 | K43: =K62*400 -> 28000 | L43: =L62*400 -> 27200 | ... W43: =W62*400 -> 2400 | X43: =SUM(E43:W43) -> 448000
A44: 41 | B44: (三)维修(护)费 | D44: 公式计算 | E44: =E45 -> 255945 | F44: =F45 -> 178845 | G44: =G45 -> 715855.35 | H44: =H45 -> 277220.85 | I44: =I45 -> 237987.9 | J44: =J45 -> 353195.25 | K44: =K45 -> 247352.85 | L44: =L45 -> 249734.55 | ... W44: =W45 -> 23670 | X44: =SUM(E44:W44) -> 4323328.5
A45: 42 | B45: 1、房屋维修费 15元/年平方米 | C45: 主款项 | D45: 房屋面积*15元（公式计算） | E45: =E73*15 -> 255945 | F45: =F73*15 -> 178845 | G45: =G73*15 -> 715855.35 | H45: =H73*15 -> 277220.85 | I45: =I73*15 -> 237987.9 | J45: =J73*15 -> 353195.25 | K45: =K73*15 -> 247352.85 | L45: =L73*15 -> 249734.55 | ... W45: =W73*15 -> 23670 | X45: =SUM(E45:W45) -> 4323328.5
A46: 43 | B46: (四)物业管理费 | D46: 公式计算 | E46: =E47 -> 126632 | F46: =F47 -> 82880 | G46: =G47 -> 130104 | H46: =H47 -> 100940.8 | I46: =I47 -> 68379.6 | J46: =J47 -> 157696 | K46: =K47 -> 89280 | L46: =L47 -> 89000 | ... W46: =W47 -> 5000 | X46: =SUM(E46:W46) -> 1330764.7
A47: 44 | B47: 1、绿化维护费 8元/年平方米 | C47: 主款项 | D47: 绿化面积*8元（公式计算） | E47: =E74*8 -> 126632 | F47: =F74*8 -> 82880 | G47: =G74*8 -> 130104 | H47: =H74*8 -> 100940.8 | I47: =I74*8 -> 68379.6 | J47: =J74*8 -> 157696 | K47: =K74*8 -> 89280 | L47: =L74*8 -> 89000 | ... W47: =W74*8 -> 5000 | X47: =SUM(E47:W47) -> 1330764.7
A48: 45 | B48: (五)福利费 | D48: 公式计算 | E48: =E49+E50 -> 635040 | F48: =F49+F50 -> 609120 | G48: =G49+G50 -> 423360 | H48: =H49+H50 -> 393120 | I48: =I49+I50 -> 246240 | J48: =J49+J50 -> 876960 | K48: =K49+K50 -> 764640 | L48: =L49+L50 -> 293760 | ... W48: =W49+W50 -> 103680 | X48: =SUM(E48:W48) -> 6670080
A49: 46 | B49: 1、在职福利费 | C49: 主款项 | D49: 教职工人数*4320元（公式计算） | E49: =E62*4320 -> 341280 | F49: =F62*4320 -> 336960 | G49: =G62*4320 -> 419040 | H49: =H62*4320 -> 388800 | I49: =I62*4320 -> 246240 | J49: =J62*4320 -> 393120 | K49: =K62*4320 -> 302400 | L49: =L62*4320 -> 293760 | ... W49: =W62*4320 -> 25920 | X49: =SUM(E49:W49) -> 4838400
A50: 47 | B50: 2、离退休福利费 | C50: 主款项 | D50: 离退休人数*4320元（公式计算） | E50: =E72*4320 -> 293760 | F50: =F72*4320 -> 272160 | G50: =G72*4320 -> 4320 | H50: =H72*4320 -> 4320 | I50: =I72*4320 -> 0 | J50: =J72*4320 -> 483840 | K50: =K72*4320 -> 462240 | L50: =L72*4320 -> 0 | ... W50: =W72*4320 -> 77760 | X50: =SUM(E50:W50) -> 1831680
A51: 48 | B51: (六)工会经费 | D51: 公式计算 | E51: =E52 -> 412968 | F51: =F52 -> 385560 | G51: =G52 -> 490230.86 | H51: =H52 -> 470232 | I51: =I52 -> 271428.57 | J51: =J52 -> 456469.71 | K51: =K52 -> 348881.14 | L51: =L52 -> 298782.86 | ... W51: =W52 -> 28796.57 | X51: =SUM(E51:W51) -> 5449391.7
A52: 49 | B52: 1、工会经费2% | C52: 主款项 | D52: 公式计算（请检查） | E52: =ROUND(E30/0.07*0.02,2) -> 412968 | F52: =ROUND(F30/0.07*0.02,2) -> 385560 | G52: =ROUND(G30/0.07*0.02,2) -> 490230.86 | H52: =ROUND(H30/0.07*0.02,2) -> 470232 | I52: =ROUND(I30/0.07*0.02,2) -> 271428.57 | J52: =ROUND(J30/0.07*0.02,2) -> 456469.71 | K52: =ROUND(K30/0.07*0.02,2) -> 348881.14 | L52: =ROUND(L30/0.07*0.02,2) -> 298782.86 | ... W52: =ROUND(W30/0.07*0.02,2) -> 28796.57 | X52: =SUM(E52:W52) -> 5449391.7
A53: 50 | B53: (七)公务用车运行维护费★ | D53: 公式计算 | E53: =E54 -> 32000 | F53: =F54 -> 32000 | G53: =G54 -> 0 | H53: =H54 -> 0 | I53: =I54 -> 32000 | J53: =J54 -> 32000 | K53: =K54 -> 32000 | L53: =L54 -> 0 | ... W53: =W54 -> 32000 | X53: =SUM(E53:W53) -> 249000
A54: 51 | B54: 1、教育系统，校/辆 | C54: 主款项 | D54: 机关局有编制的车辆数*32000元/25000元/年（分园及分校预算在其他交通费中编制） | E54: 32000 | F54: 32000 | G54: 0 | I54: 32000 | J54: 32000 | K54: 32000 | O54: 32000 | P54: 25000 | U54: 0 | W54: 32000 | X54: =SUM(E54:W54) -> 249000
A55: 52 | B55: (八)其他商品和服务支出 | D55: 公式计算 | E55: =E56+E58 -> 32600 | F55: =F56+F58 -> 25200 | G55: =G56+G58 -> 10400 | H55: =H56+H58 -> 8400 | I55: =I56+I58 -> 10000 | J55: =J56+J58 -> 49800 | K55: =K56+K58 -> 47300 | L55: =L56+L58 -> 6500 | ... W55: =W56+W58 -> 8400 | X55: =SUM(E55:W55) -> 272650
A56: 53 | B56: 1、离退休公用支出 | C56: 主款项 | D56: 公式计算 | E56: =E57 -> 27200 | F56: =F57 -> 25200 | G56: =G57 -> 400 | H56: =H57 -> 400 | I56: =I57 -> 0 | J56: =J57 -> 44800 | K56: =K57 -> 42800 | L56: =L57 -> 0 | ... W56: =W57 -> 7200 | X56: =SUM(E56:W56) -> 169600
A57: 54 | B57: (1)活动费(活动费+活动费(托管)) | C57: 主款项 | D57: 离退休人数*400元/年（公式计算） | E57: =E72*400 -> 27200 | F57: =F72*400 -> 25200 | G57: =G72*400 -> 400 | H57: =H72*400 -> 400 | I57: =I72*400 -> 0 | J57: =J72*400 -> 44800 | K57: =K72*400 -> 42800 | L57: =L72*400 -> 0 | ... W57: =W72*400 -> 7200 | X57: =SUM(E57:W57) -> 169600
A58: 55 | B58: 2、子女幼托费 | C58: 主款项 | D58: 没有，填0 | E58: =9*50*12 -> 5400 | G58: 10000 | H58: 8000 | I58: 10000 | J58: 5000 | K58: 4500 | L58: 6500 | M58: 10000 | O58: 5000 | P58: 8000 | Q58: 6150 | R58: 3000 | S58: 4800 | T58: 5000 | U58: 4500 | V58: 6000 | W58: 1200 | X58: =SUM(E58:W58) -> 103050
A59: 56 | B59: (九)其他交通费用 | D59: 公式计算 | E59: =E60 -> 0 | F59: =F60 -> 0 | G59: =G60 -> 32000 | H59: =H60 -> 32000 | I59: =I60 -> 0 | J59: =J60 -> 10000 | K59: =K60 -> 0 | L59: =L60 -> 32000 | ... W59: =W60 -> 0 | X59: =SUM(E59:W59) -> 372000
A60: 57 | B60: 2、教育系统 | C60: 主款项 | D60: 机关局无编制车辆的学校按32000元编制预算 机关局有编制的车辆，每分校增加10000元，每个分园增加5000元编制预算 | G60: 32000 | H60: 32000 | J60: 10000 | L60: 32000 | M60: 32000 | N60: 32000 | O60: 5000 | P60: 5000 | Q60: 32000 | R60: 32000 | S60: 32000 | T60: 32000 | U60: 32000 | V60: 32000 | X60: =SUM(E60:W60) -> 372000
A61: 58 | B61: 学校基本情况： | X61: =SUM(E61:W61) -> 0
A62: 59 | B62: 1、教职工(人数) | D62: 填写2025年秋季在编教职工人数 | E62: =E63+E64+E65+E66 -> 79 | F62: =F63+F64+F65+F66 -> 78 | G62: =G63+G64+G65+G66 -> 97 | H62: =H63+H64+H65+H66 -> 90 | I62: =I63+I64+I65+I66 -> 57 | J62: =J63+J64+J65+J66 -> 91 | K62: =K63+K64+K65+K66 -> 70 | L62: =L63+L64+L65+L66 -> 68 | ... W62: =W63+W64+W65+W66 -> 6 | X62: =SUM(E62:W62) -> 1120
A63: 60 | B63: 初中 | E63: 79 | F63: 78 | G63: 51 | H63: 90 | I63: 57 | X63: =SUM(E63:W63) -> 355
A64: 61 | B64: 小学 | G64: 46 | J64: 91 | K64: 70 | L64: 68 | M64: 87 | N64: 67 | X64: =SUM(E64:W64) -> 429
A65: 62 | B65: 幼儿园 | O65: 56 | P65: 58 | Q65: 57 | R65: 22 | S65: 31 | T65: 27 | U65: 38 | V65: 41 | X65: =SUM(E65:W65) -> 330
A66: 63 | B66: 其他 | W66: 6 | X66: =SUM(E66:W66) -> 6
A67: 64 | B67: 2、学生(人数) | D67: 填写2025年秋季学期学生人数，以招办人数为准 | E67: =E68+E69+E70+E71 -> 1248 | F67: =F68+F69+F70+F71 -> 1142 | G67: =G68+G69+G70+G71 -> 1363 | H67: =H68+H69+H70+H71 -> 1650 | I67: =I68+I69+I70+I71 -> 982 | J67: =J68+J69+J70+J71 -> 1751 | K67: =K68+K69+K70+K71 -> 1283 | L67: =L68+L69+L70+L71 -> 1816 | ... W67: =W68+W69+W70+W71 -> 0 | X67: =SUM(E67:W67) -> 18508
A68: 65 | B68: 初中 | E68: 1248 | F68: 1142 | G68: 559 | H68: 1650 | I68: 982 | X68: =SUM(E68:W68) -> 5581
A69: 66 | B69: 小学 | G69: 804 | J69: 1751 | K69: 1283 | L69: 1816 | M69: 1412 | N69: 1233 | X69: =SUM(E69:W69) -> 8299
A70: 67 | B70: 幼儿园 | O70: 616 | P70: 814 | Q70: 677 | R70: 312 | S70: 526 | T70: 472 | U70: 514 | V70: 697 | X70: =SUM(E70:W70) -> 4628
A71: 68 | B71: 其他 | X71: =SUM(E71:W71) -> 0
A72: 69 | B72: 3、事业退休人员人数 | E72: 68 | F72: 63 | G72: 1 | H72: 1 | J72: 112 | K72: 107 | M72: 1 | N72: 1 | O72: 25 | P72: 24 | Q72: 2 | R72: 0 | T72: 1 | U72: 0 | W72: 18 | X72: =SUM(E72:W72) -> 424
A73: 70 | B73: 4、教育单位房屋（面积） | E73: 17063 | F73: 11923 | G73: 47723.69 | H73: 18481.39 | I73: 15865.86 | J73: 23546.35 | K73: 16490.19 | L73: 16648.97 | M73: 22433.4 | N73: 11914.29 | O73: 7654.77 | P73: 12113.78 | Q73: 10438.12 | R73: 6080 | S73: 11516.55 | T73: 11939.6 | U73: 11290.94 | V73: 13520 | W73: 1578 | X73: =SUM(E73:W73) -> 288221.9
A74: 71 | B74: 5、教育单位绿化（面积） | E74: 15829 | F74: 10360 | G74: 16263 | H74: 12617.6 | I74: 8547.45 | J74: 19712 | K74: 11160 | L74: 11125 | M74: 15700 | N74: 8447.1 | O74: 5134 | P74: 4330 | Q74: 4266 | R74: 2500 | S74: 5058.1 | T74: 4999 | U74: 4627.34 | V74: 5045 | W74: 625 | X74: =SUM(E74:W74) -> 166345.59

Sheet 梅陇镇
A1: 2026年基本支出预算表
A2: 序号 | B2: 项目名称 | C2: 功能分类 | D2: 口径 | E2: 梅陇实验 | F2: 罗阳中学 | G2: 金都实验 | H2: 晶城中学 | I2: 第三实验 | J2: 罗阳小学 | K2: 蔷薇小学 | L2: 梅陇中心幼 | M2: 曹行中心幼 | N2: 春申景城幼 | O2: 罗阳河畔幼 | P2: 晶华坊幼 | Q2: 金都幼儿园 | R2: 梅锦幼儿园 | S2: 梅陇永联幼 | T2: 梅陇社区校 | U2: 合计 | V2: 备注
E3: 一贯制 | F3: 初中 | G3: 初中 | H3: 初中 | I3: 小学 | J3: 小学 | K3: 小学 | L3: 幼儿园 | M3: 幼儿园 | N3: 幼儿园 | O3: 幼儿园 | P3: 幼儿园 | Q3: 幼儿园 | R3: 幼儿园 | S3: 幼儿园 | T3: 成人
A4: 1 | B4: 基本支出总预算数 | D4: 公式计算 | E4: =E5+E32+E39 -> 55107199 | F4: =F5+F32+F39 -> 33683908 | G4: =G5+G32+G39 -> 33044191 | H4: =H5+H32+H39 -> 42156589 | I4: =I5+I32+I39 -> 28066572 | J4: =J5+J32+J39 -> 26292885 | K4: =K5+K32+K39 -> 48939178 | L4: =L5+L32+L39 -> 20751577 | ... T4: =T5+T32+T39 -> 1836641.1 | U4: =SUM(E4:T4) -> 3.9193555e+08
A5: 2 | B5: 工资福利支出 | D5: 公式计算 | E5: =E6+E9+E13+E16+E21+E26+E28+E30+E31 -> 43793645 | F5: =F6+F9+F13+F16+F21+F26+F28+F30+F31 -> 27569536 | G5: =G6+G9+G13+G16+G21+G26+G28+G30+G31 -> 26538200 | H5: =H6+H9+H13+H16+H21+H26+H28+H30+H31 -> 35048839 | I5: =I6+I9+I13+I16+I21+I26+I28+I30+I31 -> 22503637 | J5: =J6+J9+J13+J16+J21+J26+J28+J30+J31 -> 22292595 | K5: =K6+K9+K13+K16+K21+K26+K28+K30+K31 -> 40909120 | L5: =L6+L9+L13+L16+L21+L26+L28+L30+L31 -> 17286443 | ... T5: =T6+T9+T13+T16+T21+T26+T28+T30+T31 -> 1571218.3 | U5: =SUM(E5:T5) -> 3.2422771e+08
A6: 3 | B6: 基本工资 | D6: 公式计算 | E6: =E7+E8 -> 6761568 | F6: =F7+F8 -> 4050708 | G6: =G7+G8 -> 3908736 | H6: =H7+H8 -> 4690392 | I6: =I7+I8 -> 3870312 | J6: =J7+J8 -> 3321972 | K6: =K7+K8 -> 5805180 | L6: =L7+L8 -> 2851608 | ... T6: =T7+T8 -> 231324 | U6: =SUM(E6:T6) -> 49112801
A7: 4 | B7: 1、岗位工资 | C7: 主款项 | D7: 根据人事口径按实编制 | E7: 3513204 | F7: 2224284 | G7: 2195976 | H7: 2951064 | I7: 1789620 | J7: 1806672 | K7: 3346404 | L7: 1573116 | M7: 1137288 | N7: 2037912 | O7: 1322604 | P7: 1286184 | Q7: 1142724 | R7: 521004 | S7: 400536 | T7: 129504 | U7: =SUM(E7:T7) -> 27378096
A8: 5 | B8: 2、薪级工资 | C8: 主款项 | D8: 根据人事口径按实编制 | E8: 3248364 | F8: 1826424 | G8: 1712760 | H8: 1739328 | I8: 2080692 | J8: 1515300 | K8: 2458776 | L8: 1278492 | M8: 1004616 | N8: 1474716 | O8: 940692 | P8: 901776 | Q8: 819664.8 | R8: 378096 | S8: 253188 | T8: 101820 | U8: =SUM(E8:T8) -> 21734705
A9: 6 | B9: 津贴补贴 | D9: 公式计算 | E9: =E10+E11 -> 626832 | F9: =F10+F11 -> 379644 | G9: =G10+G11 -> 380136 | H9: =H10+H11 -> 506004 | I9: =I10+I11 -> 354696 | J9: =J10+J11 -> 326916 | K9: =K10+K11 -> 614016 | L9: =L10+L11 -> 284136 | ... T9: =T10+T11 -> 21480 | U9: =SUM(E9:T9) -> 4962525.6
A10: 7 | B10: 1、各类津贴★▲ | C10: 主款项 | D10: 根据人事口径按实编制 | E10: 9072 | F10: 4764 | G10: 5256 | H10: 4404 | I10: 6216 | J10: 4836 | K10: 6816 | L10: 4296 | M10: 3372 | N10: 4824 | O10: 3204 | P10: 2748 | Q10: 21777.6 | R10: 1080 | S10: 780 | T10: 360 | U10: =SUM(E10:T10) -> 83805.6
A11: 8 | B11: 2、各类补贴 | D11: 公式计算 | E11: =E12 -> 617760 | F11: =F12 -> 374880 | G11: =G12 -> 374880 | H11: =H12 -> 501600 | I11: =I12 -> 348480 | J11: =J12 -> 322080 | K11: =K12 -> 607200 | L11: =L12 -> 279840 | ... T11: =T12 -> 21120 | U11: =SUM(E11:T11) -> 4878720
A12: 9 | B12: (1)上下班交通费补贴 | C12: 主款项 | D12: 公式计算 | E12: =440*12*E62 -> 617760 | F12: =440*12*F62 -> 374880 | G12: =440*12*G62 -> 374880 | H12: =440*12*H62 -> 501600 | I12: =440*12*I62 -> 348480 | J12: =440*12*J62 -> 322080 | K12: =440*12*K62 -> 607200 | L12: =440*12*L62 -> 279840 | ... T12: =440*12*T62 -> 21120 | U12: =SUM(E12:T12) -> 4878720
A13: 10 | B13: 其他社会保障缴费 | D13: 注：社保缴费基数应该相同 | E13: =E14+E15 -> 297774.86 | F13: =F14+F15 -> 192000 | G13: =G14+G15 -> 179712 | H13: =H14+H15 -> 236333.14 | I13: =I14+I15 -> 146377.72 | J13: =J14+J15 -> 150454.28 | K13: =K14+K15 -> 275076 | L13: =L14+L15 -> 119501.14 | ... T13: =T14+T15 -> 10431.42 | U13: =SUM(E13:T13) -> 2194064.6
A14: 11 | B14: 1、工伤保险费0.5(0.2%-1.9%) | C14: 主款项 | D14: 公式计算（请检查） | E14: =ROUND(E30/0.07*0.005,2) -> 148887.43 | F14: =ROUND(F30/0.07*0.005,2) -> 96000 | G14: =ROUND(G30/0.07*0.005,2) -> 89856 | H14: =ROUND(H30/0.07*0.005,2) -> 118166.57 | I14: =ROUND(I30/0.07*0.005,2) -> 73188.86 | J14: =ROUND(J30/0.07*0.005,2) -> 75227.14 | K14: =ROUND(K30/0.07*0.005,2) -> 137538 | L14: =ROUND(L30/0.07*0.005,2) -> 59750.57 | ... T14: =ROUND(T30/0.07*0.005,2) -> 5215.71 | U14: =SUM(E14:T14) -> 1097032.3
A15: 12 | B15: 2、失业保险0.5% | C15: 主款项 | D15: 公式计算（请检查） | E15: =ROUND(E30/0.07*0.005,2) -> 148887.43 | F15: =ROUND(F30/0.07*0.005,2) -> 96000 | G15: =ROUND(G30/0.07*0.005,2) -> 89856 | H15: =ROUND(H30/0.07*0.005,2) -> 118166.57 | I15: =ROUND(I30/0.07*0.005,2) -> 73188.86 | J15: =ROUND(J30/0.07*0.005,2) -> 75227.14 | K15: =ROUND(K30/0.07*0.005,2) -> 137538 | L15: =ROUND(L30/0.07*0.005,2) -> 59750.57 | ... T15: =ROUND(T30/0.07*0.005,2) -> 5215.71 | U15: =SUM(E15:T15) -> 1097032.3
A16: 13 | B16: 绩效工资 | D16: 公式计算 | E16: =E17+E18+E19+E20 -> 23005376 | F16: =F17+F18+F19+F20 -> 14499184 | G16: =G17+G18+G19+G20 -> 14162288 | H16: =H17+H18+H19+H20 -> 19217452 | I16: =I17+I18+I19+I20 -> 11691632 | J16: =J17+J18+J19+J20 -> 11873264 | K16: =K17+K18+K19+K20 -> 22111504 | L16: =L17+L18+L19+L20 -> 8773148 | ... T16: =T17+T18+T19+T20 -> 849000 | U16: =SUM(E16:T16) -> 171419476
A17: 14 | B17: 1、绩效工资 | C17: 主款项 | D17: 根据人保科数字编制 | E17: 20456800 | F17: 12765000 | G17: 12765000 | H17: 17390000 | I17: 10384000 | J17: 10384000 | K17: 19659200 | L17: 8178800 | M17: 6069700 | N17: 10964100 | O17: 6923000 | P17: 7084000 | Q17: 6069700 | R17: 2737000 | S17: 2254000 | T17: 825000 | U17: =SUM(E17:T17) -> 154909300
A18: 15 | B18: 2、校长职级制 | C18: 主款项 | D18: 根据校长职级制按实编制 | E18: 676576 | F18: 598184 | G18: 261288 | H18: 307452 | I18: 251632 | J18: 513264 | K18: 612304 | L18: 276348 | M18: 214616 | N18: 308640 | O18: 255720 | P18: 244024 | Q18: 241504 | R18: 244624 | U18: =SUM(E18:T18) -> 5006176
A19: 16 | B19: 3、工作餐补贴 | C19: 主款项 | D19: 公式计算 | E19: =E62*500*12 -> 702000 | F19: =F62*500*12 -> 426000 | G19: =G62*500*12 -> 426000 | H19: =H62*500*12 -> 570000 | I19: =I62*500*12 -> 396000 | J19: =J62*500*12 -> 366000 | K19: =K62*500*12 -> 690000 | L19: =L62*500*12 -> 318000 | ... T19: =T62*500*12 -> 24000 | U19: =SUM(E19:T19) -> 5544000
A20: 17 | B20: 4、课后服务(在编人员） | C20: 主款项 | D20: 根据人事口径按实编制 | E20: =10000*E62 -> 1170000 | F20: =10000*F62 -> 710000 | G20: =10000*G62 -> 710000 | H20: =10000*H62 -> 950000 | I20: =10000*I62 -> 660000 | J20: =10000*J62 -> 610000 | K20: =10000*K62 -> 1150000 | U20: =SUM(E20:T20) -> 5960000
A21: 18 | B21: 城镇职工基本医疗保险缴费 | D21: 公式计算 | E21: =E22+E23 -> 3871073.1 | F21: =F22+F23 -> 2496000 | G21: =G22+G23 -> 2336256 | H21: =H22+H23 -> 3072330.9 | I21: =I22+I23 -> 1902910.3 | J21: =J22+J23 -> 1955905.7 | K21: =K22+K23 -> 3575988 | L21: =L22+L23 -> 1553514.9 | ... T21: =T22+T23 -> 135608.58 | U21: =SUM(E21:T21) -> 28522839
A22: 19 | B22: 1、医疗保险费9% | C22: 事业单位医疗 | D22: 公式计算 | E22: =ROUND(E30/0.07*0.09,2) -> 2679973.7 | F22: =ROUND(F30/0.07*0.09,2) -> 1728000 | G22: =ROUND(G30/0.07*0.09,2) -> 1617408 | H22: =ROUND(H30/0.07*0.09,2) -> 2126998.3 | I22: =ROUND(I30/0.07*0.09,2) -> 1317399.4 | J22: =ROUND(J30/0.07*0.09,2) -> 1354088.6 | K22: =ROUND(K30/0.07*0.09,2) -> 2475684 | L22: =ROUND(L30/0.07*0.09,2) -> 1075510.3 | ... T22: =ROUND(T30/0.07*0.09,2) -> 93882.86 | U22: =SUM(E22:T22) -> 19746581
A23: 20 | B23: 2、其他医疗保险费4% | C23: 事业单位医疗 | D23: 公式计算（请检查） | E23: =E24+E25 -> 1191099.4 | F23: =F24+F25 -> 768000 | G23: =G24+G25 -> 718848 | H23: =H24+H25 -> 945332.58 | I23: =I24+I25 -> 585510.86 | J23: =J24+J25 -> 601817.14 | K23: =K24+K25 -> 1100304 | L23: =L24+L25 -> 478004.58 | ... T23: =T24+T25 -> 41725.72 | U23: =SUM(E23:T23) -> 8776258.3
A24: 21 | B24: (1)其他保险2%(统筹)：住院及大病补助 | C24: 事业单位医疗 | D24: 公式计算（请检查） | E24: =ROUND(E30/0.07*0.02,2) -> 595549.71 | F24: =ROUND(F30/0.07*0.02,2) -> 384000 | G24: =ROUND(G30/0.07*0.02,2) -> 359424 | H24: =ROUND(H30/0.07*0.02,2) -> 472666.29 | I24: =ROUND(I30/0.07*0.02,2) -> 292755.43 | J24: =ROUND(J30/0.07*0.02,2) -> 300908.57 | K24: =ROUND(K30/0.07*0.02,2) -> 550152 | L24: =ROUND(L30/0.07*0.02,2) -> 239002.29 | ... T24: =ROUND(T30/0.07*0.02,2) -> 20862.86 | U24: =SUM(E24:T24) -> 4388129.1
A25: 22 | B25: (2)其他保险2%(单位)：购买保险 | C25: 事业单位医疗 | D25: 公式计算（请检查） | E25: =ROUND(E30/0.07*0.02,2) -> 595549.71 | F25: =ROUND(F30/0.07*0.02,2) -> 384000 | G25: =ROUND(G30/0.07*0.02,2) -> 359424 | H25: =ROUND(H30/0.07*0.02,2) -> 472666.29 | I25: =ROUND(I30/0.07*0.02,2) -> 292755.43 | J25: =ROUND(J30/0.07*0.02,2) -> 300908.57 | K25: =ROUND(K30/0.07*0.02,2) -> 550152 | L25: =ROUND(L30/0.07*0.02,2) -> 239002.29 | ... T25: =ROUND(T30/0.07*0.02,2) -> 20862.86 | U25: =SUM(E25:T25) -> 4388129.1
A26: 23 | B26: 事业单位基本养老保险缴费 | D26: 公式计算 | E26: =E27 -> 4764397.7 | F26: =F27 -> 3072000 | G26: =G27 -> 2875392 | H26: =H27 -> 3781330.3 | I26: =I27 -> 2342043.4 | J26: =J27 -> 2407268.6 | K26: =K27 -> 4401216 | L26: =L27 -> 1912018.3 | ... T26: =T27 -> 166902.86 | U26: =SUM(E26:T26) -> 35105033
A27: 24 | B27: 1、基本养老保险16% | C27: 养老保险 | D27: 公式计算（请检查） | E27: =ROUND(E30/0.07*0.16,2) -> 4764397.7 | F27: =ROUND(F30/0.07*0.16,2) -> 3072000 | G27: =ROUND(G30/0.07*0.16,2) -> 2875392 | H27: =ROUND(H30/0.07*0.16,2) -> 3781330.3 | I27: =ROUND(I30/0.07*0.16,2) -> 2342043.4 | J27: =ROUND(J30/0.07*0.16,2) -> 2407268.6 | K27: =ROUND(K30/0.07*0.16,2) -> 4401216 | L27: =ROUND(L30/0.07*0.16,2) -> 1912018.3 | ... T27: =ROUND(T30/0.07*0.16,2) -> 166902.86 | U27: =SUM(E27:T27) -> 35105033
A28: 25 | B28: 职业年金缴纳 | D28: 公式计算 | E28: =E29 -> 2382198.9 | F28: =F29 -> 1536000 | G28: =G29 -> 1437696 | H28: =H29 -> 1890665.1 | I28: =I29 -> 1171021.7 | J28: =J29 -> 1203634.3 | K28: =K29 -> 2200608 | L28: =L29 -> 956009.14 | ... T28: =T29 -> 83451.43 | U28: =SUM(E28:T28) -> 17552517
A29: 26 | B29: 1、职业年金8% | C29: 职业年金 | D29: 公式计算（请检查） | E29: =ROUND(E30/0.07*0.08,2) -> 2382198.9 | F29: =ROUND(F30/0.07*0.08,2) -> 1536000 | G29: =ROUND(G30/0.07*0.08,2) -> 1437696 | H29: =ROUND(H30/0.07*0.08,2) -> 1890665.1 | I29: =ROUND(I30/0.07*0.08,2) -> 1171021.7 | J29: =ROUND(J30/0.07*0.08,2) -> 1203634.3 | K29: =ROUND(K30/0.07*0.08,2) -> 2200608 | L29: =ROUND(L30/0.07*0.08,2) -> 956009.14 | ... T29: =ROUND(T30/0.07*0.08,2) -> 83451.43 | U29: =SUM(E29:T29) -> 17552517
A30: 27 | B30: 公积金7% | C30: 公积金 | D30: 根据人事口径按实编制 | E30: 2084424 | F30: 1344000 | G30: 1257984 | H30: 1654332 | I30: 1024644 | J30: 1053180 | K30: 1925532 | L30: 836508 | M30: 581496 | N30: 1075860 | O30: 670908 | P30: 704184 | Q30: 590484 | R30: 272640 | S30: 209256 | T30: 73020 | U30: =SUM(E30:T30) -> 15358452
A31: 28 | B31: 其他工资福利 | C31: 主款项 | D31: 年初预算为0 | U31: =SUM(E31:T31) -> 0
A32: 29 | B32: 对个人和家庭补助 | D32: 公式计算 | E32: =E33+E35+E37 -> 3143760 | F32: =F33+F35+F37 -> 789480 | G32: =G33+G35+G37 -> 816300 | H32: =H33+H35+H37 -> 21180 | I32: =I33+I35+I37 -> 1185420 | J32: =J33+J35+J37 -> 632940 | K32: =K33+K35+K37 -> 508560 | L32: =L33+L35+L37 -> 488040 | ... T32: =T33+T35+T37 -> 85200 | U32: =SUM(E32:T32) -> 8179320
A33: 30 | B33: 退休费 | C33: 离退休 | D33: 根据退休人员情况按实编制 | E33: =E34 -> 3138000 | F33: =F34 -> 785160 | G33: =G34 -> 813420 | H33: =H34 -> 15780 | I33: =I34 -> 1185060 | J33: =J34 -> 632220 | K33: =K34 -> 505320 | L33: =L34 -> 483720 | ... T33: =T34 -> 85200 | U33: =SUM(E33:T33) -> 8134680
A34: 31 | B34: 1、退休人员生活补贴 | C34: 离退休 | D34: 根据退休人员情况按实编制 | E34: 3138000 | F34: 785160 | G34: 813420 | H34: 15780 | I34: 1185060 | J34: 632220 | K34: 505320 | L34: 483720 | M34: 236460 | N34: 149220 | O34: 105120 | T34: 85200 | U34: =SUM(E34:T34) -> 8134680
A35: 32 | B35: 奖励金 | D35: 公式计算 | E35: =E36 -> 5760 | F35: =F36 -> 4320 | G35: =G36 -> 2880 | H35: =H36 -> 5400 | I35: =I36 -> 360 | J35: =J36 -> 720 | K35: =K36 -> 3240 | L35: =L36 -> 4320 | ... T35: =T36 -> 0 | U35: =SUM(E35:T35) -> 44640
A36: 33 | B36: 1、独生子女奖励费▲ | C36: 主款项 | D36: 根据人事口径按实编制 | E36: 5760 | F36: 4320 | G36: 2880 | H36: 5400 | I36: 360 | J36: 720 | K36: 3240 | L36: 4320 | M36: 3240 | N36: 3240 | O36: 2160 | P36: 4320 | Q36: 2880 | R36: 1080 | S36: 720 | U36: =SUM(E36:T36) -> 44640
A37: 34 | B37: 其他支出对个人和家庭补助 | D37: 公式计算 | E37: =E38 -> 0 | F37: =F38 -> 0 | G37: =G38 -> 0 | H37: =H38 -> 0 | I37: =I38 -> 0 | J37: =J38 -> 0 | K37: =K38 -> 0 | L37: =L38 -> 0 | ... T37: =T38 -> 0 | U37: =SUM(E37:T37) -> 0
A38: 35 | B38: 1、其他 | C38: 主款项 | D38: 除罗阳小学3人及七宝二中1人的退休共享费外，其他学校填0 | U38: =SUM(E38:T38) -> 0
A39: 36 | B39: 商品和服务支出和其他资本性支出 | D39: 公式计算 | E39: =E40+E42+E44+E46+E48+E51+E53+E55+E59 -> 8169794.3 | F39: =F40+F42+F44+F46+F48+F51+F53+F55+F59 -> 5324892.2 | G39: =G40+G42+G44+G46+G48+G51+G53+G55+G59 -> 5689691.1 | H39: =H40+H42+H44+H46+H48+H51+H53+H55+H59 -> 7086569.5 | I39: =I40+I42+I44+I46+I48+I51+I53+I55+I59 -> 4377514.6 | J39: =J40+J42+J44+J46+J48+J51+J53+J55+J59 -> 3367349.8 | K39: =K40+K42+K44+K46+K48+K51+K53+K55+K59 -> 7521497.8 | L39: =L40+L42+L44+L46+L48+L51+L53+L55+L59 -> 2977093.8 | ... T39: =T40+T42+T44+T46+T48+T51+T53+T55+T59 -> 180222.86 | U39: =SUM(E39:T39) -> 59528525
A40: 37 | B40: (一)公用定额 | D40: 学生人数*定额 | E40: 5720230 | F40: 4158000 | G40: 4338950 | H40: 5794250 | I40: 3203580 | J40: 2458860 | K40: 5855040 | L40: 2145000 | M40: 1430000 | N40: 3003000 | O40: 1573000 | P40: 1716000 | Q40: 1430000 | R40: 858000 | S40: 858000 | T40: 89600 | U40: =SUM(E40:T40) -> 44631510
A41: 38 | B41: 其中：培训费 | C41: 主款项 | D41: 生均定额5% | E41: 250862 | F41: 207900 | G41: 216947.5 | H41: 289712.5 | I41: 160179 | J41: 122943 | K41: 292752 | L41: 68211 | M41: 60632 | N41: 118404 | O41: 60203 | P41: 64779 | Q41: 67782 | R41: 32747 | S41: 18161 | T41: 4480 | U41: =SUM(E41:T41) -> 2036695
A42: 39 | B42: (二)培训费 | E42: =E43 -> 46800 | F42: =F43 -> 28400 | G42: =G43 -> 28400 | H42: =H43 -> 38000 | I42: =I43 -> 26400 | J42: =J43 -> 24400 | K42: =K43 -> 46000 | L42: =L43 -> 21200 | ... T42: =T43 -> 1600 | U42: =SUM(E42:T42) -> 369600
A43: 40 | B43: 1、进修、培训 400元/年教师 | C43: 主款项 | D43: 教职工人数*400元（公式计算） | E43: =E62*400 -> 46800 | F43: =F62*400 -> 28400 | G43: =G62*400 -> 28400 | H43: =H62*400 -> 38000 | I43: =I62*400 -> 26400 | J43: =J62*400 -> 24400 | K43: =K62*400 -> 46000 | L43: =L62*400 -> 21200 | ... T43: =T62*400 -> 1600 | U43: =SUM(E43:T43) -> 369600
A44: 41 | B44: (三)维修(护)费 | D44: 公式计算 | E44: =E45 -> 369110.55 | F44: =F45 -> 184792.2 | G44: =G45 -> 344669.55 | H44: =H45 -> 259299.6 | I44: =I45 -> 164731.2 | J44: =J45 -> 98189.25 | K44: =K45 -> 310345.8 | L44: =L45 -> 141067.5 | ... T44: =T45 -> 0 | U44: =SUM(E44:T44) -> 2795699.8
A45: 42 | B45: 1、房屋维修费 15元/年平方米 | C45: 主款项 | D45: 房屋面积*15元（公式计算） | E45: =E73*15 -> 369110.55 | F45: =F73*15 -> 184792.2 | G45: =G73*15 -> 344669.55 | H45: =H73*15 -> 259299.6 | I45: =I73*15 -> 164731.2 | J45: =J73*15 -> 98189.25 | K45: =K73*15 -> 310345.8 | L45: =L73*15 -> 141067.5 | ... T45: =T73*15 -> 0 | U45: =SUM(E45:T45) -> 2795699.8
A46: 43 | B46: (四)物业管理费 | D46: 公式计算 | E46: =E47 -> 105904 | F46: =F47 -> 28240 | G46: =G47 -> 76487.6 | H46: =H47 -> 70433.6 | I46: =I47 -> 76688 | J46: =J47 -> 31192 | K46: =K47 -> 97640 | L46: =L47 -> 33144 | ... T46: =T47 -> 0 | U46: =SUM(E46:T46) -> 727845.6
A47: 44 | B47: 1、绿化维护费 8元/年平方米 | C47: 主款项 | D47: 绿化面积*8元（公式计算） | E47: =E74*8 -> 105904 | F47: =F74*8 -> 28240 | G47: =G74*8 -> 76487.6 | H47: =H74*8 -> 70433.6 | I47: =I74*8 -> 76688 | J47: =J74*8 -> 31192 | K47: =K74*8 -> 97640 | L47: =L74*8 -> 33144 | ... T47: =T74*8 -> 0 | U47: =SUM(E47:T47) -> 727845.6
A48: 45 | B48: (五)福利费 | D48: 公式计算 | E48: =E49+E50 -> 1209600 | F48: =F49+F50 -> 488160 | G48: =G49+G50 -> 488160 | H48: =H49+H50 -> 414720 | I48: =I49+I50 -> 552960 | J48: =J49+J50 -> 410400 | K48: =K49+K50 -> 609120 | L48: =L49+L50 -> 341280 | ... T48: =T49+T50 -> 34560 | U48: =SUM(E48:T48) -> 5840640
A49: 46 | B49: 1、在职福利费 | C49: 主款项 | D49: 教职工人数*4320元（公式计算） | E49: =E62*4320 -> 505440 | F49: =F62*4320 -> 306720 | G49: =G62*4320 -> 306720 | H49: =H62*4320 -> 410400 | I49: =I62*4320 -> 285120 | J49: =J62*4320 -> 263520 | K49: =K62*4320 -> 496800 | L49: =L62*4320 -> 228960 | ... T49: =T62*4320 -> 17280 | U49: =SUM(E49:T49) -> 3991680
A50: 47 | B50: 2、离退休福利费 | C50: 主款项 | D50: 离退休人数*4320元（公式计算） | E50: =E72*4320 -> 704160 | F50: =F72*4320 -> 181440 | G50: =G72*4320 -> 181440 | H50: =H72*4320 -> 4320 | I50: =I72*4320 -> 267840 | J50: =J72*4320 -> 146880 | K50: =K72*4320 -> 112320 | L50: =L72*4320 -> 112320 | ... T50: =T72*4320 -> 17280 | U50: =SUM(E50:T50) -> 1848960
A51: 48 | B51: (六)工会经费 | D51: 公式计算 | E51: =E52 -> 595549.71 | F51: =F52 -> 384000 | G51: =G52 -> 359424 | H51: =H52 -> 472666.29 | I51: =I52 -> 292755.43 | J51: =J52 -> 300908.57 | K51: =K52 -> 550152 | L51: =L52 -> 239002.29 | ... T51: =T52 -> 20862.86 | U51: =SUM(E51:T51) -> 4388129.1
A52: 49 | B52: 1、工会经费2% | C52: 主款项 | D52: 公式计算（请检查） | E52: =ROUND(E30/0.07*0.02,2) -> 595549.71 | F52: =ROUND(F30/0.07*0.02,2) -> 384000 | G52: =ROUND(G30/0.07*0.02,2) -> 359424 | H52: =ROUND(H30/0.07*0.02,2) -> 472666.29 | I52: =ROUND(I30/0.07*0.02,2) -> 292755.43 | J52: =ROUND(J30/0.07*0.02,2) -> 300908.57 | K52: =ROUND(K30/0.07*0.02,2) -> 550152 | L52: =ROUND(L30/0.07*0.02,2) -> 239002.29 | ... T52: =ROUND(T30/0.07*0.02,2) -> 20862.86 | U52: =SUM(E52:T52) -> 4388129.1
A53: 50 | B53: (七)公务用车运行维护费★ | D53: 公式计算 | E53: =E54 -> 32000 | F53: =F54 -> 32000 | G53: =G54 -> 32000 | H53: =H54 -> 0 | I53: =I54 -> 32000 | J53: =J54 -> 25000 | K53: =K54 -> 25000 | L53: =L54 -> 32000 | ... T53: =T54 -> 0 | U53: =SUM(E53:T53) -> 242000
A54: 51 | B54: 1、教育系统，校/辆 | C54: 主款项 | D54: 机关局有编制的车辆数*32000元/25000元/年（分园及分校预算在其他交通费中编制） | E54: 32000 | F54: 32000 | G54: 32000 | I54: 32000 | J54: 25000 | K54: 25000 | L54: 32000 | M54: 32000 | U54: =SUM(E54:T54) -> 242000
A55: 52 | B55: (八)其他商品和服务支出 | D55: 公式计算 | E55: =E56+E58 -> 70600 | F55: =F56+F58 -> 21300 | G55: =G56+G58 -> 21600 | H55: =H56+H58 -> 5200 | I55: =I56+I58 -> 28400 | J55: =J56+J58 -> 18400 | K55: =K56+K58 -> 18200 | L55: =L56+L58 -> 14400 | ... T55: =T56+T58 -> 1600 | U55: =SUM(E55:T55) -> 232100
A56: 53 | B56: 1、离退休公用支出 | C56: 主款项 | D56: 公式计算 | E56: =E57 -> 65200 | F56: =F57 -> 16800 | G56: =G57 -> 16800 | H56: =H57 -> 400 | I56: =I57 -> 24800 | J56: =J57 -> 13600 | K56: =K57 -> 10400 | L56: =L57 -> 10400 | ... T56: =T57 -> 1600 | U56: =SUM(E56:T56) -> 171200
A57: 54 | B57: (1)活动费(活动费+活动费(托管)) | C57: 主款项 | D57: 离退休人数*400元/年（公式计算） | E57: =E72*400 -> 65200 | F57: =F72*400 -> 16800 | G57: =G72*400 -> 16800 | H57: =H72*400 -> 400 | I57: =I72*400 -> 24800 | J57: =J72*400 -> 13600 | K57: =K72*400 -> 10400 | L57: =L72*400 -> 10400 | ... T57: =T72*400 -> 1600 | U57: =SUM(E57:T57) -> 171200
A58: 55 | B58: 2、子女幼托费 | C58: 主款项 | D58: 没有，填0 | E58: 5400 | F58: 4500 | G58: 4800 | H58: 4800 | I58: 3600 | J58: 4800 | K58: 7800 | L58: 4000 | M58: 1800 | N58: 3800 | O58: 4200 | P58: 3600 | Q58: 3000 | R58: 3000 | S58: 1800 | U58: =SUM(E58:T58) -> 60900
A59: 56 | B59: (九)其他交通费用 | D59: 公式计算 | E59: =E60 -> 20000 | F59: =F60 -> 0 | G59: =G60 -> 0 | H59: =H60 -> 32000 | I59: =I60 -> 0 | J59: =J60 -> 0 | K59: =K60 -> 10000 | L59: =L60 -> 10000 | ... T59: =T60 -> 32000 | U59: =SUM(E59:T59) -> 301000
A60: 57 | B60: 2、教育系统 | C60: 主款项 | D60: 机关局无编制车辆的学校按32000元编制预算 机关局有编制的车辆，每分校增加10000元，每个分园增加5000元编制预算 | E60: 20000 | H60: 32000 | K60: 10000 | L60: 10000 | M60: 5000 | N60: 32000 | O60: 32000 | P60: 32000 | Q60: 32000 | R60: 32000 | S60: 32000 | T60: 32000 | U60: =SUM(E60:T60) -> 301000
A61: 58 | B61: 学校基本情况： | U61: =SUM(E61:T61) -> 0
A62: 59 | B62: 1、教职工(人数) | D62: 填写2025年秋季在编教职工人数 | E62: =E63+E64+E65+E66 -> 117 | F62: =F63+F64+F65+F66 -> 71 | G62: =G63+G64+G65+G66 -> 71 | H62: =H63+H64+H65+H66 -> 95 | I62: =I63+I64+I65+I66 -> 66 | J62: =J63+J64+J65+J66 -> 61 | K62: =K63+K64+K65+K66 -> 115 | L62: =L63+L64+L65+L66 -> 53 | ... T62: =T63+T64+T65+T66 -> 4 | U62: =SUM(E62:T62) -> 924
A63: 60 | B63: 初中 | E63: 55 | F63: 71 | G63: 71 | H63: 95 | U63: =SUM(E63:T63) -> 292
A64: 61 | B64: 小学 | E64: 62 | I64: 66 | J64: 61 | K64: 115 | U64: =SUM(E64:T64) -> 304
A65: 62 | B65: 幼儿园 | L65: 53 | M65: 40 | N65: 71 | O65: 44 | P65: 45 | Q65: 39 | R65: 18 | S65: 14 | U65: =SUM(E65:T65) -> 324
A66: 63 | B66: 其他 | T66: 4 | U66: =SUM(E66:T66) -> 4
A67: 64 | B67: 2、学生(人数) | D67: 填写2025年秋季学期学生人数，以招办人数为准 | E67: =E68+E69+E70+E71 -> 1436 | F67: =F68+F69+F70+F71 -> 1080 | G67: =G68+G69+G70+G71 -> 1127 | H67: =H68+H69+H70+H71 -> 1505 | I67: =I68+I69+I70+I71 -> 998 | J67: =J68+J69+J70+J71 -> 766 | K67: =K68+K69+K70+K71 -> 1824 | L67: =L68+L69+L70+L71 -> 477 | ... T67: =T68+T69+T70+T71 -> 0 | U67: =SUM(E67:T67) -> 12169
A68: 65 | B68: 初中 | E68: 637 | F68: 1080 | G68: 1127 | H68: 1505 | U68: =SUM(E68:T68) -> 4349
A69: 66 | B69: 小学 | E69: 799 | I69: 998 | J69: 766 | K69: 1824 | U69: =SUM(E69:T69) -> 4387
A70: 67 | B70: 幼儿园 | L70: 477 | M70: 424 | N70: 828 | O70: 421 | P70: 453 | Q70: 474 | R70: 229 | S70: 127 | U70: =SUM(E70:T70) -> 3433
A71: 68 | B71: 其他 | U71: =SUM(E71:T71) -> 0
A72: 69 | B72: 3、事业退休人员人数 | E72: 163 | F72: 42 | G72: 42 | H72: 1 | I72: 62 | J72: 34 | K72: 26 | L72: 26 | M72: 13 | N72: 9 | O72: 6 | T72: 4 | U72: =SUM(E72:T72) -> 428
A73: 70 | B73: 4、教育单位房屋（面积） | E73: 24607.37 | F73: 12319.48 | G73: 22977.97 | H73: 17286.64 | I73: 10982.08 | J73: 6545.95 | K73: 20689.72 | L73: 9404.5 | M73: 4648.89 | N73: 15187.41 | O73: 8599.06 | P73: 11829.41 | Q73: 7947.39 | R73: 5724.12 | S73: 7630 | U73: =SUM(E73:T73) -> 186379.99
A74: 71 | B74: 5、教育单位绿化（面积） | E74: 13238 | F74: 3530 | G74: 9560.95 | H74: 8804.2 | I74: 9586 | J74: 3899 | K74: 12205 | L74: 4143 | M74: 2486 | N74: 5315.35 | O74: 3543 | P74: 4348.7 | Q74: 5677.6 | R74: 1964.4 | S74: 2679.5 | U74: =SUM(E74:T74) -> 90980.7

Sheet 马桥镇
A1: 2026年基本支出预算表
A2: 序号 | B2: 项目名称 | C2: 功能分类 | D2: 口径 | E2: 上海市马桥强恕学校 | F2: 上海交通大学附属闵行马桥实验学校 | G2: 上海市闵行区马桥复旦万科实验中学 | H2: 上海市闵行区马桥文来外国语小学 | I2: 上海市闵行区马桥实验幼儿园 | J2: 上海市闵行区马桥富国幼儿园 | K2: 上海市闵行区马桥富卓幼儿园 | L2: 上海市闵行区马桥启英幼儿园 | M2: 闵行区马桥中心幼儿园 | N2: 上海市闵行区马桥元祥幼儿园 | O2: 上海市闵行区马桥富杰幼儿园 | P2: 马桥社区学校 | Q2: 合计 | R2: 备注
E3: 一贯制 | F3: 一贯制 | G3: 初中 | H3: 小学 | I3: 幼儿园 | J3: 幼儿园 | K3: 幼儿园 | L3: 幼儿园 | M3: 幼儿园 | N3: 幼儿园 | O3: 幼儿园 | P3: 成人
A4: 1 | B4: 基本支出总预算数 | D4: 公式计算 | E4: =E5+E32+E39 -> 66920075 | F4: =F5+F32+F39 -> 52009748 | G4: =G5+G32+G39 -> 39395028 | H4: =H5+H32+H39 -> 71065512 | I4: =I5+I32+I39 -> 9264209.8 | J4: =J5+J32+J39 -> 10019812 | K4: =K5+K32+K39 -> 8620635.1 | L4: =L5+L32+L39 -> 9527366.4 | ... P4: =P5+P32+P39 -> 4474482.2 | Q4: =SUM(E4:P4) -> 3.0769917e+08
A5: 2 | B5: 工资福利支出 | D5: 公式计算 | E5: =E6+E9+E13+E16+E21+E26+E28+E30+E31 -> 54717571 | F5: =F6+F9+F13+F16+F21+F26+F28+F30+F31 -> 43374789 | G5: =G6+G9+G13+G16+G21+G26+G28+G30+G31 -> 32315052 | H5: =H6+H9+H13+H16+H21+H26+H28+H30+H31 -> 59559629 | I5: =I6+I9+I13+I16+I21+I26+I28+I30+I31 -> 8038407.7 | J5: =J6+J9+J13+J16+J21+J26+J28+J30+J31 -> 8571755.4 | K5: =K6+K9+K13+K16+K21+K26+K28+K30+K31 -> 7379286.9 | L5: =L6+L9+L13+L16+L21+L26+L28+L30+L31 -> 8012984 | ... P5: =P6+P9+P13+P16+P21+P26+P28+P30+P31 -> 3812566.3 | Q5: =SUM(E5:P5) -> 2.5686991e+08
A6: 3 | B6: 基本工资 | D6: 公式计算 | E6: =E7+E8 -> 9366432 | F6: =F7+F8 -> 5520012 | G6: =G7+G8 -> 4029072 | H6: =H7+H8 -> 8316612 | I6: =I7+I8 -> 1183296 | J6: =J7+J8 -> 1135428 | K6: =K7+K8 -> 1060992 | L6: =L7+L8 -> 1179120 | ... P6: =P7+P8 -> 606216 | Q6: =SUM(E6:P6) -> 37517592
A7: 4 | B7: 1、岗位工资 | C7: 主款项 | D7: 根据人事口径按实编制 | E7: =364572*12 -> 4374864 | F7: =291028*12 -> 3492336 | G7: 2642424 | H7: 4797960 | I7: 715836 | J7: 752712 | K7: 646356 | L7: =59676*12 -> 716112 | M7: =69289*12 -> 831468 | N7: =55626*12 -> 667512 | O7: 1382844 | P7: =24696*12 -> 296352 | Q7: =SUM(E7:P7) -> 21316776
A8: 5 | B8: 2、薪级工资 | C8: 主款项 | D8: 根据人事口径按实编制 | E8: =415964*12 -> 4991568 | F8: =168973*12 -> 2027676 | G8: 1386648 | H8: 3518652 | I8: 467460 | J8: 382716 | K8: 414636 | L8: =38584*12 -> 463008 | M8: =72769*12 -> 873228 | N8: =40297*12 -> 483564 | O8: 881796 | P8: =25822*12 -> 309864 | Q8: =SUM(E8:P8) -> 16200816
A9: 6 | B9: 津贴补贴 | D9: 公式计算 | E9: =E10+E11 -> 753468 | F9: =F10+F11 -> 632628 | G9: =G10+G11 -> 467988 | H9: =H10+H11 -> 886284 | I9: =I10+I11 -> 133500 | J9: =J10+J11 -> 143412 | K9: =K10+K11 -> 127896 | L9: =L10+L11 -> 133380 | ... P9: =P10+P11 -> 53556 | Q9: =SUM(E9:P9) -> 3857004
A10: 7 | B10: 1、各类津贴★▲ | C10: 主款项 | D10: 根据人事口径按实编制 | E10: 14268 | F10: =359*12 -> 4308 | G10: 3348 | H10: 9804 | I10: 1500 | J10: 852 | K10: 6456 | L10: 1380 | M10: 2928 | N10: 1608 | O10: 2916 | P10: 756 | Q10: =SUM(E10:P10) -> 50124
A11: 8 | B11: 2、各类补贴 | D11: 公式计算 | E11: =E12 -> 739200 | F11: =F12 -> 628320 | G11: =G12 -> 464640 | H11: =H12 -> 876480 | I11: =I12 -> 132000 | J11: =J12 -> 142560 | K11: =K12 -> 121440 | L11: =L12 -> 132000 | ... P11: =P12 -> 52800 | Q11: =SUM(E11:P11) -> 3806880
A12: 9 | B12: (1)上下班交通费补贴 | C12: 主款项 | D12: 公式计算 | E12: =440*12*E62 -> 739200 | F12: =440*12*F62 -> 628320 | G12: =440*12*G62 -> 464640 | H12: =440*12*H62 -> 876480 | I12: =440*12*I62 -> 132000 | J12: =440*12*J62 -> 142560 | K12: =440*12*K62 -> 121440 | L12: =440*12*L62 -> 132000 | ... P12: =440*12*P62 -> 52800 | Q12: =SUM(E12:P12) -> 3806880
A13: 10 | B13: 其他社会保障缴费 | D13: 注：社保缴费基数应该相同 | E13: =E14+E15 -> 373997.14 | F13: =F14+F15 -> 303558.86 | G13: =G14+G15 -> 223440 | H13: =H14+H15 -> 404910.86 | I13: =I14+I15 -> 55256.58 | J13: =J14+J15 -> 59957.14 | K13: =K14+K15 -> 50614.28 | L13: =L14+L15 -> 54192 | ... P13: =P14+P15 -> 25995.42 | Q13: =SUM(E13:P13) -> 1752358.3
A14: 11 | B14: 1、工伤保险费0.5(0.2%-1.9%) | C14: 主款项 | D14: 公式计算（请检查） | E14: =ROUND(E30/0.07*0.005,2) -> 186998.57 | F14: =ROUND(F30/0.07*0.005,2) -> 151779.43 | G14: =ROUND(G30/0.07*0.005,2) -> 111720 | H14: =ROUND(H30/0.07*0.005,2) -> 202455.43 | I14: =ROUND(I30/0.07*0.005,2) -> 27628.29 | J14: =ROUND(J30/0.07*0.005,2) -> 29978.57 | K14: =ROUND(K30/0.07*0.005,2) -> 25307.14 | L14: =ROUND(L30/0.07*0.005,2) -> 27096 | ... P14: =ROUND(P30/0.07*0.005,2) -> 12997.71 | Q14: =SUM(E14:P14) -> 876179.14
A15: 12 | B15: 2、失业保险0.5% | C15: 主款项 | D15: 公式计算（请检查） | E15: =ROUND(E30/0.07*0.005,2) -> 186998.57 | F15: =ROUND(F30/0.07*0.005,2) -> 151779.43 | G15: =ROUND(G30/0.07*0.005,2) -> 111720 | H15: =ROUND(H30/0.07*0.005,2) -> 202455.43 | I15: =ROUND(I30/0.07*0.005,2) -> 27628.29 | J15: =ROUND(J30/0.07*0.005,2) -> 29978.57 | K15: =ROUND(K30/0.07*0.005,2) -> 25307.14 | L15: =ROUND(L30/0.07*0.005,2) -> 27096 | ... P15: =ROUND(P30/0.07*0.005,2) -> 12997.71 | Q15: =SUM(E15:P15) -> 876179.14
A16: 13 | B16: 绩效工资 | D16: 公式计算 | E16: =E17+E18+E19+E20 -> 27767800 | F16: =F17+F18+F19+F20 -> 23562000 | G16: =G17+G18+G19+G20 -> 17763192 | H16: =H17+H18+H19+H20 -> 32135744 | I16: =I17+I18+I19+I20 -> 4235066 | J16: =J17+J18+J19+J20 -> 4594844 | K16: =K17+K18+K19+K20 -> 3912756 | L16: =L17+L18+L19+L20 -> 4261844 | ... P16: =P17+P18+P19+P20 -> 1983000 | Q16: =SUM(E16:P16) -> 136639190
A17: 14 | B17: 1、绩效工资 | C17: 主款项 | D17: 根据人保科数字编制 | E17: 24934000 | F17: 21658000 | G17: 16095000 | H17: 28811200 | I17: 3864000 | J17: 4186000 | K17: 3542000 | L17: 3864000 | M17: 4347000 | N17: 3220000 | O17: 7518700 | P17: 1923000 | Q17: =SUM(E17:P17) -> 123962900
A18: 15 | B18: 2、校长职级制 | C18: 主款项 | D18: 根据校长职级制按实编制 | E18: 593800 | G18: 260192 | H18: 668544 | I18: 221066 | J18: 246844 | K18: 232756 | L18: 247844 | M18: 245716 | N18: 245356 | O18: 258172 | Q18: =SUM(E18:P18) -> 3220290
A19: 16 | B19: 3、工作餐补贴 | C19: 主款项 | D19: 公式计算 | E19: =E62*500*12 -> 840000 | F19: =F62*500*12 -> 714000 | G19: =G62*500*12 -> 528000 | H19: =H62*500*12 -> 996000 | I19: =I62*500*12 -> 150000 | J19: =J62*500*12 -> 162000 | K19: =K62*500*12 -> 138000 | L19: =L62*500*12 -> 150000 | ... P19: =P62*500*12 -> 60000 | Q19: =SUM(E19:P19) -> 4326000
A20: 17 | B20: 4、课后服务(在编人员） | C20: 主款项 | D20: 根据人事口径按实编制 | E20: =E62*10000 -> 1400000 | F20: 1190000 | G20: =G62*10000 -> 880000 | H20: =H62*10000 -> 1660000 | Q20: =SUM(E20:P20) -> 5130000
A21: 18 | B21: 城镇职工基本医疗保险缴费 | D21: 公式计算 | E21: =E22+E23 -> 4861962.9 | F21: =F22+F23 -> 3946265.1 | G21: =G22+G23 -> 2904720 | H21: =H22+H23 -> 5263841.1 | I21: =I22+I23 -> 718335.42 | J21: =J22+J23 -> 779442.87 | K21: =K22+K23 -> 657985.71 | L21: =L22+L23 -> 704496 | ... P21: =P22+P23 -> 337940.58 | Q21: =SUM(E21:P21) -> 22780658
A22: 19 | B22: 1、医疗保险费9% | C22: 事业单位医疗 | D22: 公式计算 | E22: =ROUND(E30/0.07*0.09,2) -> 3365974.3 | F22: =ROUND(F30/0.07*0.09,2) -> 2732029.7 | G22: =ROUND(G30/0.07*0.09,2) -> 2010960 | H22: =ROUND(H30/0.07*0.09,2) -> 3644197.7 | I22: =ROUND(I30/0.07*0.09,2) -> 497309.14 | J22: =ROUND(J30/0.07*0.09,2) -> 539614.29 | K22: =ROUND(K30/0.07*0.09,2) -> 455528.57 | L22: =ROUND(L30/0.07*0.09,2) -> 487728 | ... P22: =ROUND(P30/0.07*0.09,2) -> 233958.86 | Q22: =SUM(E22:P22) -> 15771225
A23: 20 | B23: 2、其他医疗保险费4% | C23: 事业单位医疗 | D23: 公式计算（请检查） | E23: =E24+E25 -> 1495988.6 | F23: =F24+F25 -> 1214235.4 | G23: =G24+G25 -> 893760 | H23: =H24+H25 -> 1619643.4 | I23: =I24+I25 -> 221026.28 | J23: =J24+J25 -> 239828.58 | K23: =K24+K25 -> 202457.14 | L23: =L24+L25 -> 216768 | ... P23: =P24+P25 -> 103981.72 | Q23: =SUM(E23:P23) -> 7009433.1
A24: 21 | B24: (1)其他保险2%(统筹)：住院及大病补助 | C24: 事业单位医疗 | D24: 公式计算（请检查） | E24: =ROUND(E30/0.07*0.02,2) -> 747994.29 | F24: =ROUND(F30/0.07*0.02,2) -> 607117.71 | G24: =ROUND(G30/0.07*0.02,2) -> 446880 | H24: =ROUND(H30/0.07*0.02,2) -> 809821.71 | I24: =ROUND(I30/0.07*0.02,2) -> 110513.14 | J24: =ROUND(J30/0.07*0.02,2) -> 119914.29 | K24: =ROUND(K30/0.07*0.02,2) -> 101228.57 | L24: =ROUND(L30/0.07*0.02,2) -> 108384 | ... P24: =ROUND(P30/0.07*0.02,2) -> 51990.86 | Q24: =SUM(E24:P24) -> 3504716.6
A25: 22 | B25: (2)其他保险2%(单位)：购买保险 | C25: 事业单位医疗 | D25: 公式计算（请检查） | E25: =ROUND(E30/0.07*0.02,2) -> 747994.29 | F25: =ROUND(F30/0.07*0.02,2) -> 607117.71 | G25: =ROUND(G30/0.07*0.02,2) -> 446880 | H25: =ROUND(H30/0.07*0.02,2) -> 809821.71 | I25: =ROUND(I30/0.07*0.02,2) -> 110513.14 | J25: =ROUND(J30/0.07*0.02,2) -> 119914.29 | K25: =ROUND(K30/0.07*0.02,2) -> 101228.57 | L25: =ROUND(L30/0.07*0.02,2) -> 108384 | ... P25: =ROUND(P30/0.07*0.02,2) -> 51990.86 | Q25: =SUM(E25:P25) -> 3504716.6
A26: 23 | B26: 事业单位基本养老保险缴费 | D26: 公式计算 | E26: =E27 -> 5983954.3 | F26: =F27 -> 4856941.7 | G26: =G27 -> 3575040 | H26: =H27 -> 6478573.7 | I26: =I27 -> 884105.14 | J26: =J27 -> 959314.29 | K26: =K27 -> 809828.57 | L26: =L27 -> 867072 | ... P26: =P27 -> 415926.86 | Q26: =SUM(E26:P26) -> 28037733
A27: 24 | B27: 1、基本养老保险16% | C27: 养老保险 | D27: 公式计算（请检查） | E27: =ROUND(E30/0.07*0.16,2) -> 5983954.3 | F27: =ROUND(F30/0.07*0.16,2) -> 4856941.7 | G27: =ROUND(G30/0.07*0.16,2) -> 3575040 | H27: =ROUND(H30/0.07*0.16,2) -> 6478573.7 | I27: =ROUND(I30/0.07*0.16,2) -> 884105.14 | J27: =ROUND(J30/0.07*0.16,2) -> 959314.29 | K27: =ROUND(K30/0.07*0.16,2) -> 809828.57 | L27: =ROUND(L30/0.07*0.16,2) -> 867072 | ... P27: =ROUND(P30/0.07*0.16,2) -> 415926.86 | Q27: =SUM(E27:P27) -> 28037733
A28: 25 | B28: 职业年金缴纳 | D28: 公式计算 | E28: =E29 -> 2991977.1 | F28: =F29 -> 2428470.9 | G28: =G29 -> 1787520 | H28: =H29 -> 3239286.9 | I28: =I29 -> 442052.57 | J28: =J29 -> 479657.14 | K28: =K29 -> 404914.29 | L28: =L29 -> 433536 | ... P28: =P29 -> 207963.43 | Q28: =SUM(E28:P28) -> 14018866
A29: 26 | B29: 1、职业年金8% | C29: 职业年金 | D29: 公式计算（请检查） | E29: =ROUND(E30/0.07*0.08,2) -> 2991977.1 | F29: =ROUND(F30/0.07*0.08,2) -> 2428470.9 | G29: =ROUND(G30/0.07*0.08,2) -> 1787520 | H29: =ROUND(H30/0.07*0.08,2) -> 3239286.9 | I29: =ROUND(I30/0.07*0.08,2) -> 442052.57 | J29: =ROUND(J30/0.07*0.08,2) -> 479657.14 | K29: =ROUND(K30/0.07*0.08,2) -> 404914.29 | L29: =ROUND(L30/0.07*0.08,2) -> 433536 | ... P29: =ROUND(P30/0.07*0.08,2) -> 207963.43 | Q29: =SUM(E29:P29) -> 14018866
A30: 27 | B30: 公积金7% | C30: 公积金 | D30: 根据人事口径按实编制 | E30: 2617980 | F30: =177076*12 -> 2124912 | G30: 1564080 | H30: 2834376 | I30: 386796 | J30: 419700 | K30: 354300 | L30: =31612*12 -> 379344 | M30: =36414*12 -> 436968 | N30: =28385*12 -> 340620 | O30: 625464 | P30: =15164*12 -> 181968 | Q30: =SUM(E30:P30) -> 12266508
A31: 28 | B31: 其他工资福利 | C31: 主款项 | D31: 年初预算为0 | Q31: =SUM(E31:P31) -> 0
A32: 29 | B32: 对个人和家庭补助 | D32: 公式计算 | E32: =E33+E35+E37 -> 3285300 | F32: =F33+F35+F37 -> 33360 | G32: =G33+G35+G37 -> 36720 | H32: =H33+H35+H37 -> 528840 | I32: =I33+I35+I37 -> 0 | J32: =J33+J35+J37 -> 360 | K32: =K33+K35+K37 -> 2160 | L32: =L33+L35+L37 -> 14460 | ... P32: =P33+P35+P37 -> 220080 | Q32: =SUM(E32:P32) -> 4412820
A33: 30 | B33: 退休费 | C33: 离退休 | D33: 根据退休人员情况按实编制 | E33: =E34 -> 3281340 | F33: =F34 -> 32280 | G33: =G34 -> 35280 | H33: =H34 -> 524160 | I33: =I34 -> 0 | J33: =J34 -> 0 | K33: =K34 -> 0 | L33: =L34 -> 13020 | ... P33: =P34 -> 219360 | Q33: =SUM(E33:P33) -> 4394100
A34: 31 | B34: 1、退休人员生活补贴 | C34: 离退休 | D34: 根据退休人员情况按实编制 | E34: 3281340 | F34: =2690*12 -> 32280 | G34: 35280 | H34: 524160 | L34: 13020 | M34: =21160*12 -> 253920 | N34: =2895*12 -> 34740 | P34: 219360 | Q34: =SUM(E34:P34) -> 4394100
A35: 32 | B35: 奖励金 | D35: 公式计算 | E35: =E36 -> 3960 | F35: =F36 -> 1080 | G35: =G36 -> 1440 | H35: =H36 -> 4680 | I35: =I36 -> 0 | J35: =J36 -> 360 | K35: =K36 -> 2160 | L35: =L36 -> 1440 | ... P35: =P36 -> 720 | Q35: =SUM(E35:P35) -> 18720
A36: 33 | B36: 1、独生子女奖励费▲ | C36: 主款项 | D36: 根据人事口径按实编制 | E36: 3960 | F36: 1080 | G36: 1440 | H36: 4680 | J36: 360 | K36: 2160 | L36: 1440 | M36: 360 | N36: 1080 | O36: 1440 | P36: 720 | Q36: =SUM(E36:P36) -> 18720
A37: 34 | B37: 其他支出对个人和家庭补助 | D37: 公式计算 | E37: =E38 -> 0 | F37: =F38 -> 0 | G37: =G38 -> 0 | H37: =H38 -> 0 | I37: =I38 -> 0 | J37: =J38 -> 0 | K37: =K38 -> 0 | L37: =L38 -> 0 | ... P37: =P38 -> 0 | Q37: =SUM(E37:P37) -> 0
A38: 35 | B38: 1、其他 | C38: 主款项 | D38: 除罗阳小学3人及七宝二中1人的退休共享费外，其他学校填0 | Q38: =SUM(E38:P38) -> 0
A39: 36 | B39: 商品和服务支出和其他资本性支出 | D39: 公式计算 | E39: =E40+E42+E44+E46+E48+E51+E53+E55+E59 -> 8917203.2 | F39: =F40+F42+F44+F46+F48+F51+F53+F55+F59 -> 8601599.5 | G39: =G40+G42+G44+G46+G48+G51+G53+G55+G59 -> 7043255.8 | H39: =H40+H42+H44+H46+H48+H51+H53+H55+H59 -> 10977044 | I39: =I40+I42+I44+I46+I48+I51+I53+I55+I59 -> 1225802.1 | J39: =J40+J42+J44+J46+J48+J51+J53+J55+J59 -> 1447696.3 | K39: =K40+K42+K44+K46+K48+K51+K53+K55+K59 -> 1239188.3 | L39: =L40+L42+L44+L46+L48+L51+L53+L55+L59 -> 1499922.4 | ... P39: =P40+P42+P44+P46+P48+P51+P53+P55+P59 -> 441835.86 | Q39: =SUM(E39:P39) -> 46416446
A40: 37 | B40: (一)公用定额 | D40: 学生人数*定额 | E40: 6166580 | F40: =F68*3850+F69*3210 -> 6969910 | G40: 5786550 | H40: 8445510 | I40: 858000 | J40: 1029600 | K40: 858000 | L40: =392*2860 -> 1121120 | M40: 858000 | N40: 858000 | O40: 1870440 | P40: =22400*10 -> 224000 | Q40: =SUM(E40:P40) -> 35045710
A41: 38 | B41: 其中：培训费 | C41: 主款项 | D41: 生均定额5% | E41: =E40*5% -> 308329 | F41: =F40*5% -> 348495.5 | G41: =G40*5% -> 289327.5 | H41: =H40*5% -> 422275.5 | I41: 37180 | J41: =J40*5% -> 51480 | K41: 39897 | L41: =L40*5% -> 56056 | M41: 38181 | N41: 36608 | O41: 81939 | P41: =P40*5% -> 11200 | Q41: =SUM(E41:P41) -> 1720968.5
A42: 39 | B42: (二)培训费 | E42: =E43 -> 56000 | F42: =F43 -> 47600 | G42: =G43 -> 35200 | H42: =H43 -> 66400 | I42: =I43 -> 10000 | J42: =J43 -> 10800 | K42: =K43 -> 9200 | L42: =L43 -> 10000 | ... P42: =P43 -> 4000 | Q42: =SUM(E42:P42) -> 288400
A43: 40 | B43: 1、进修、培训 400元/年教师 | C43: 主款项 | D43: 教职工人数*400元（公式计算） | E43: =E62*400 -> 56000 | F43: =F62*400 -> 47600 | G43: =G62*400 -> 35200 | H43: =H62*400 -> 66400 | I43: =I62*400 -> 10000 | J43: =J62*400 -> 10800 | K43: =K62*400 -> 9200 | L43: =L62*400 -> 10000 | ... P43: =P62*400 -> 4000 | Q43: =SUM(E43:P43) -> 288400
A44: 41 | B44: (三)维修(护)费 | D44: 公式计算 | E44: =E45 -> 302412.9 | F44: =F45 -> 300871.8 | G44: =G45 -> 278907.75 | H44: =H45 -> 571320 | I44: =I45 -> 85185 | J44: =J45 -> 110250 | K44: =K45 -> 110181.3 | L44: =L45 -> 92082.45 | ... P44: =P45 -> 20325 | Q44: =SUM(E44:P44) -> 2190618.9
A45: 42 | B45: 1、房屋维修费 15元/年平方米 | C45: 主款项 | D45: 房屋面积*15元（公式计算） | E45: =E73*15 -> 302412.9 | F45: =F73*15 -> 300871.8 | G45: =G73*15 -> 278907.75 | H45: =H73*15 -> 571320 | I45: =I73*15 -> 85185 | J45: =J73*15 -> 110250 | K45: =K73*15 -> 110181.3 | L45: =L73*15 -> 92082.45 | ... P45: =P73*15 -> 20325 | Q45: =SUM(E45:P45) -> 2190618.9
A46: 43 | B46: (四)物业管理费 | D46: 公式计算 | E46: =E47 -> 97216 | F46: =F47 -> 112080 | G46: =G47 -> 78568 | H46: =H47 -> 163552 | I46: =I47 -> 20904 | J46: =J47 -> 25792 | K46: =K47 -> 27218.4 | L46: =L47 -> 20616 | ... P46: =P47 -> 14400 | Q46: =SUM(E46:P46) -> 634370.4
A47: 44 | B47: 1、绿化维护费 8元/年平方米 | C47: 主款项 | D47: 绿化面积*8元（公式计算） | E47: =E74*8 -> 97216 | F47: =F74*8 -> 112080 | G47: =G74*8 -> 78568 | H47: =H74*8 -> 163552 | I47: =I74*8 -> 20904 | J47: =J74*8 -> 25792 | K47: =K74*8 -> 27218.4 | L47: =L74*8 -> 20616 | ... P47: =P74*8 -> 14400 | Q47: =SUM(E47:P47) -> 634370.4
A48: 45 | B48: (五)福利费 | D48: 公式计算 | E48: =E49+E50 -> 1404000 | F48: =F49+F50 -> 522720 | G48: =G49+G50 -> 388800 | H48: =H49+H50 -> 851040 | I48: =I49+I50 -> 108000 | J48: =J49+J50 -> 116640 | K48: =K49+K50 -> 99360 | L48: =L49+L50 -> 112320 | ... P48: =P49+P50 -> 90720 | Q48: =SUM(E48:P48) -> 4186080
A49: 46 | B49: 1、在职福利费 | C49: 主款项 | D49: 教职工人数*4320元（公式计算） | E49: =E62*4320 -> 604800 | F49: =F62*4320 -> 514080 | G49: =G62*4320 -> 380160 | H49: =H62*4320 -> 717120 | I49: =I62*4320 -> 108000 | J49: =J62*4320 -> 116640 | K49: =K62*4320 -> 99360 | L49: =L62*4320 -> 108000 | ... P49: =P62*4320 -> 43200 | Q49: =SUM(E49:P49) -> 3114720
A50: 47 | B50: 2、离退休福利费 | C50: 主款项 | D50: 离退休人数*4320元（公式计算） | E50: =E72*4320 -> 799200 | F50: =F72*4320 -> 8640 | G50: =G72*4320 -> 8640 | H50: =H72*4320 -> 133920 | I50: =I72*4320 -> 0 | J50: =J72*4320 -> 0 | K50: =K72*4320 -> 0 | L50: =L72*4320 -> 4320 | ... P50: =P72*4320 -> 47520 | Q50: =SUM(E50:P50) -> 1071360
A51: 48 | B51: (六)工会经费 | D51: 公式计算 | E51: =E52 -> 747994.29 | F51: =F52 -> 607117.71 | G51: =G52 -> 446880 | H51: =H52 -> 809821.71 | I51: =I52 -> 110513.14 | J51: =J52 -> 119914.29 | K51: =K52 -> 101228.57 | L51: =L52 -> 108384 | ... P51: =P52 -> 51990.86 | Q51: =SUM(E51:P51) -> 3504716.6
A52: 49 | B52: 1、工会经费2% | C52: 主款项 | D52: 公式计算（请检查） | E52: =ROUND(E30/0.07*0.02,2) -> 747994.29 | F52: =ROUND(F30/0.07*0.02,2) -> 607117.71 | G52: =ROUND(G30/0.07*0.02,2) -> 446880 | H52: =ROUND(H30/0.07*0.02,2) -> 809821.71 | I52: =ROUND(I30/0.07*0.02,2) -> 110513.14 | J52: =ROUND(J30/0.07*0.02,2) -> 119914.29 | K52: =ROUND(K30/0.07*0.02,2) -> 101228.57 | L52: =ROUND(L30/0.07*0.02,2) -> 108384 | ... P52: =ROUND(P30/0.07*0.02,2) -> 51990.86 | Q52: =SUM(E52:P52) -> 3504716.6
A53: 50 | B53: (七)公务用车运行维护费★ | D53: 公式计算 | E53: =E54 -> 64000 | F53: =F54 -> 0 | G53: =G54 -> 25000 | H53: =H54 -> 0 | I53: =I54 -> 0 | J53: =J54 -> 0 | K53: =K54 -> 0 | L53: =L54 -> 0 | ... P53: =P54 -> 0 | Q53: =SUM(E53:P53) -> 89000
A54: 51 | B54: 1、教育系统，校/辆 | C54: 主款项 | D54: 机关局有编制的车辆数*32000元/25000元/年（分园及分校预算在其他交通费中编制） | E54: 64000 | G54: 25000 | Q54: =SUM(E54:P54) -> 89000
A55: 52 | B55: (八)其他商品和服务支出 | D55: 公式计算 | E55: =E56+E58 -> 79000 | F55: =F56+F58 -> 9300 | G55: =G56+G58 -> 3350 | H55: =H56+H58 -> 37400 | I55: =I56+I58 -> 1200 | J55: =J56+J58 -> 2700 | K55: =K56+K58 -> 2000 | L55: =L56+L58 -> 3400 | ... P55: =P56+P58 -> 4400 | Q55: =SUM(E55:P55) -> 157550
A56: 53 | B56: 1、离退休公用支出 | C56: 主款项 | D56: 公式计算 | E56: =E57 -> 74000 | F56: =F57 -> 800 | G56: =G57 -> 800 | H56: =H57 -> 12400 | I56: =I57 -> 0 | J56: =J57 -> 0 | K56: =K57 -> 0 | L56: =L57 -> 400 | ... P56: =P57 -> 4400 | Q56: =SUM(E56:P56) -> 99200
A57: 54 | B57: (1)活动费(活动费+活动费(托管)) | C57: 主款项 | D57: 离退休人数*400元/年（公式计算） | E57: =E72*400 -> 74000 | F57: =F72*400 -> 800 | G57: =G72*400 -> 800 | H57: =H72*400 -> 12400 | I57: =I72*400 -> 0 | J57: =J72*400 -> 0 | K57: =K72*400 -> 0 | L57: =L72*400 -> 400 | ... P57: =P72*400 -> 4400 | Q57: =SUM(E57:P57) -> 99200
A58: 55 | B58: 2、子女幼托费 | C58: 主款项 | D58: 没有，填0 | E58: 5000 | F58: 8500 | G58: 2550 | H58: 25000 | I58: 1200 | J58: 2700 | K58: 2000 | L58: 3000 | M58: 900 | N58: 1500 | O58: 6000 | Q58: =SUM(E58:P58) -> 58350
A59: 56 | B59: (九)其他交通费用 | D59: 公式计算 | E59: =E60 -> 0 | F59: =F60 -> 32000 | G59: =G60 -> 0 | H59: =H60 -> 32000 | I59: =I60 -> 32000 | J59: =J60 -> 32000 | K59: =K60 -> 32000 | L59: =L60 -> 32000 | ... P59: =P60 -> 32000 | Q59: =SUM(E59:P59) -> 320000
A60: 57 | B60: 2、教育系统 | C60: 主款项 | D60: 机关局无编制车辆的学校按32000元编制预算 机关局有编制的车辆，每分校增加10000元，每个分园增加5000元编制预算 | F60: 32000 | H60: 32000 | I60: 32000 | J60: 32000 | K60: 32000 | L60: 32000 | M60: 32000 | N60: 32000 | O60: 32000 | P60: 32000 | Q60: =SUM(E60:P60) -> 320000
A61: 58 | B61: 学校基本情况： | Q61: =SUM(E61:P61) -> 0
A62: 59 | B62: 1、教职工(人数) | D62: 填写2025年秋季在编教职工人数 | E62: =E63+E64+E65+E66 -> 140 | F62: =F63+F64+F65+F66 -> 119 | G62: =G63+G64+G65+G66 -> 88 | H62: =H63+H64+H65+H66 -> 166 | I62: =I63+I64+I65+I66 -> 25 | J62: =J63+J64+J65+J66 -> 27 | K62: =K63+K64+K65+K66 -> 23 | L62: =L63+L64+L65+L66 -> 25 | ... P62: =P63+P64+P65+P66 -> 10 | Q62: =SUM(E62:P62) -> 721
A63: 60 | B63: 初中 | E63: 69 | F63: 49 | G63: 88 | Q63: =SUM(E63:P63) -> 206
A64: 61 | B64: 小学 | E64: 71 | F64: 70 | H64: 166 | Q64: =SUM(E64:P64) -> 307
A65: 62 | B65: 幼儿园 | I65: 25 | J65: 27 | K65: 23 | L65: 25 | M65: 28 | N65: 22 | O65: 48 | Q65: =SUM(E65:P65) -> 198
A66: 63 | B66: 其他 | P66: 10 | Q66: =SUM(E66:P66) -> 10
A67: 64 | B67: 2、学生(人数) | D67: 填写2025年秋季学期学生人数，以招办人数为准 | E67: =E68+E69+E70+E71 -> 1746 | F67: =F68+F69+F70+F71 -> 2015 | G67: =G68+G69+G70+G71 -> 1503 | H67: =H68+H69+H70+H71 -> 2631 | I67: =I68+I69+I70+I71 -> 260 | J67: =J68+J69+J70+J71 -> 360 | K67: =K68+K69+K70+K71 -> 279 | L67: =L68+L69+L70+L71 -> 392 | ... P67: =P68+P69+P70+P71 -> 0 | Q67: =SUM(E67:P67) -> 10282
A68: 65 | B68: 初中 | E68: 878 | F68: 784 | G68: 1503 | Q68: =SUM(E68:P68) -> 3165
A69: 66 | B69: 小学 | E69: 868 | F69: 1231 | H69: 2631 | Q69: =SUM(E69:P69) -> 4730
A70: 67 | B70: 幼儿园 | I70: 260 | J70: 360 | K70: 279 | L70: 392 | M70: 267 | N70: 256 | O70: 573 | Q70: =SUM(E70:P70) -> 2387
A71: 68 | B71: 其他 | Q71: =SUM(E71:P71) -> 0
A72: 69 | B72: 3、事业退休人员人数 | E72: 185 | F72: 2 | G72: 2 | H72: 31 | L72: 1 | M72: 14 | N72: 2 | P72: 11 | Q72: =SUM(E72:P72) -> 248
A73: 70 | B73: 4、教育单位房屋（面积） | E73: 20160.86 | F73: 20058.12 | G73: 18593.85 | H73: 38088 | I73: 5679 | J73: 7350 | K73: 7345.42 | L73: 6138.83 | M73: 4747 | N73: 4956.18 | O73: 11569 | P73: 1355 | Q73: =SUM(E73:P73) -> 146041.26
A74: 71 | B74: 5、教育单位绿化（面积） | E74: 12152 | F74: 14010 | G74: 9821 | H74: 20444 | I74: 2613 | J74: 3224 | K74: 3402.3 | L74: 2577 | M74: 2560 | N74: 1968 | O74: 4725 | P74: 1800 | Q74: =SUM(E74:P74) -> 79296.3

Sheet 华漕镇
A1: 2026年基本支出预算表
A2: 序号 | B2: 项目名称 | C2: 功能分类 | D2: 口径 | E2: 华漕学校 | F2: 社区学校 | G2: 诸翟学校 | H2: 金色幼儿园 | I2: 华漕幼儿园 | J2: 诸翟幼儿园 | K2: 季乐路幼儿园 | L2: 纪王学校 | M2: 纪王幼儿园 | N2: 合计 | O2: 备注
E3: 一贯制 | F3: 成人 | G3: 一贯制 | H3: 幼儿园 | I3: 幼儿园 | J3: 幼儿园 | K3: 幼儿园 | L3: 一贯制 | M3: 幼儿园
A4: 1 | B4: 基本支出总预算数 | D4: 公式计算 | E4: =E5+E32+E39 -> 71265803 | F4: =F5+F32+F39 -> 2665824 | G4: =G5+G32+G39 -> 66704663 | H4: =H5+H32+H39 -> 15718380 | I4: =I5+I32+I39 -> 10887986 | J4: =J5+J32+J39 -> 22577560 | K4: =K5+K32+K39 -> 7840958.6 | L4: =L5+L32+L39 -> 51058457 | M4: =M5+M32+M39 -> 13578571 | N4: =SUM(E4:M4) -> 2.622982e+08
A5: 2 | B5: 工资福利支出 | D5: 公式计算 | E5: =E6+E9+E13+E16+E21+E26+E28+E30+E31 -> 55392299 | F5: =F6+F9+F13+F16+F21+F26+F28+F30+F31 -> 2276448 | G5: =G6+G9+G13+G16+G21+G26+G28+G30+G31 -> 53344769 | H5: =H6+H9+H13+H16+H21+H26+H28+H30+H31 -> 13313200 | I5: =I6+I9+I13+I16+I21+I26+I28+I30+I31 -> 9387681.7 | J5: =J6+J9+J13+J16+J21+J26+J28+J30+J31 -> 19659976 | K5: =K6+K9+K13+K16+K21+K26+K28+K30+K31 -> 5777561.1 | L5: =L6+L9+L13+L16+L21+L26+L28+L30+L31 -> 42692569 | M5: =M6+M9+M13+M16+M21+M26+M28+M30+M31 -> 11414551 | N5: =SUM(E5:M5) -> 2.1325905e+08
A6: 3 | B6: 基本工资 | D6: 公式计算 | E6: =E7+E8 -> 8545944 | F6: =F7+F8 -> 416304 | G6: =G7+G8 -> 8495064 | H6: =H7+H8 -> 2053872 | I6: =I7+I8 -> 1700904 | J6: =J7+J8 -> 3324480 | K6: =K7+K8 -> 915456 | L6: =L7+L8 -> 7113012 | M6: =M7+M8 -> 1825464 | N6: =SUM(E6:M6) -> 34390500
A7: 4 | B7: 1、岗位工资 | C7: 主款项 | D7: 根据人事口径按实编制 | E7: 4683804 | F7: 187584 | G7: 4479420 | H7: 1206816 | I7: 869928 | J7: 1860960 | K7: 553428 | L7: 3498096 | M7: 1061508 | N7: =SUM(E7:M7) -> 18401544
A8: 5 | B8: 2、薪级工资 | C8: 主款项 | D8: 根据人事口径按实编制 | E8: 3862140 | F8: 228720 | G8: 4015644 | H8: 847056 | I8: 830976 | J8: 1463520 | K8: 362028 | L8: 3614916 | M8: 763956 | N8: =SUM(E8:M8) -> 15988956
A9: 6 | B9: 津贴补贴 | D9: 公式计算 | E9: =E10+E11 -> 793392 | F9: =F10+F11 -> 32244 | G9: =G10+G11 -> 772308 | H9: =H10+H11 -> 236448 | I9: =I10+I11 -> 155592 | J9: =J10+J11 -> 326916 | K9: =K10+K11 -> 101508 | L9: =L10+L11 -> 613248 | M9: =M10+M11 -> 192756 | N9: =SUM(E9:M9) -> 3224412
A10: 7 | B10: 1、各类津贴★▲ | C10: 主款项 | D10: 根据人事口径按实编制 | E10: 11952 | F10: 564 | G10: 11988 | H10: 14688 | I10: 2472 | J10: 4836 | K10: 1188 | L10: 11328 | M10: 2676 | N10: =SUM(E10:M10) -> 61692
A11: 8 | B11: 2、各类补贴 | D11: 公式计算 | E11: =E12 -> 781440 | F11: =F12 -> 31680 | G11: =G12 -> 760320 | H11: =H12 -> 221760 | I11: =I12 -> 153120 | J11: =J12 -> 322080 | K11: =K12 -> 100320 | L11: =L12 -> 601920 | M11: =M12 -> 190080 | N11: =SUM(E11:M11) -> 3162720
A12: 9 | B12: (1)上下班交通费补贴 | C12: 主款项 | D12: 公式计算 | E12: =440*12*E62 -> 781440 | F12: =440*12*F62 -> 31680 | G12: =440*12*G62 -> 760320 | H12: =440*12*H62 -> 221760 | I12: =440*12*I62 -> 153120 | J12: =440*12*J62 -> 322080 | K12: =440*12*K62 -> 100320 | L12: =440*12*L62 -> 601920 | M12: =440*12*M62 -> 190080 | N12: =SUM(E12:M12) -> 3162720
A13: 10 | B13: 其他社会保障缴费 | D13: 注：社保缴费基数应该相同 | E13: =E14+E15 -> 378670.28 | F13: =F14+F15 -> 15420 | G13: =G14+G15 -> 360457.72 | H13: =H14+H15 -> 92664 | I13: =I14+I15 -> 64388.58 | J13: =J14+J15 -> 136524 | K13: =K14+K15 -> 38857.72 | L13: =L14+L15 -> 291606.86 | M13: =M14+M15 -> 78785.14 | N13: =SUM(E13:M13) -> 1457374.3
A14: 11 | B14: 1、工伤保险费0.5(0.2%-1.9%) | C14: 主款项 | D14: 公式计算（请检查） | E14: =ROUND(E30/0.07*0.005,2) -> 189335.14 | F14: =ROUND(F30/0.07*0.005,2) -> 7710 | G14: =ROUND(G30/0.07*0.005,2) -> 180228.86 | H14: =ROUND(H30/0.07*0.005,2) -> 46332 | I14: =ROUND(I30/0.07*0.005,2) -> 32194.29 | J14: =ROUND(J30/0.07*0.005,2) -> 68262 | K14: =ROUND(K30/0.07*0.005,2) -> 19428.86 | L14: =ROUND(L30/0.07*0.005,2) -> 145803.43 | M14: =ROUND(M30/0.07*0.005,2) -> 39392.57 | N14: =SUM(E14:M14) -> 728687.15
A15: 12 | B15: 2、失业保险0.5% | C15: 主款项 | D15: 公式计算（请检查） | E15: =ROUND(E30/0.07*0.005,2) -> 189335.14 | F15: =ROUND(F30/0.07*0.005,2) -> 7710 | G15: =ROUND(G30/0.07*0.005,2) -> 180228.86 | H15: =ROUND(H30/0.07*0.005,2) -> 46332 | I15: =ROUND(I30/0.07*0.005,2) -> 32194.29 | J15: =ROUND(J30/0.07*0.005,2) -> 68262 | K15: =ROUND(K30/0.07*0.005,2) -> 19428.86 | L15: =ROUND(L30/0.07*0.005,2) -> 145803.43 | M15: =ROUND(M30/0.07*0.005,2) -> 39392.57 | N15: =SUM(E15:M15) -> 728687.15
A16: 13 | B16: 绩效工资 | D16: 公式计算 | E16: =E17+E18+E19+E20 -> 29012800 | F16: =F17+F18+F19+F20 -> 1134000 | G16: =G17+G18+G19+G20 -> 27856800 | H16: =H17+H18+H19+H20 -> 6853000 | I16: =I17+I18+I19+I20 -> 4633700 | J16: =J17+J18+J19+J20 -> 9865000 | K16: =K17+K18+K19+K20 -> 3012000 | L16: =L17+L18+L19+L20 -> 21844000 | M16: =M17+M18+M19+M20 -> 5851000 | N16: =SUM(E16:M16) -> 110062300
A17: 14 | B17: 1、绩效工资 | C17: 主款项 | D17: 根据人保科数字编制 | E17: 26644800 | F17: 1098000 | G17: 25552800 | H17: 6601000 | I17: 4459700 | J17: 9499000 | K17: 2898000 | L17: 20020000 | M17: 5635000 | N17: =SUM(E17:M17) -> 102408300
A18: 15 | B18: 2、校长职级制 | C18: 主款项 | D18: 根据校长职级制按实编制 | N18: =SUM(E18:M18) -> 0
A19: 16 | B19: 3、工作餐补贴 | C19: 主款项 | D19: 公式计算 | E19: =E62*500*12 -> 888000 | F19: =F62*500*12 -> 36000 | G19: =G62*500*12 -> 864000 | H19: =H62*500*12 -> 252000 | I19: =I62*500*12 -> 174000 | J19: =J62*500*12 -> 366000 | K19: =K62*500*12 -> 114000 | L19: =L62*500*12 -> 684000 | M19: =M62*500*12 -> 216000 | N19: =SUM(E19:M19) -> 3594000
A20: 17 | B20: 4、课后服务(在编人员） | C20: 主款项 | D20: 根据人事口径按实编制 | E20: =10000*E62 -> 1480000 | G20: =10000*G62 -> 1440000 | L20: =10000*L62 -> 1140000 | N20: =SUM(E20:M20) -> 4060000
A21: 18 | B21: 城镇职工基本医疗保险缴费 | D21: 公式计算 | E21: =E22+E23 -> 4922713.7 | F21: =F22+F23 -> 200460 | G21: =G22+G23 -> 4685950.3 | H21: =H22+H23 -> 1204632 | I21: =I22+I23 -> 837051.42 | J21: =J22+J23 -> 1774812 | K21: =K22+K23 -> 505150.29 | L21: =L22+L23 -> 3790889.1 | M21: =M22+M23 -> 1024206.9 | N21: =SUM(E21:M21) -> 18945866
A22: 19 | B22: 1、医疗保险费9% | C22: 事业单位医疗 | D22: 公式计算 | E22: =ROUND(E30/0.07*0.09,2) -> 3408032.6 | F22: =ROUND(F30/0.07*0.09,2) -> 138780 | G22: =ROUND(G30/0.07*0.09,2) -> 3244119.4 | H22: =ROUND(H30/0.07*0.09,2) -> 833976 | I22: =ROUND(I30/0.07*0.09,2) -> 579497.14 | J22: =ROUND(J30/0.07*0.09,2) -> 1228716 | K22: =ROUND(K30/0.07*0.09,2) -> 349719.43 | L22: =ROUND(L30/0.07*0.09,2) -> 2624461.7 | M22: =ROUND(M30/0.07*0.09,2) -> 709066.29 | N22: =SUM(E22:M22) -> 13116369
A23: 20 | B23: 2、其他医疗保险费4% | C23: 事业单位医疗 | D23: 公式计算（请检查） | E23: =E24+E25 -> 1514681.1 | F23: =F24+F25 -> 61680 | G23: =G24+G25 -> 1441830.9 | H23: =H24+H25 -> 370656 | I23: =I24+I25 -> 257554.28 | J23: =J24+J25 -> 546096 | K23: =K24+K25 -> 155430.86 | L23: =L24+L25 -> 1166427.4 | M23: =M24+M25 -> 315140.58 | N23: =SUM(E23:M23) -> 5829497.1
A24: 21 | B24: (1)其他保险2%(统筹)：住院及大病补助 | C24: 事业单位医疗 | D24: 公式计算（请检查） | E24: =ROUND(E30/0.07*0.02,2) -> 757340.57 | F24: =ROUND(F30/0.07*0.02,2) -> 30840 | G24: =ROUND(G30/0.07*0.02,2) -> 720915.43 | H24: =ROUND(H30/0.07*0.02,2) -> 185328 | I24: =ROUND(I30/0.07*0.02,2) -> 128777.14 | J24: =ROUND(J30/0.07*0.02,2) -> 273048 | K24: =ROUND(K30/0.07*0.02,2) -> 77715.43 | L24: =ROUND(L30/0.07*0.02,2) -> 583213.71 | M24: =ROUND(M30/0.07*0.02,2) -> 157570.29 | N24: =SUM(E24:M24) -> 2914748.6
A25: 22 | B25: (2)其他保险2%(单位)：购买保险 | C25: 事业单位医疗 | D25: 公式计算（请检查） | E25: =ROUND(E30/0.07*0.02,2) -> 757340.57 | F25: =ROUND(F30/0.07*0.02,2) -> 30840 | G25: =ROUND(G30/0.07*0.02,2) -> 720915.43 | H25: =ROUND(H30/0.07*0.02,2) -> 185328 | I25: =ROUND(I30/0.07*0.02,2) -> 128777.14 | J25: =ROUND(J30/0.07*0.02,2) -> 273048 | K25: =ROUND(K30/0.07*0.02,2) -> 77715.43 | L25: =ROUND(L30/0.07*0.02,2) -> 583213.71 | M25: =ROUND(M30/0.07*0.02,2) -> 157570.29 | N25: =SUM(E25:M25) -> 2914748.6
A26: 23 | B26: 事业单位基本养老保险缴费 | D26: 公式计算 | E26: =E27 -> 6058724.6 | F26: =F27 -> 246720 | G26: =G27 -> 5767323.4 | H26: =H27 -> 1482624 | I26: =I27 -> 1030217.1 | J26: =J27 -> 2184384 | K26: =K27 -> 621723.43 | L26: =L27 -> 4665709.7 | M26: =M27 -> 1260562.3 | N26: =SUM(E26:M26) -> 23317989
A27: 24 | B27: 1、基本养老保险16% | C27: 养老保险 | D27: 公式计算（请检查） | E27: =ROUND(E30/0.07*0.16,2) -> 6058724.6 | F27: =ROUND(F30/0.07*0.16,2) -> 246720 | G27: =ROUND(G30/0.07*0.16,2) -> 5767323.4 | H27: =ROUND(H30/0.07*0.16,2) -> 1482624 | I27: =ROUND(I30/0.07*0.16,2) -> 1030217.1 | J27: =ROUND(J30/0.07*0.16,2) -> 2184384 | K27: =ROUND(K30/0.07*0.16,2) -> 621723.43 | L27: =ROUND(L30/0.07*0.16,2) -> 4665709.7 | M27: =ROUND(M30/0.07*0.16,2) -> 1260562.3 | N27: =SUM(E27:M27) -> 23317989
A28: 25 | B28: 职业年金缴纳 | D28: 公式计算 | E28: =E29 -> 3029362.3 | F28: =F29 -> 123360 | G28: =G29 -> 2883661.7 | H28: =H29 -> 741312 | I28: =I29 -> 515108.57 | J28: =J29 -> 1092192 | K28: =K29 -> 310861.71 | L28: =L29 -> 2332854.9 | M28: =M29 -> 630281.14 | N28: =SUM(E28:M28) -> 11658994
A29: 26 | B29: 1、职业年金8% | C29: 职业年金 | D29: 公式计算（请检查） | E29: =ROUND(E30/0.07*0.08,2) -> 3029362.3 | F29: =ROUND(F30/0.07*0.08,2) -> 123360 | G29: =ROUND(G30/0.07*0.08,2) -> 2883661.7 | H29: =ROUND(H30/0.07*0.08,2) -> 741312 | I29: =ROUND(I30/0.07*0.08,2) -> 515108.57 | J29: =ROUND(J30/0.07*0.08,2) -> 1092192 | K29: =ROUND(K30/0.07*0.08,2) -> 310861.71 | L29: =ROUND(L30/0.07*0.08,2) -> 2332854.9 | M29: =ROUND(M30/0.07*0.08,2) -> 630281.14 | N29: =SUM(E29:M29) -> 11658994
A30: 27 | B30: 公积金7% | C30: 公积金 | D30: 根据人事口径按实编制 | E30: 2650692 | F30: 107940 | G30: 2523204 | H30: 648648 | I30: 450720 | J30: 955668 | K30: 272004 | L30: 2041248 | M30: 551496 | N30: =SUM(E30:M30) -> 10201620
A31: 28 | B31: 其他工资福利 | C31: 主款项 | D31: 年初预算为0 | N31: =SUM(E31:M31) -> 0
A32: 29 | B32: 对个人和家庭补助 | D32: 公式计算 | E32: =E33+E35+E37 -> 3184260 | F32: =F33+F35+F37 -> 61680 | G32: =G33+G35+G37 -> 2311620 | H32: =H33+H35+H37 -> 44640 | I32: =I33+I35+I37 -> 184440 | J32: =J33+J35+J37 -> 257940 | K32: =K33+K35+K37 -> 360 | L32: =L33+L35+L37 -> 1558920 | M32: =M33+M35+M37 -> 259620 | N32: =SUM(E32:M32) -> 7863480
A33: 30 | B33: 退休费 | C33: 离退休 | D33: 根据退休人员情况按实编制 | E33: =E34 -> 3181020 | F33: =F34 -> 61680 | G33: =G34 -> 2308380 | H33: =H34 -> 43200 | I33: =I34 -> 184440 | J33: =J34 -> 255420 | K33: =K34 -> 0 | L33: =L34 -> 1554600 | M33: =M34 -> 256380 | N33: =SUM(E33:M33) -> 7845120
A34: 31 | B34: 1、退休人员生活补贴 | C34: 离退休 | D34: 根据退休人员情况按实编制 | E34: 3181020 | F34: 61680 | G34: 2308380 | H34: 43200 | I34: 184440 | J34: 255420 | L34: 1554600 | M34: 256380 | N34: =SUM(E34:M34) -> 7845120
A35: 32 | B35: 奖励金 | D35: 公式计算 | E35: =E36 -> 3240 | F35: =F36 -> 0 | G35: =G36 -> 3240 | H35: =H36 -> 1440 | I35: =I36 -> 0 | J35: =J36 -> 2520 | K35: =K36 -> 360 | L35: =L36 -> 4320 | M35: =M36 -> 3240 | N35: =SUM(E35:M35) -> 18360
A36: 33 | B36: 1、独生子女奖励费▲ | C36: 主款项 | D36: 根据人事口径按实编制 | E36: 3240 | G36: 3240 | H36: 1440 | J36: 2520 | K36: 360 | L36: 4320 | M36: 3240 | N36: =SUM(E36:M36) -> 18360
A37: 34 | B37: 其他支出对个人和家庭补助 | D37: 公式计算 | E37: =E38 -> 0 | F37: =F38 -> 0 | G37: =G38 -> 0 | H37: =H38 -> 0 | I37: =I38 -> 0 | J37: =J38 -> 0 | K37: =K38 -> 0 | L37: =L38 -> 0 | M37: =M38 -> 0 | N37: =SUM(E37:M37) -> 0
A38: 35 | B38: 1、其他 | C38: 主款项 | D38: 除罗阳小学3人及七宝二中1人的退休共享费外，其他学校填0 | N38: =SUM(E38:M38) -> 0
A39: 36 | B39: 商品和服务支出和其他资本性支出 | D39: 公式计算 | E39: =E40+E42+E44+E46+E48+E51+E53+E55+E59 -> 12689245 | F39: =F40+F42+F44+F46+F48+F51+F53+F55+F59 -> 327696 | G39: =G40+G42+G44+G46+G48+G51+G53+G55+G59 -> 11048274 | H39: =H40+H42+H44+H46+H48+H51+H53+H55+H59 -> 2360540 | I39: =I40+I42+I44+I46+I48+I51+I53+I55+I59 -> 1315864.1 | J39: =J40+J42+J44+J46+J48+J51+J53+J55+J59 -> 2659644.3 | K39: =K40+K42+K44+K46+K48+K51+K53+K55+K59 -> 2063037.4 | L39: =L40+L42+L44+L46+L48+L51+L53+L55+L59 -> 6806968.7 | M39: =M40+M42+M44+M46+M48+M51+M53+M55+M59 -> 1904400 | N39: =SUM(E39:M39) -> 41175669
A40: 37 | B40: (一)公用定额 | D40: 学生人数*定额 | E40: 9967420 | F40: 134400 | G40: 8460650 | H40: 1716000 | I40: 878020 | J40: 1841840 | K40: 1716000 | L40: 5000410 | M40: 1338480 | N40: =SUM(E40:M40) -> 31053220
A41: 38 | B41: 其中：培训费 | C41: 主款项 | D41: 生均定额5% | E41: 498371 | F41: 6720 | G41: 423032.5 | H41: 66209 | I41: 43901 | J41: 92092 | K41: 44616 | L41: 250020.5 | M41: 59059 | N41: =SUM(E41:M41) -> 1484021
A42: 39 | B42: (二)培训费 | E42: =E43 -> 59200 | F42: =F43 -> 2400 | G42: =G43 -> 57600 | H42: =H43 -> 16800 | I42: =I43 -> 11600 | J42: =J43 -> 24400 | K42: =K43 -> 7600 | L42: =L43 -> 45600 | M42: =M43 -> 14400 | N42: =SUM(E42:M42) -> 239600
A43: 40 | B43: 1、进修、培训 400元/年教师 | C43: 主款项 | D43: 教职工人数*400元（公式计算） | E43: =E62*400 -> 59200 | F43: =F62*400 -> 2400 | G43: =G62*400 -> 57600 | H43: =H62*400 -> 16800 | I43: =I62*400 -> 11600 | J43: =J62*400 -> 24400 | K43: =K62*400 -> 7600 | L43: =L62*400 -> 45600 | M43: =M62*400 -> 14400 | N43: =SUM(E43:M43) -> 239600
A44: 41 | B44: (三)维修(护)费 | D44: 公式计算 | E44: =E45 -> 281524.05 | F44: =F45 -> 33240 | G44: =G45 -> 436567.5 | H44: =H45 -> 162938.4 | I44: =I45 -> 64068.6 | J44: =J45 -> 117936.3 | K44: =K45 -> 119970 | L44: =L45 -> 174225 | M44: =M45 -> 97749.75 | N44: =SUM(E44:M44) -> 1488219.6
A45: 42 | B45: 1、房屋维修费 15元/年平方米 | C45: 主款项 | D45: 房屋面积*15元（公式计算） | E45: =E73*15 -> 281524.05 | F45: =F73*15 -> 33240 | G45: =G73*15 -> 436567.5 | H45: =H73*15 -> 162938.4 | I45: =I73*15 -> 64068.6 | J45: =J73*15 -> 117936.3 | K45: =K73*15 -> 119970 | L45: =L73*15 -> 174225 | M45: =M73*15 -> 97749.75 | N45: =SUM(E45:M45) -> 1488219.6
A46: 43 | B46: (四)物业管理费 | D46: 公式计算 | E46: =E47 -> 144000 | F46: =F47 -> 50016 | G46: =G47 -> 100900.8 | H46: =H47 -> 50073.6 | I46: =I47 -> 23898.4 | J46: =J47 -> 33100 | K46: =K47 -> 27672 | L46: =L47 -> 96000 | M46: =M47 -> 37600 | N46: =SUM(E46:M46) -> 563260.8
A47: 44 | B47: 1、绿化维护费 8元/年平方米 | C47: 主款项 | D47: 绿化面积*8元（公式计算） | E47: =E74*8 -> 144000 | F47: =F74*8 -> 50016 | G47: =G74*8 -> 100900.8 | H47: =H74*8 -> 50073.6 | I47: =I74*8 -> 23898.4 | J47: =J74*8 -> 33100 | K47: =K74*8 -> 27672 | L47: =L74*8 -> 96000 | M47: =M74*8 -> 37600 | N47: =SUM(E47:M47) -> 563260.8
A48: 45 | B48: (五)福利费 | D48: 公式计算 | E48: =E49+E50 -> 1373760 | F48: =F49+F50 -> 43200 | G48: =G49+G50 -> 1153440 | H48: =H49+H50 -> 194400 | I48: =I49+I50 -> 172800 | J48: =J49+J50 -> 328320 | K48: =K49+K50 -> 82080 | L48: =L49+L50 -> 846720 | M48: =M49+M50 -> 216000 | N48: =SUM(E48:M48) -> 4410720
A49: 46 | B49: 1、在职福利费 | C49: 主款项 | D49: 教职工人数*4320元（公式计算） | E49: =E62*4320 -> 639360 | F49: =F62*4320 -> 25920 | G49: =G62*4320 -> 622080 | H49: =H62*4320 -> 181440 | I49: =I62*4320 -> 125280 | J49: =J62*4320 -> 263520 | K49: =K62*4320 -> 82080 | L49: =L62*4320 -> 492480 | M49: =M62*4320 -> 155520 | N49: =SUM(E49:M49) -> 2587680
A50: 47 | B50: 2、离退休福利费 | C50: 主款项 | D50: 离退休人数*4320元（公式计算） | E50: =E72*4320 -> 734400 | F50: =F72*4320 -> 17280 | G50: =G72*4320 -> 531360 | H50: =H72*4320 -> 12960 | I50: =I72*4320 -> 47520 | J50: =J72*4320 -> 64800 | K50: =K72*4320 -> 0 | L50: =L72*4320 -> 354240 | M50: =M72*4320 -> 60480 | N50: =SUM(E50:M50) -> 1823040
A51: 48 | B51: (六)工会经费 | D51: 公式计算 | E51: =E52 -> 757340.57 | F51: =F52 -> 30840 | G51: =G52 -> 720915.43 | H51: =H52 -> 185328 | I51: =I52 -> 128777.14 | J51: =J52 -> 273048 | K51: =K52 -> 77715.43 | L51: =L52 -> 583213.71 | M51: =M52 -> 157570.29 | N51: =SUM(E51:M51) -> 2914748.6
A52: 49 | B52: 1、工会经费2% | C52: 主款项 | D52: 公式计算（请检查） | E52: =ROUND(E30/0.07*0.02,2) -> 757340.57 | F52: =ROUND(F30/0.07*0.02,2) -> 30840 | G52: =ROUND(G30/0.07*0.02,2) -> 720915.43 | H52: =ROUND(H30/0.07*0.02,2) -> 185328 | I52: =ROUND(I30/0.07*0.02,2) -> 128777.14 | J52: =ROUND(J30/0.07*0.02,2) -> 273048 | K52: =ROUND(K30/0.07*0.02,2) -> 77715.43 | L52: =ROUND(L30/0.07*0.02,2) -> 583213.71 | M52: =ROUND(M30/0.07*0.02,2) -> 157570.29 | N52: =SUM(E52:M52) -> 2914748.6
A53: 50 | B53: (七)公务用车运行维护费★ | D53: 公式计算 | E53: =E54 -> 32000 | F53: =F54 -> 0 | G53: =G54 -> 64000 | H53: =H54 -> 0 | I53: =I54 -> 0 | J53: =J54 -> 0 | K53: =K54 -> 0 | L53: =L54 -> 25000 | M53: =M54 -> 0 | N53: =SUM(E53:M53) -> 121000
A54: 51 | B54: 1、教育系统，校/辆 | C54: 主款项 | D54: 机关局有编制的车辆数*32000元/25000元/年（分园及分校预算在其他交通费中编制） | E54: 32000 | G54: 64000 | L54: 25000 | N54: =SUM(E54:M54) -> 121000
A55: 52 | B55: (八)其他商品和服务支出 | D55: 公式计算 | E55: =E56+E58 -> 74000 | F55: =F56+F58 -> 1600 | G55: =G56+G58 -> 54200 | H55: =H56+H58 -> 3000 | I55: =I56+I58 -> 4700 | J55: =J56+J58 -> 9000 | K55: =K56+K58 -> 0 | L55: =L56+L58 -> 35800 | M55: =M56+M58 -> 10600 | N55: =SUM(E55:M55) -> 192900
A56: 53 | B56: 1、离退休公用支出 | C56: 主款项 | D56: 公式计算 | E56: =E57 -> 68000 | F56: =F57 -> 1600 | G56: =G57 -> 49200 | H56: =H57 -> 1200 | I56: =I57 -> 4400 | J56: =J57 -> 6000 | K56: =K57 -> 0 | L56: =L57 -> 32800 | M56: =M57 -> 5600 | N56: =SUM(E56:M56) -> 168800
A57: 54 | B57: (1)活动费(活动费+活动费(托管)) | C57: 主款项 | D57: 离退休人数*400元/年（公式计算） | E57: =E72*400 -> 68000 | F57: =F72*400 -> 1600 | G57: =G72*400 -> 49200 | H57: =H72*400 -> 1200 | I57: =I72*400 -> 4400 | J57: =J72*400 -> 6000 | K57: =K72*400 -> 0 | L57: =L72*400 -> 32800 | M57: =M72*400 -> 5600 | N57: =SUM(E57:M57) -> 168800
A58: 55 | B58: 2、子女幼托费 | C58: 主款项 | D58: 没有，填0 | E58: 6000 | G58: 5000 | H58: 1800 | I58: 300 | J58: 3000 | L58: 3000 | M58: 5000 | N58: =SUM(E58:M58) -> 24100
A59: 56 | B59: (九)其他交通费用 | D59: 公式计算 | E59: =E60 -> 0 | F59: =F60 -> 32000 | G59: =G60 -> 0 | H59: =H60 -> 32000 | I59: =I60 -> 32000 | J59: =J60 -> 32000 | K59: =K60 -> 32000 | L59: =L60 -> 0 | M59: =M60 -> 32000 | N59: =SUM(E59:M59) -> 192000
A60: 57 | B60: 2、教育系统 | C60: 主款项 | D60: 机关局无编制车辆的学校按32000元编制预算 机关局有编制的车辆，每分校增加10000元，每个分园增加5000元编制预算 | F60: 32000 | H60: 32000 | I60: 32000 | J60: 32000 | K60: 32000 | M60: 32000 | N60: =SUM(E60:M60) -> 192000
A61: 58 | B61: 学校基本情况： | N61: =SUM(E61:M61) -> 0
A62: 59 | B62: 1、教职工(人数) | D62: 填写2025年秋季在编教职工人数 | E62: =E63+E64+E65+E66 -> 148 | F62: =F63+F64+F65+F66 -> 6 | G62: =G63+G64+G65+G66 -> 144 | H62: =H63+H64+H65+H66 -> 42 | I62: =I63+I64+I65+I66 -> 29 | J62: =J63+J64+J65+J66 -> 61 | K62: =K63+K64+K65+K66 -> 19 | L62: =L63+L64+L65+L66 -> 114 | M62: =M63+M64+M65+M66 -> 36 | N62: =SUM(E62:M62) -> 599
A63: 60 | B63: 初中 | E63: 71 | G63: 66 | L63: 53 | N63: =SUM(E63:M63) -> 190
A64: 61 | B64: 小学 | E64: 77 | G64: 78 | L64: 61 | N64: =SUM(E64:M64) -> 216
A65: 62 | B65: 幼儿园 | H65: 42 | I65: 29 | J65: 61 | K65: 19 | M65: 36 | N65: =SUM(E65:M65) -> 187
A66: 63 | B66: 其他 | F66: 6 | N66: =SUM(E66:M66) -> 6
A67: 64 | B67: 2、学生(人数) | D67: 填写2025年秋季学期学生人数，以招办人数为准 | E67: =E68+E69+E70+E71 -> 2886 | F67: =F68+F69+F70+F71 -> 0 | G67: =G68+G69+G70+G71 -> 2417 | H67: =H68+H69+H70+H71 -> 463 | I67: =I68+I69+I70+I71 -> 307 | J67: =J68+J69+J70+J71 -> 644 | K67: =K68+K69+K70+K71 -> 312 | L67: =L68+L69+L70+L71 -> 1417 | M67: =M68+M69+M70+M71 -> 413 | N67: =SUM(E67:M67) -> 8859
A68: 65 | B68: 初中 | E68: 1099 | G68: 1097 | L68: 706 | N68: =SUM(E68:M68) -> 2902
A69: 66 | B69: 小学 | E69: 1787 | G69: 1320 | L69: 711 | N69: =SUM(E69:M69) -> 3818
A70: 67 | B70: 幼儿园 | H70: 463 | I70: 307 | J70: 644 | K70: 312 | M70: 413 | N70: =SUM(E70:M70) -> 2139
A71: 68 | B71: 其他 | N71: =SUM(E71:M71) -> 0
A72: 69 | B72: 3、事业退休人员人数 | E72: 170 | F72: 4 | G72: 123 | H72: 3 | I72: 11 | J72: 15 | K72: 0 | L72: 82 | M72: 14 | N72: =SUM(E72:M72) -> 422
A73: 70 | B73: 4、教育单位房屋（面积） | E73: 18768.27 | F73: 2216 | G73: 29104.5 | H73: 10862.56 | I73: 4271.24 | J73: 7862.42 | K73: 7998 | L73: 11615 | M73: 6516.65 | N73: =SUM(E73:M73) -> 99214.64
A74: 71 | B74: 5、教育单位绿化（面积） | E74: 18000 | F74: 6252 | G74: 12612.6 | H74: 6259.2 | I74: 2987.3 | J74: 4137.5 | K74: 3459 | L74: 12000 | M74: 4700 | N74: =SUM(E74:M74) -> 70407.6

Sheet 颛桥镇
A1: 2026年基本支出预算表
A2: 序号 | B2: 项目名称 | C2: 功能分类 | D2: 口径 | E2: 颛桥中学 | F2: 北桥中学 | G2: 颛桥小学 | H2: 北桥小学 | I2: 田园外小 | J2: 田园二外小 | K2: 颛桥一幼 | L2: 颛桥镇幼 | M2: 君莲幼儿园 | N2: 上师大幼 | O2: 君莲学校 | P2: 社区学校 | Q2: 颛桥镇二幼 | R2: 田园中学 | S2: 田园幼儿园 | T2: 合计 | U2: 备注
E3: 初中 | F3: 初中 | G3: 小学 | H3: 小学 | I3: 小学 | J3: 小学 | K3: 幼儿园 | L3: 幼儿园 | M3: 幼儿园 | N3: 幼儿园 | O3: 一贯制 | P3: 成人 | Q3: 幼儿园 | R3: 初中 | S3: 幼儿园
A4: 1 | B4: 基本支出总预算数 | D4: 公式计算 | E4: =E5+E32+E39 -> 53522080 | F4: =F5+F32+F39 -> 32914175 | G4: =G5+G32+G39 -> 34871811 | H4: =H5+H32+H39 -> 35668824 | I4: =I5+I32+I39 -> 79378694 | J4: =J5+J32+J39 -> 24789483 | K4: =K5+K32+K39 -> 20471427 | L4: =L5+L32+L39 -> 18682295 | ... S4: =S5+S32+S39 -> 12011055 | T4: =SUM(E4:S4) -> 4.4910086e+08
A5: 2 | B5: 工资福利支出 | D5: 公式计算 | E5: =E6+E9+E13+E16+E21+E26+E28+E30+E31 -> 42619243 | F5: =F6+F9+F13+F16+F21+F26+F28+F30+F31 -> 26653680 | G5: =G6+G9+G13+G16+G21+G26+G28+G30+G31 -> 28199038 | H5: =H6+H9+H13+H16+H21+H26+H28+H30+H31 -> 29957191 | I5: =I6+I9+I13+I16+I21+I26+I28+I30+I31 -> 66609036 | J5: =J6+J9+J13+J16+J21+J26+J28+J30+J31 -> 20911358 | K5: =K6+K9+K13+K16+K21+K26+K28+K30+K31 -> 17663592 | L5: =L6+L9+L13+L16+L21+L26+L28+L30+L31 -> 15405156 | ... S5: =S6+S9+S13+S16+S21+S26+S28+S30+S31 -> 10075647 | T5: =SUM(E5:S5) -> 3.7290496e+08
A6: 3 | B6: 基本工资 | D6: 公式计算 | E6: =E7+E8 -> 6458820 | F6: =F7+F8 -> 4025112 | G6: =G7+G8 -> 4577136 | H6: =H7+H8 -> 4771092 | I6: =I7+I8 -> 9644604 | J6: =J7+J8 -> 2848848 | K6: =K7+K8 -> 2925132 | L6: =L7+L8 -> 2471724 | ... S6: =S7+S8 -> 1523892 | T6: =SUM(E6:S6) -> 55216968
A7: 4 | B7: 1、岗位工资 | C7: 主款项 | D7: 根据人事口径按实编制 | E7: =289662*12 -> 3475944 | F7: =186687*12 -> 2240244 | G7: =189212*12 -> 2270544 | H7: =209161*12 -> 2509932 | I7: =473945*12 -> 5687340 | J7: =146474*12 -> 1757688 | K7: =131402*12 -> 1576824 | L7: =116572*12 -> 1398864 | M7: =107876*12 -> 1294512 | N7: =109520*12 -> 1314240 | O7: =331469*12 -> 3977628 | P7: =13030*12 -> 156360 | Q7: =42938*12 -> 515256 | R7: =187922*12 -> 2255064 | S7: =76214*12 -> 914568 | T7: =SUM(E7:S7) -> 31345008
A8: 5 | B8: 2、薪级工资 | C8: 主款项 | D8: 根据人事口径按实编制 | E8: =248573*12 -> 2982876 | F8: =148739*12 -> 1784868 | G8: =192216*12 -> 2306592 | H8: =188430*12 -> 2261160 | I8: =329772*12 -> 3957264 | J8: =90930*12 -> 1091160 | K8: =112359*12 -> 1348308 | L8: =89405*12 -> 1072860 | M8: =72394*12 -> 868728 | N8: =80468*12 -> 965616 | O8: =238110*12 -> 2857320 | P8: =10987*12 -> 131844 | Q8: =24504*12 -> 294048 | R8: =111666*12 -> 1339992 | S8: =50777*12 -> 609324 | T8: =SUM(E8:S8) -> 23871960
A9: 6 | B9: 津贴补贴 | D9: 公式计算 | E9: =E10+E11 -> 589848 | F9: =F10+F11 -> 369672 | G9: =G10+G11 -> 397872 | H9: =H10+H11 -> 444312 | I9: =I10+I11 -> 992832 | J9: =J10+J11 -> 314364 | K9: =K10+K11 -> 289632 | L9: =L10+L11 -> 251604 | ... S9: =S10+S11 -> 170868 | T9: =SUM(E9:S9) -> 5576556
A10: 7 | B10: 1、各类津贴★▲ | C10: 主款项 | D10: 根据人事口径按实编制 | E10: =754*12 -> 9048 | F10: =446*12 -> 5352 | G10: =596*12 -> 7152 | H10: =506*12 -> 6072 | I10: =896*12 -> 10752 | J10: =237*12 -> 2844 | K10: =376*12 -> 4512 | L10: =287*12 -> 3444 | M10: =221*12 -> 2652 | N10: =271*12 -> 3252 | O10: =722*12 -> 8664 | P10: =31*12 -> 372 | Q10: =72*12 -> 864 | R10: =219*12 -> 2628 | S10: =159*12 -> 1908 | T10: =SUM(E10:S10) -> 69516
A11: 8 | B11: 2、各类补贴 | D11: 公式计算 | E11: =E12 -> 580800 | F11: =F12 -> 364320 | G11: =G12 -> 390720 | H11: =H12 -> 438240 | I11: =I12 -> 982080 | J11: =J12 -> 311520 | K11: =K12 -> 285120 | L11: =L12 -> 248160 | ... S11: =S12 -> 168960 | T11: =SUM(E11:S11) -> 5507040
A12: 9 | B12: (1)上下班交通费补贴 | C12: 主款项 | D12: 公式计算 | E12: =440*12*E62 -> 580800 | F12: =440*12*F62 -> 364320 | G12: =440*12*G62 -> 390720 | H12: =440*12*H62 -> 438240 | I12: =440*12*I62 -> 982080 | J12: =440*12*J62 -> 311520 | K12: =440*12*K62 -> 285120 | L12: =440*12*L62 -> 248160 | ... S12: =440*12*S62 -> 168960 | T12: =SUM(E12:S12) -> 5507040
A13: 10 | B13: 其他社会保障缴费 | D13: 注：社保缴费基数应该相同 | E13: =E14+E15 -> 297252.86 | F13: =F14+F15 -> 185869.42 | G13: =G14+G15 -> 194834 | H13: =H14+H15 -> 195121.14 | I13: =I14+I15 -> 443144.72 | J13: =J14+J15 -> 141203.42 | K13: =K14+K15 -> 122529.42 | L13: =L14+L15 -> 104915.28 | ... S13: =S14+S15 -> 67285.58 | T13: =SUM(E13:S13) -> 2517452.6
A14: 11 | B14: 1、工伤保险费0.5(0.2%-1.9%) | C14: 主款项 | D14: 公式计算（请检查） | E14: =ROUND(E30/0.07*0.005,2) -> 148626.43 | F14: =ROUND(F30/0.07*0.005,2) -> 92934.71 | G14: =ROUND(G30/0.07*0.005,2) -> 97417 | H14: =ROUND(H30/0.07*0.005,2) -> 97560.57 | I14: =ROUND(I30/0.07*0.005,2) -> 221572.36 | J14: =ROUND(J30/0.07*0.005,2) -> 70601.71 | K14: =ROUND(K30/0.07*0.005,2) -> 61264.71 | L14: =ROUND(L30/0.07*0.005,2) -> 52457.64 | ... S14: =ROUND(S30/0.07*0.005,2) -> 33642.79 | T14: =SUM(E14:S14) -> 1258726.3
A15: 12 | B15: 2、失业保险0.5% | C15: 主款项 | D15: 公式计算（请检查） | E15: =ROUND(E30/0.07*0.005,2) -> 148626.43 | F15: =ROUND(F30/0.07*0.005,2) -> 92934.71 | G15: =ROUND(G30/0.07*0.005,2) -> 97417 | H15: =ROUND(H30/0.07*0.005,2) -> 97560.57 | I15: =ROUND(I30/0.07*0.005,2) -> 221572.36 | J15: =ROUND(J30/0.07*0.005,2) -> 70601.71 | K15: =ROUND(K30/0.07*0.005,2) -> 61264.71 | L15: =ROUND(L30/0.07*0.005,2) -> 52457.64 | ... S15: =ROUND(S30/0.07*0.005,2) -> 33642.79 | T15: =SUM(E15:S15) -> 1258726.3
A16: 13 | B16: 绩效工资 | D16: 公式计算 | E16: =E17+E18+E19+E20 -> 22194196 | F16: =F17+F18+F19+F20 -> 13894772 | G16: =G17+G18+G19+G20 -> 14456500 | H16: =H17+H18+H19+H20 -> 15961336 | I16: =I17+I18+I19+I20 -> 36030088 | J16: =J17+J18+J19+J20 -> 11393992 | K16: =K17+K18+K19+K20 -> 8935004 | L16: =L17+L18+L19+L20 -> 7960640 | ... S16: =S17+S18+S19+S20 -> 5353036 | T16: =SUM(E16:S16) -> 198826068
A17: 14 | B17: 1、绩效工资 | C17: 主款项 | D17: 根据人保科数字编制 | E17: 19795000 | F17: 12524500 | G17: 12672000 | H17: 14326400 | I17: 32384000 | J17: 10208000 | K17: 8372000 | L17: 7406000 | M17: 6923000 | N17: 6923000 | O17: 22932000 | P17: 1008000 | Q17: 2737000 | R17: 16465000 | S17: 4942700 | T17: =SUM(E17:S17) -> 179618600
A18: 15 | B18: 2、校长职级制 | C18: 主款项 | D18: 根据校长职级制按实编制 | E18: =19818*12+10000+100000+15115*12+10000+100000 -> 639196 | F18: =13856*12+10000+90000 -> 266272 | G18: =18078*12+10000+90000+15297*12+10000+90000 -> 600500 | H18: =18078*12+10000+80000 -> 306936 | I18: =17284*12+10000+80000+21890*12+10000+100000 -> 670088 | J18: =12666*12+10000+80000 -> 241992 | K18: =12417*12+10000+80000 -> 239004 | L18: =15220*12+10000+80000 -> 272640 | M18: =12362*12+10000+40000 -> 198344 | N18: =12879*12+10000+80000 -> 244548 | O18: =(15115*12+10000+90000)*2 -> 562760 | Q18: =11288*12+10000+70000 -> 215456 | R18: =15283*12+10000+90000 -> 283396 | S18: =11528*12+10000+70000 -> 218336 | T18: =SUM(E18:S18) -> 4959468
A19: 16 | B19: 3、工作餐补贴 | C19: 主款项 | D19: 公式计算 | E19: =E62*500*12 -> 660000 | F19: =F62*500*12 -> 414000 | G19: =G62*500*12 -> 444000 | H19: =H62*500*12 -> 498000 | I19: =I62*500*12 -> 1116000 | J19: =J62*500*12 -> 354000 | K19: =K62*500*12 -> 324000 | L19: =L62*500*12 -> 282000 | ... S19: =S62*500*12 -> 192000 | T19: =SUM(E19:S19) -> 6258000
A20: 17 | B20: 4、课后服务(在编人员） | C20: 主款项 | D20: 根据人事口径按实编制 | E20: =E62*10000 -> 1100000 | F20: =F62*10000 -> 690000 | G20: =G62*10000 -> 740000 | H20: =H62*10000 -> 830000 | I20: =I62*10000 -> 1860000 | J20: =J62*10000 -> 590000 | O20: =O62*10000 -> 1280000 | R20: =R62*10000 -> 900000 | T20: =SUM(E20:S20) -> 7990000
A21: 18 | B21: 城镇职工基本医疗保险缴费 | D21: 公式计算 | E21: =E22+E23 -> 3864287.1 | F21: =F22+F23 -> 2416302.6 | G21: =G22+G23 -> 2532842 | H21: =H22+H23 -> 2536574.9 | I21: =I22+I23 -> 5760881.3 | J21: =J22+J23 -> 1835644.6 | K21: =K22+K23 -> 1592882.6 | L21: =L22+L23 -> 1363898.7 | ... S21: =S22+S23 -> 874712.42 | T21: =SUM(E21:S21) -> 32726883
A22: 19 | B22: 1、医疗保险费9% | C22: 事业单位医疗 | D22: 公式计算 | E22: =ROUND(E30/0.07*0.09,2) -> 2675275.7 | F22: =ROUND(F30/0.07*0.09,2) -> 1672824.9 | G22: =ROUND(G30/0.07*0.09,2) -> 1753506 | H22: =ROUND(H30/0.07*0.09,2) -> 1756090.3 | I22: =ROUND(I30/0.07*0.09,2) -> 3988302.4 | J22: =ROUND(J30/0.07*0.09,2) -> 1270830.9 | K22: =ROUND(K30/0.07*0.09,2) -> 1102764.9 | L22: =ROUND(L30/0.07*0.09,2) -> 944237.57 | ... S22: =ROUND(S30/0.07*0.09,2) -> 605570.14 | T22: =SUM(E22:S22) -> 22657073
A23: 20 | B23: 2、其他医疗保险费4% | C23: 事业单位医疗 | D23: 公式计算（请检查） | E23: =E24+E25 -> 1189011.4 | F23: =F24+F25 -> 743477.72 | G23: =G24+G25 -> 779336 | H23: =H24+H25 -> 780484.58 | I23: =I24+I25 -> 1772578.9 | J23: =J24+J25 -> 564813.72 | K23: =K24+K25 -> 490117.72 | L23: =L24+L25 -> 419661.14 | ... S23: =S24+S25 -> 269142.28 | T23: =SUM(E23:S23) -> 10069810
A24: 21 | B24: (1)其他保险2%(统筹)：住院及大病补助 | C24: 事业单位医疗 | D24: 公式计算（请检查） | E24: =ROUND(E30/0.07*0.02,2) -> 594505.71 | F24: =ROUND(F30/0.07*0.02,2) -> 371738.86 | G24: =ROUND(G30/0.07*0.02,2) -> 389668 | H24: =ROUND(H30/0.07*0.02,2) -> 390242.29 | I24: =ROUND(I30/0.07*0.02,2) -> 886289.43 | J24: =ROUND(J30/0.07*0.02,2) -> 282406.86 | K24: =ROUND(K30/0.07*0.02,2) -> 245058.86 | L24: =ROUND(L30/0.07*0.02,2) -> 209830.57 | ... S24: =ROUND(S30/0.07*0.02,2) -> 134571.14 | T24: =SUM(E24:S24) -> 5034905.1
A25: 22 | B25: (2)其他保险2%(单位)：购买保险 | C25: 事业单位医疗 | D25: 公式计算（请检查） | E25: =ROUND(E30/0.07*0.02,2) -> 594505.71 | F25: =ROUND(F30/0.07*0.02,2) -> 371738.86 | G25: =ROUND(G30/0.07*0.02,2) -> 389668 | H25: =ROUND(H30/0.07*0.02,2) -> 390242.29 | I25: =ROUND(I30/0.07*0.02,2) -> 886289.43 | J25: =ROUND(J30/0.07*0.02,2) -> 282406.86 | K25: =ROUND(K30/0.07*0.02,2) -> 245058.86 | L25: =ROUND(L30/0.07*0.02,2) -> 209830.57 | ... S25: =ROUND(S30/0.07*0.02,2) -> 134571.14 | T25: =SUM(E25:S25) -> 5034905.1
A26: 23 | B26: 事业单位基本养老保险缴费 | D26: 公式计算 | E26: =E27 -> 4756045.7 | F26: =F27 -> 2973910.9 | G26: =G27 -> 3117344 | H26: =H27 -> 3121938.3 | I26: =I27 -> 7090315.4 | J26: =J27 -> 2259254.9 | K26: =K27 -> 1960470.9 | L26: =L27 -> 1678644.6 | ... S26: =S27 -> 1076569.1 | T26: =SUM(E26:S26) -> 40279241
A27: 24 | B27: 1、基本养老保险16% | C27: 养老保险 | D27: 公式计算（请检查） | E27: =ROUND(E30/0.07*0.16,2) -> 4756045.7 | F27: =ROUND(F30/0.07*0.16,2) -> 2973910.9 | G27: =ROUND(G30/0.07*0.16,2) -> 3117344 | H27: =ROUND(H30/0.07*0.16,2) -> 3121938.3 | I27: =ROUND(I30/0.07*0.16,2) -> 7090315.4 | J27: =ROUND(J30/0.07*0.16,2) -> 2259254.9 | K27: =ROUND(K30/0.07*0.16,2) -> 1960470.9 | L27: =ROUND(L30/0.07*0.16,2) -> 1678644.6 | ... S27: =ROUND(S30/0.07*0.16,2) -> 1076569.1 | T27: =SUM(E27:S27) -> 40279241
A28: 25 | B28: 职业年金缴纳 | D28: 公式计算 | E28: =E29 -> 2378022.9 | F28: =F29 -> 1486955.4 | G28: =G29 -> 1558672 | H28: =H29 -> 1560969.1 | I28: =I29 -> 3545157.7 | J28: =J29 -> 1129627.4 | K28: =K29 -> 980235.43 | L28: =L29 -> 839322.29 | ... S28: =S29 -> 538284.57 | T28: =SUM(E28:S28) -> 20139621
A29: 26 | B29: 1、职业年金8% | C29: 职业年金 | D29: 公式计算（请检查） | E29: =ROUND(E30/0.07*0.08,2) -> 2378022.9 | F29: =ROUND(F30/0.07*0.08,2) -> 1486955.4 | G29: =ROUND(G30/0.07*0.08,2) -> 1558672 | H29: =ROUND(H30/0.07*0.08,2) -> 1560969.1 | I29: =ROUND(I30/0.07*0.08,2) -> 3545157.7 | J29: =ROUND(J30/0.07*0.08,2) -> 1129627.4 | K29: =ROUND(K30/0.07*0.08,2) -> 980235.43 | L29: =ROUND(L30/0.07*0.08,2) -> 839322.29 | ... S29: =ROUND(S30/0.07*0.08,2) -> 538284.57 | T29: =SUM(E29:S29) -> 20139621
A30: 27 | B30: 公积金7% | C30: 公积金 | D30: 根据人事口径按实编制 | E30: 2080770 | F30: 1301086 | G30: 1363838 | H30: 1365848 | I30: 3102013 | J30: 988424 | K30: 857706 | L30: 734407 | M30: 649912 | N30: 683560 | O30: 2219422 | P30: 89340 | Q30: 250444 | R30: =1464399 -> 1464399 | S30: 470999 | T30: =SUM(E30:S30) -> 17622168
A31: 28 | B31: 其他工资福利 | C31: 主款项 | D31: 年初预算为0 | T31: =SUM(E31:S31) -> 0
A32: 29 | B32: 对个人和家庭补助 | D32: 公式计算 | E32: =E33+E35+E37 -> 1778360 | F32: =F33+F35+F37 -> 1099250 | G32: =G33+G35+G37 -> 1360390 | H32: =H33+H35+H37 -> 915940 | I32: =I33+I35+I37 -> 424925 | J32: =J33+J35+J37 -> 1800 | K32: =K33+K35+K37 -> 216426 | L32: =L33+L35+L37 -> 349900 | ... S32: =S33+S35+S37 -> 187380 | T32: =SUM(E32:S32) -> 6698841
A33: 30 | B33: 退休费 | C33: 离退休 | D33: 根据退休人员情况按实编制 | E33: =E34 -> 1776200 | F33: =F34 -> 1096730 | G33: =G34 -> 1358230 | H33: =H34 -> 913780 | I33: =I34 -> 420245 | J33: =J34 -> 0 | K33: =K34 -> 213186 | L33: =L34 -> 347020 | ... S33: =S34 -> 186300 | T33: =SUM(E33:S33) -> 6662481
A34: 31 | B34: 1、退休人员生活补贴 | C34: 离退休 | D34: 根据退休人员情况按实编制 | E34: 1776200 | F34: 1096730 | G34: 1358230 | H34: 913780 | I34: 420245 | K34: 213186 | L34: 347020 | M34: 95340 | N34: 13020 | O34: 84230 | P34: 78900 | R34: =79300 -> 79300 | S34: 186300 | T34: =SUM(E34:S34) -> 6662481
A35: 32 | B35: 奖励金 | D35: 公式计算 | E35: =E36 -> 2160 | F35: =F36 -> 2520 | G35: =G36 -> 2160 | H35: =H36 -> 2160 | I35: =I36 -> 4680 | J35: =J36 -> 1800 | K35: =K36 -> 3240 | L35: =L36 -> 2880 | ... S35: =S36 -> 1080 | T35: =SUM(E35:S35) -> 36360
A36: 33 | B36: 1、独生子女奖励费▲ | C36: 主款项 | D36: 根据人事口径按实编制 | E36: =180*12 -> 2160 | F36: =210*12 -> 2520 | G36: =180*12 -> 2160 | H36: =180*12 -> 2160 | I36: =390*12 -> 4680 | J36: =150*12 -> 1800 | K36: =270*12 -> 3240 | L36: =240*12 -> 2880 | M36: =330*12 -> 3960 | N36: =270*12 -> 3240 | O36: =270*12 -> 3240 | R36: =270*12 -> 3240 | S36: =90*12 -> 1080 | T36: =SUM(E36:S36) -> 36360
A37: 34 | B37: 其他支出对个人和家庭补助 | D37: 公式计算 | E37: =E38 -> 0 | F37: =F38 -> 0 | G37: =G38 -> 0 | H37: =H38 -> 0 | I37: =I38 -> 0 | J37: =J38 -> 0 | K37: =K38 -> 0 | L37: =L38 -> 0 | ... S37: =S38 -> 0 | T37: =SUM(E37:S37) -> 0
A38: 35 | B38: 1、其他 | C38: 主款项 | D38: 除罗阳小学3人及七宝二中1人的退休共享费外，其他学校填0 | T38: =SUM(E38:S38) -> 0
A39: 36 | B39: 商品和服务支出和其他资本性支出 | D39: 公式计算 | E39: =E40+E42+E44+E46+E48+E51+E53+E55+E59 -> 9124477.7 | F39: =F40+F42+F44+F46+F48+F51+F53+F55+F59 -> 5161244.9 | G39: =G40+G42+G44+G46+G48+G51+G53+G55+G59 -> 5312383 | H39: =H40+H42+H44+H46+H48+H51+H53+H55+H59 -> 4795692.3 | I39: =I40+I42+I44+I46+I48+I51+I53+I55+I59 -> 12344733 | J39: =J40+J42+J44+J46+J48+J51+J53+J55+J59 -> 3876324.5 | K39: =K40+K42+K44+K46+K48+K51+K53+K55+K59 -> 2591408.5 | L39: =L40+L42+L44+L46+L48+L51+L53+L55+L59 -> 2927239.5 | ... S39: =S40+S42+S44+S46+S48+S51+S53+S55+S59 -> 1748027.9 | T39: =SUM(E39:S39) -> 69497065
A40: 37 | B40: (一)公用定额 | D40: 学生人数*定额 | E40: ='[1]2026年中小学人数'!O9 -> 6826050 | F40: ='[1]2026年中小学人数'!O8 -> 3957800 | G40: ='[1]2026年中小学人数'!O5 -> 3900150 | H40: ='[1]2026年中小学人数'!O6 -> 3415440 | I40: ='[1]2026年中小学人数'!O3+'[1]2026年中小学人数'!O4 -> 9880380 | J40: ='[1]2026年中小学人数'!O7 -> 3049500 | K40: ='[1]2026年幼儿园人数'!I5+'[1]2026年幼儿园人数'!I6 -> 1736020 | L40: ='[1]2026年幼儿园人数'!I2+'[1]2026年幼儿园人数'!I3+'[1]2026年幼儿园人数'!I4 -> 2099240 | M40: ='[1]2026年幼儿园人数'!I7+'[1]2026年幼儿园人数'!I8 -> 1716000 | N40: =+'[1]2026年幼儿园人数'!I9+'[1]2026年幼儿园人数'!I10 -> 1701700 | O40: ='[1]2026年中小学人数'!M10 -> 7010750 | P40: =112000 -> 112000 | Q40: ='[1]2026年幼儿园人数'!I13 -> 858000 | R40: ='[1]2026年中小学人数'!M11+'[1]2026年中小学人数'!M12 -> 5717250 | S40: ='[1]2026年幼儿园人数'!I11+'[1]2026年幼儿园人数'!I12 -> 1287000 | T40: =SUM(E40:S40) -> 53267280
A41: 38 | B41: 其中：培训费 | C41: 主款项 | D41: 生均定额5% | E41: ='[1]2026年中小学人数'!P9 -> 341302.5 | F41: ='[1]2026年中小学人数'!P8 -> 197890 | G41: ='[1]2026年中小学人数'!P5 -> 195007.5 | H41: ='[1]2026年中小学人数'!P6 -> 170772 | I41: ='[1]2026年中小学人数'!P3+'[1]2026年中小学人数'!P4 -> 494019 | J41: ='[1]2026年中小学人数'!P7 -> 152475 | K41: ='[1]2026年幼儿园人数'!J5+'[1]2026年幼儿园人数'!J6 -> 80080 | L41: ='[1]2026年幼儿园人数'!J2+'[1]2026年幼儿园人数'!J3+'[1]2026年幼儿园人数'!J4 -> 82654 | M41: =+'[1]2026年幼儿园人数'!J7+'[1]2026年幼儿园人数'!J8 -> 73359 | N41: ='[1]2026年幼儿园人数'!J9+'[1]2026年幼儿园人数'!J10 -> 75504 | O41: ='[1]2026年中小学人数'!P10 -> 350537.5 | P41: =P40*0.05 -> 5600 | Q41: ='[1]2026年幼儿园人数'!J13 -> 29315 | R41: ='[1]2026年中小学人数'!P11+'[1]2026年中小学人数'!P12 -> 285862.5 | S41: ='[1]2026年幼儿园人数'!J11+'[1]2026年幼儿园人数'!J12 -> 48763 | T41: =SUM(E41:S41) -> 2583141
A42: 39 | B42: (二)培训费 | E42: =E43 -> 44000 | F42: =F43 -> 27600 | G42: =G43 -> 29600 | H42: =H43 -> 33200 | I42: =I43 -> 74400 | J42: =J43 -> 23600 | K42: =K43 -> 21600 | L42: =L43 -> 18800 | ... S42: =S43 -> 12800 | T42: =SUM(E42:S42) -> 417200
A43: 40 | B43: 1、进修、培训 400元/年教师 | C43: 主款项 | D43: 教职工人数*400元（公式计算） | E43: =E62*400 -> 44000 | F43: =F62*400 -> 27600 | G43: =G62*400 -> 29600 | H43: =H62*400 -> 33200 | I43: =I62*400 -> 74400 | J43: =J62*400 -> 23600 | K43: =K62*400 -> 21600 | L43: =L62*400 -> 18800 | ... S43: =S62*400 -> 12800 | T43: =SUM(E43:S43) -> 417200
A44: 41 | B44: (三)维修(护)费 | D44: 公式计算 | E44: =E45 -> 489330 | F44: =F45 -> 135690 | G44: =G45 -> 204405 | H44: =H45 -> 268530 | I44: =I45 -> 386583.6 | J44: =J45 -> 196585.65 | K44: =K45 -> 205953.6 | L44: =L45 -> 212828.1 | ... S44: =S45 -> 59392.8 | T44: =SUM(E44:S44) -> 3051225.8
A45: 42 | B45: 1、房屋维修费 15元/年平方米 | C45: 主款项 | D45: 房屋面积*15元（公式计算） | E45: =E73*15 -> 489330 | F45: =F73*15 -> 135690 | G45: =G73*15 -> 204405 | H45: =H73*15 -> 268530 | I45: =I73*15 -> 386583.6 | J45: =J73*15 -> 196585.65 | K45: =K73*15 -> 205953.6 | L45: =L73*15 -> 212828.1 | ... S45: =S73*15 -> 59392.8 | T45: =SUM(E45:S45) -> 3051225.8
A46: 43 | B46: (四)物业管理费 | D46: 公式计算 | E46: =E47 -> 238592 | F46: =F47 -> 69296 | G46: =G47 -> 64000 | H46: =H47 -> 64000 | I46: =I47 -> 126840 | J46: =J47 -> 37352 | K46: =K47 -> 51136 | L46: =L47 -> 49380.8 | ... S46: =S47 -> 32104 | T46: =SUM(E46:S46) -> 983854.4
A47: 44 | B47: 1、绿化维护费 8元/年平方米 | C47: 主款项 | D47: 绿化面积*8元（公式计算） | E47: =E74*8 -> 238592 | F47: =F74*8 -> 69296 | G47: =G74*8 -> 64000 | H47: =H74*8 -> 64000 | I47: =I74*8 -> 126840 | J47: =J74*8 -> 37352 | K47: =K74*8 -> 51136 | L47: =L74*8 -> 49380.8 | ... S47: =S74*8 -> 32104 | T47: =SUM(E47:S47) -> 983854.4
A48: 45 | B48: (五)福利费 | D48: 公式计算 | E48: =E49+E50 -> 864000 | F48: =F49+F50 -> 544320 | G48: =G49+G50 -> 660960 | H48: =H49+H50 -> 578880 | I48: =I49+I50 -> 915840 | J48: =J49+J50 -> 254880 | K48: =K49+K50 -> 289440 | L48: =L49+L50 -> 293760 | ... S48: =S49+S50 -> 185760 | T48: =SUM(E48:S48) -> 6112800
A49: 46 | B49: 1、在职福利费 | C49: 主款项 | D49: 教职工人数*4320元（公式计算） | E49: =E62*4320 -> 475200 | F49: =F62*4320 -> 298080 | G49: =G62*4320 -> 319680 | H49: =H62*4320 -> 358560 | I49: =I62*4320 -> 803520 | J49: =J62*4320 -> 254880 | K49: =K62*4320 -> 233280 | L49: =L62*4320 -> 203040 | ... S49: =S62*4320 -> 138240 | T49: =SUM(E49:S49) -> 4505760
A50: 47 | B50: 2、离退休福利费 | C50: 主款项 | D50: 离退休人数*4320元（公式计算） | E50: =E72*4320 -> 388800 | F50: =F72*4320 -> 246240 | G50: =G72*4320 -> 341280 | H50: =H72*4320 -> 220320 | I50: =I72*4320 -> 112320 | J50: =J72*4320 -> 0 | K50: =K72*4320 -> 56160 | L50: =L72*4320 -> 90720 | ... S50: =S72*4320 -> 47520 | T50: =SUM(E50:S50) -> 1607040
A51: 48 | B51: (六)工会经费 | D51: 公式计算 | E51: =E52 -> 594505.71 | F51: =F52 -> 371738.86 | G51: =G52 -> 389668 | H51: =H52 -> 390242.29 | I51: =I52 -> 886289.43 | J51: =J52 -> 282406.86 | K51: =K52 -> 245058.86 | L51: =L52 -> 209830.57 | ... S51: =S52 -> 134571.14 | T51: =SUM(E51:S51) -> 5034905.1
A52: 49 | B52: 1、工会经费2% | C52: 主款项 | D52: 公式计算（请检查） | E52: =ROUND(E30/0.07*0.02,2) -> 594505.71 | F52: =ROUND(F30/0.07*0.02,2) -> 371738.86 | G52: =ROUND(G30/0.07*0.02,2) -> 389668 | H52: =ROUND(H30/0.07*0.02,2) -> 390242.29 | I52: =ROUND(I30/0.07*0.02,2) -> 886289.43 | J52: =ROUND(J30/0.07*0.02,2) -> 282406.86 | K52: =ROUND(K30/0.07*0.02,2) -> 245058.86 | L52: =ROUND(L30/0.07*0.02,2) -> 209830.57 | ... S52: =ROUND(S30/0.07*0.02,2) -> 134571.14 | T52: =SUM(E52:S52) -> 5034905.1
A53: 50 | B53: (七)公务用车运行维护费★ | D53: 公式计算 | E53: =E54 -> 32000 | F53: =F54 -> 32000 | G53: =G54 -> 32000 | H53: =H54 -> 25000 | I53: =I54 -> 64000 | J53: =J54 -> 0 | K53: =K54 -> 32000 | L53: =L54 -> 25000 | ... S53: =S54 -> 0 | T53: =SUM(E53:S53) -> 274000
A54: 51 | B54: 1、教育系统，校/辆 | C54: 主款项 | D54: 机关局有编制的车辆数*32000元/25000元/年（分园及分校预算在其他交通费中编制） | E54: 32000 | F54: 32000 | G54: 32000 | H54: =32000-7000 -> 25000 | I54: 64000 | K54: 32000 | L54: =32000-7000 -> 25000 | O54: 32000 | T54: =SUM(E54:S54) -> 274000
A55: 52 | B55: (八)其他商品和服务支出 | D55: 公式计算 | E55: =E56+E58 -> 36000 | F55: =F56+F58 -> 22800 | G55: =G56+G58 -> 31600 | H55: =H56+H58 -> 20400 | I55: =I56+I58 -> 10400 | J55: =J56+J58 -> 0 | K55: =K56+K58 -> 5200 | L55: =L56+L58 -> 8400 | ... S55: =S56+S58 -> 4400 | T55: =SUM(E55:S55) -> 148800
A56: 53 | B56: 1、离退休公用支出 | C56: 主款项 | D56: 公式计算 | E56: =E57 -> 36000 | F56: =F57 -> 22800 | G56: =G57 -> 31600 | H56: =H57 -> 20400 | I56: =I57 -> 10400 | J56: =J57 -> 0 | K56: =K57 -> 5200 | L56: =L57 -> 8400 | ... S56: =S57 -> 4400 | T56: =SUM(E56:S56) -> 148800
A57: 54 | B57: (1)活动费(活动费+活动费(托管)) | C57: 主款项 | D57: 离退休人数*400元/年（公式计算） | E57: =E72*400 -> 36000 | F57: =F72*400 -> 22800 | G57: =G72*400 -> 31600 | H57: =H72*400 -> 20400 | I57: =I72*400 -> 10400 | J57: =J72*400 -> 0 | K57: =K72*400 -> 5200 | L57: =L72*400 -> 8400 | ... S57: =S72*400 -> 4400 | T57: =SUM(E57:S57) -> 148800
A58: 55 | B58: 2、子女幼托费 | C58: 主款项 | D58: 没有，填0 | T58: =SUM(E58:S58) -> 0
A59: 56 | B59: (九)其他交通费用 | D59: 公式计算 | E59: =E60 -> 0 | F59: =F60 -> 0 | G59: =G60 -> 0 | H59: =H60 -> 0 | I59: =I60 -> 0 | J59: =J60 -> 32000 | K59: =K60 -> 5000 | L59: =L60 -> 10000 | ... S59: =S60 -> 32000 | T59: =SUM(E59:S59) -> 207000
A60: 57 | B60: 2、教育系统 | C60: 主款项 | D60: 机关局无编制车辆的学校按32000元编制预算 机关局有编制的车辆，每分校增加10000元，每个分园增加5000元编制预算 | J60: 32000 | K60: 5000 | L60: 10000 | M60: 32000 | N60: 32000 | Q60: 32000 | R60: 32000 | S60: 32000 | T60: =SUM(E60:S60) -> 207000
A61: 58 | B61: 学校基本情况： | T61: =SUM(E61:S61) -> 0
A62: 59 | B62: 1、教职工(人数) | D62: 填写2025年秋季在编教职工人数 | E62: =E63+E64+E65+E66 -> 110 | F62: =F63+F64+F65+F66 -> 69 | G62: =G63+G64+G65+G66 -> 74 | H62: =H63+H64+H65+H66 -> 83 | I62: =I63+I64+I65+I66 -> 186 | J62: =J63+J64+J65+J66 -> 59 | K62: =K63+K64+K65+K66 -> 54 | L62: =L63+L64+L65+L66 -> 47 | ... S62: =S63+S64+S65+S66 -> 32 | T62: =SUM(E62:S62) -> 1043
A63: 60 | B63: 初中 | E63: 110 | F63: 69 | O63: 63 | R63: 90 | T63: =SUM(E63:S63) -> 332
A64: 61 | B64: 小学 | G64: 74 | H64: 83 | I64: 186 | J64: 59 | O64: 65 | T64: =SUM(E64:S64) -> 467
A65: 62 | B65: 幼儿园 | K65: 54 | L65: 47 | M65: 44 | N65: 44 | Q65: 18 | S65: 32 | T65: =SUM(E65:S65) -> 239
A66: 63 | B66: 其他 | P66: 5 | T66: =SUM(E66:S66) -> 5
A67: 64 | B67: 2、学生(人数) | D67: 填写2025年秋季学期学生人数，以招办人数为准 | E67: =E68+E69+E70+E71 -> 1773 | F67: =F68+F69+F70+F71 -> 1028 | G67: =G68+G69+G70+G71 -> 1215 | H67: =H68+H69+H70+H71 -> 1064 | I67: =I68+I69+I70+I71 -> 3078 | J67: =J68+J69+J70+J71 -> 950 | K67: =K68+K69+K70+K71 -> 560 | L67: =L68+L69+L70+L71 -> 578 | ... S67: =S68+S69+S70+S71 -> 341 | T67: =SUM(E67:S67) -> 15321
A68: 65 | B68: 初中 | E68: 1773 | F68: 1028 | O68: 908 | R68: 1485 | T68: =SUM(E68:S68) -> 5194
A69: 66 | B69: 小学 | G69: 1215 | H69: 1064 | I69: 3078 | J69: 950 | O69: 1095 | T69: =SUM(E69:S69) -> 7402
A70: 67 | B70: 幼儿园 | K70: 560 | L70: 578 | M70: 513 | N70: 528 | Q70: 205 | S70: 341 | T70: =SUM(E70:S70) -> 2725
A71: 68 | B71: 其他 | T71: =SUM(E71:S71) -> 0
A72: 69 | B72: 3、事业退休人员人数 | E72: 90 | F72: 57 | G72: 79 | H72: 51 | I72: 26 | K72: 13 | L72: 21 | M72: 6 | N72: 1 | O72: 6 | P72: 4 | R72: 7 | S72: 11 | T72: =SUM(E72:S72) -> 372
A73: 70 | B73: 4、教育单位房屋（面积） | E73: 32622 | F73: 9046 | G73: 13627 | H73: 17902 | I73: 25772.24 | J73: 13105.71 | K73: =10602.95+3127.29 -> 13730.24 | L73: =6627.96+9667-2106.42 -> 14188.54 | M73: 11478.41 | N73: 9116.92 | O73: 18924.89 | P73: 2300 | Q73: 4357 | R73: 13284.58 | S73: =2564.98+1394.54 -> 3959.52 | T73: =SUM(E73:S73) -> 203415.05
A74: 71 | B74: 5、教育单位绿化（面积） | E74: 29824 | F74: 8662 | G74: 8000 | H74: 8000 | I74: 15855 | J74: 4669 | K74: =4900+1492 -> 6392 | L74: =4663.8+2548.8-1040 -> 6172.6 | M74: 6585.2 | N74: 3060 | O74: 13460 | Q74: 1505 | R74: 6784 | S74: 4013 | T74: =SUM(E74:S74) -> 122981.8

Sheet 虹桥镇
A1: 2026年基本支出预算表
A2: 序号 | B2: 项目名称 | C2: 功能分类 | D2: 口径 | E2: 上虹中学 | F2: 龙柏中学 | G2: 华师大虹桥学校 | H2: 龙柏一小 | I2: 虹桥小学 | J2: 中心幼儿园 | K2: 虹鹿幼儿园 | L2: 龙柏一幼 | M2: 龙柏二幼 | N2: 华师虹幼 | O2: 社区学校 | P2: 合计 | Q2: 备注
E3: 初中 | F3: 初中 | G3: 一贯制 | H3: 小学 | I3: 小学 | J3: 幼儿园 | K3: 幼儿园 | L3: 幼儿园 | M3: 幼儿园 | N3: 幼儿园 | O3: 成人
A4: 1 | B4: 基本支出总预算数 | D4: 公式计算 | E4: =E5+E32+E39 -> 30154798 | F4: =F5+F32+F39 -> 24836511 | G4: =G5+G32+G39 -> 43439258 | H4: =H5+H32+H39 -> 27684407 | I4: =I5+I32+I39 -> 36771180 | J4: =J5+J32+J39 -> 18906435 | K4: =K5+K32+K39 -> 15463559 | L4: =L5+L32+L39 -> 13412911 | ... O4: =O5+O32+O39 -> 1593001 | P4: =SUM(E4:O4) -> 2.3244292e+08
A5: 2 | B5: 工资福利支出 | D5: 公式计算 | E5: =E6+E9+E13+E16+E21+E26+E28+E30+E31 -> 23917606 | F5: =F6+F9+F13+F16+F21+F26+F28+F30+F31 -> 20114244 | G5: =G6+G9+G13+G16+G21+G26+G28+G30+G31 -> 36726194 | H5: =H6+H9+H13+H16+H21+H26+H28+H30+H31 -> 22985614 | I5: =I6+I9+I13+I16+I21+I26+I28+I30+I31 -> 29030390 | J5: =J6+J9+J13+J16+J21+J26+J28+J30+J31 -> 16266862 | K5: =K6+K9+K13+K16+K21+K26+K28+K30+K31 -> 13289648 | L5: =L6+L9+L13+L16+L21+L26+L28+L30+L31 -> 10860044 | ... O5: =O6+O9+O13+O16+O21+O26+O28+O30+O31 -> 1465176 | P5: =SUM(E5:O5) -> 1.9159472e+08
A6: 3 | B6: 基本工资 | D6: 公式计算 | E6: =E7+E8 -> 3292774 | F6: =F7+F8 -> 2532904.2 | G6: =G7+G8 -> 5540872 | H6: =H7+H8 -> 3554670 | I6: =I7+I8 -> 4590400 | J6: =J7+J8 -> 2544650 | K6: =K7+K8 -> 2084060 | L6: =L7+L8 -> 1706090 | ... O6: =O7+O8 -> 244530 | P6: =SUM(E6:O6) -> 28888270
A7: 4 | B7: 1、岗位工资 | C7: 主款项 | D7: 根据人事口径按实编制 | E7: =1999030-363306 -> 1635724 | F7: =1780020-681135.81 -> 1098884.2 | G7: =3001980-385088.02 -> 2616892 | H7: 1855570 | I7: 2451670 | J7: 1471220 | K7: 1185030 | L7: 961230 | M7: 1274280 | N7: 312440 | O7: 132550 | P7: =SUM(E7:O7) -> 14995490
A8: 5 | B8: 2、薪级工资 | C8: 主款项 | D8: 根据人事口径按实编制 | E8: 1657050 | F8: 1434020 | G8: 2923980 | H8: 1699100 | I8: 2138730 | J8: 1073430 | K8: 899030 | L8: 744860 | M8: 993670 | N8: 216930 | O8: 111980 | P8: =SUM(E8:O8) -> 13892780
A9: 6 | B9: 津贴补贴 | D9: 公式计算 | E9: =E10+E11 -> 343080 | F9: =F10+F11 -> 284040 | G9: =G10+G11 -> 526170 | H9: =H10+H11 -> 332352 | I9: =I10+I11 -> 423204 | J9: =J10+J11 -> 267620 | K9: =K10+K11 -> 214168 | L9: =L10+L11 -> 171432 | ... O9: =O10+O11 -> 21396 | P9: =SUM(E9:O9) -> 2851614
A10: 7 | B10: 1、各类津贴★▲ | C10: 主款项 | D10: 根据人事口径按实编制 | E10: 5160 | F10: 4200 | G10: 8730 | H10: 4992 | I10: 6084 | J10: 3620 | K10: 2968 | L10: 2472 | M10: 3444 | N10: 708 | O10: 276 | P10: =SUM(E10:O10) -> 42654
A11: 8 | B11: 2、各类补贴 | D11: 公式计算 | E11: =E12 -> 337920 | F11: =F12 -> 279840 | G11: =G12 -> 517440 | H11: =H12 -> 327360 | I11: =I12 -> 417120 | J11: =J12 -> 264000 | K11: =K12 -> 211200 | L11: =L12 -> 168960 | ... O11: =O12 -> 21120 | P11: =SUM(E11:O11) -> 2808960
A12: 9 | B12: (1)上下班交通费补贴 | C12: 主款项 | D12: 公式计算 | E12: =440*12*E62 -> 337920 | F12: =440*12*F62 -> 279840 | G12: =440*12*G62 -> 517440 | H12: =440*12*H62 -> 327360 | I12: =440*12*I62 -> 417120 | J12: =440*12*J62 -> 264000 | K12: =440*12*K62 -> 211200 | L12: =440*12*L62 -> 168960 | ... O12: =440*12*O62 -> 21120 | P12: =SUM(E12:O12) -> 2808960
A13: 10 | B13: 其他社会保障缴费 | D13: 注：社保缴费基数应该相同 | E13: =E14+E15 -> 168588 | F13: =F14+F15 -> 146000 | G13: =G14+G15 -> 256428 | H13: =H14+H15 -> 158256 | I13: =I14+I15 -> 196954 | J13: =J14+J15 -> 111440 | K13: =K14+K15 -> 90716 | L13: =L14+L15 -> 78030 | ... O13: =O14+O15 -> 9850 | P13: =SUM(E13:O13) -> 1333762
A14: 11 | B14: 1、工伤保险费0.5(0.2%-1.9%) | C14: 主款项 | D14: 公式计算（请检查） | E14: =ROUND(E30/0.07*0.005,2) -> 84294 | F14: =ROUND(F30/0.07*0.005,2) -> 73000 | G14: =ROUND(G30/0.07*0.005,2) -> 128214 | H14: =ROUND(H30/0.07*0.005,2) -> 79128 | I14: =ROUND(I30/0.07*0.005,2) -> 98477 | J14: =ROUND(J30/0.07*0.005,2) -> 55720 | K14: =ROUND(K30/0.07*0.005,2) -> 45358 | L14: =ROUND(L30/0.07*0.005,2) -> 39015 | ... O14: =ROUND(O30/0.07*0.005,2) -> 4925 | P14: =SUM(E14:O14) -> 666881
A15: 12 | B15: 2、失业保险0.5% | C15: 主款项 | D15: 公式计算（请检查） | E15: =ROUND(E30/0.07*0.005,2) -> 84294 | F15: =ROUND(F30/0.07*0.005,2) -> 73000 | G15: =ROUND(G30/0.07*0.005,2) -> 128214 | H15: =ROUND(H30/0.07*0.005,2) -> 79128 | I15: =ROUND(I30/0.07*0.005,2) -> 98477 | J15: =ROUND(J30/0.07*0.005,2) -> 55720 | K15: =ROUND(K30/0.07*0.005,2) -> 45358 | L15: =ROUND(L30/0.07*0.005,2) -> 39015 | ... O15: =ROUND(O30/0.07*0.005,2) -> 4925 | P15: =SUM(E15:O15) -> 666881
A16: 13 | B16: 绩效工资 | D16: 公式计算 | E16: =E17+E18+E19+E20 -> 12695292 | F16: =F17+F18+F19+F20 -> 10727300 | G16: =G17+G18+G19+G20 -> 19119892 | H16: =H17+H18+H19+H20 -> 11977072 | I16: =I17+I18+I19+I20 -> 15153856 | J16: =J17+J18+J19+J20 -> 8439792 | K16: =K17+K18+K19+K20 -> 6909200 | L16: =L17+L18+L19+L20 -> 5471172 | ... O16: =O17+O18+O19+O20 -> 756000 | P16: =SUM(E16:O16) -> 99835548
A17: 14 | B17: 1、绩效工资 | C17: 主款项 | D17: 根据人保科数字编制 | E17: 11414500 | F17: 9620000 | G17: 17308200 | H17: 10736000 | I17: 13552000 | J17: 7889000 | K17: 6396000 | L17: 4991000 | M17: 6510800 | N17: 1288000 | O17: 732000 | P17: =SUM(E17:O17) -> 90437500
A18: 15 | B18: 2、校长职级制 | C18: 主款项 | D18: 根据校长职级制按实编制 | E18: 256792 | F18: 259300 | G18: 243692 | H18: 249072 | I18: 337856 | J18: 250792 | K18: 273200 | L18: 288172 | M18: 276616 | N18: 210556 | P18: =SUM(E18:O18) -> 2646048
A19: 16 | B19: 3、工作餐补贴 | C19: 主款项 | D19: 公式计算 | E19: =E62*500*12 -> 384000 | F19: =F62*500*12 -> 318000 | G19: =G62*500*12 -> 588000 | H19: =H62*500*12 -> 372000 | I19: =I62*500*12 -> 474000 | J19: =J62*500*12 -> 300000 | K19: =K62*500*12 -> 240000 | L19: =L62*500*12 -> 192000 | ... O19: =O62*500*12 -> 24000 | P19: =SUM(E19:O19) -> 3192000
A20: 17 | B20: 4、课后服务(在编人员） | C20: 主款项 | D20: 根据人事口径按实编制 | E20: 640000 | F20: 530000 | G20: 980000 | H20: 620000 | I20: 790000 | P20: =SUM(E20:O20) -> 3560000
A21: 18 | B21: 城镇职工基本医疗保险缴费 | D21: 公式计算 | E21: =E22+E23 -> 2191644 | F21: =F22+F23 -> 1898000 | G21: =G22+G23 -> 3333564 | H21: =H22+H23 -> 2057328 | I21: =I22+I23 -> 2560402 | J21: =J22+J23 -> 1448720 | K21: =K22+K23 -> 1179308 | L21: =L22+L23 -> 1014390 | ... O21: =O22+O23 -> 128050 | P21: =SUM(E21:O21) -> 17338906
A22: 19 | B22: 1、医疗保险费9% | C22: 事业单位医疗 | D22: 公式计算 | E22: =ROUND(E30/0.07*0.09,2) -> 1517292 | F22: =ROUND(F30/0.07*0.09,2) -> 1314000 | G22: =ROUND(G30/0.07*0.09,2) -> 2307852 | H22: =ROUND(H30/0.07*0.09,2) -> 1424304 | I22: =ROUND(I30/0.07*0.09,2) -> 1772586 | J22: =ROUND(J30/0.07*0.09,2) -> 1002960 | K22: =ROUND(K30/0.07*0.09,2) -> 816444 | L22: =ROUND(L30/0.07*0.09,2) -> 702270 | ... O22: =ROUND(O30/0.07*0.09,2) -> 88650 | P22: =SUM(E22:O22) -> 12003858
A23: 20 | B23: 2、其他医疗保险费4% | C23: 事业单位医疗 | D23: 公式计算（请检查） | E23: =E24+E25 -> 674352 | F23: =F24+F25 -> 584000 | G23: =G24+G25 -> 1025712 | H23: =H24+H25 -> 633024 | I23: =I24+I25 -> 787816 | J23: =J24+J25 -> 445760 | K23: =K24+K25 -> 362864 | L23: =L24+L25 -> 312120 | ... O23: =O24+O25 -> 39400 | P23: =SUM(E23:O23) -> 5335048
A24: 21 | B24: (1)其他保险2%(统筹)：住院及大病补助 | C24: 事业单位医疗 | D24: 公式计算（请检查） | E24: =ROUND(E30/0.07*0.02,2) -> 337176 | F24: =ROUND(F30/0.07*0.02,2) -> 292000 | G24: =ROUND(G30/0.07*0.02,2) -> 512856 | H24: =ROUND(H30/0.07*0.02,2) -> 316512 | I24: =ROUND(I30/0.07*0.02,2) -> 393908 | J24: =ROUND(J30/0.07*0.02,2) -> 222880 | K24: =ROUND(K30/0.07*0.02,2) -> 181432 | L24: =ROUND(L30/0.07*0.02,2) -> 156060 | ... O24: =ROUND(O30/0.07*0.02,2) -> 19700 | P24: =SUM(E24:O24) -> 2667524
A25: 22 | B25: (2)其他保险2%(单位)：购买保险 | C25: 事业单位医疗 | D25: 公式计算（请检查） | E25: =ROUND(E30/0.07*0.02,2) -> 337176 | F25: =ROUND(F30/0.07*0.02,2) -> 292000 | G25: =ROUND(G30/0.07*0.02,2) -> 512856 | H25: =ROUND(H30/0.07*0.02,2) -> 316512 | I25: =ROUND(I30/0.07*0.02,2) -> 393908 | J25: =ROUND(J30/0.07*0.02,2) -> 222880 | K25: =ROUND(K30/0.07*0.02,2) -> 181432 | L25: =ROUND(L30/0.07*0.02,2) -> 156060 | ... O25: =ROUND(O30/0.07*0.02,2) -> 19700 | P25: =SUM(E25:O25) -> 2667524
A26: 23 | B26: 事业单位基本养老保险缴费 | D26: 公式计算 | E26: =E27 -> 2697408 | F26: =F27 -> 2336000 | G26: =G27 -> 4102848 | H26: =H27 -> 2532096 | I26: =I27 -> 3151264 | J26: =J27 -> 1783040 | K26: =K27 -> 1451456 | L26: =L27 -> 1248480 | ... O26: =O27 -> 157600 | P26: =SUM(E26:O26) -> 21340192
A27: 24 | B27: 1、基本养老保险16% | C27: 养老保险 | D27: 公式计算（请检查） | E27: =ROUND(E30/0.07*0.16,2) -> 2697408 | F27: =ROUND(F30/0.07*0.16,2) -> 2336000 | G27: =ROUND(G30/0.07*0.16,2) -> 4102848 | H27: =ROUND(H30/0.07*0.16,2) -> 2532096 | I27: =ROUND(I30/0.07*0.16,2) -> 3151264 | J27: =ROUND(J30/0.07*0.16,2) -> 1783040 | K27: =ROUND(K30/0.07*0.16,2) -> 1451456 | L27: =ROUND(L30/0.07*0.16,2) -> 1248480 | ... O27: =ROUND(O30/0.07*0.16,2) -> 157600 | P27: =SUM(E27:O27) -> 21340192
A28: 25 | B28: 职业年金缴纳 | D28: 公式计算 | E28: =E29 -> 1348704 | F28: =F29 -> 1168000 | G28: =G29 -> 2051424 | H28: =H29 -> 1266048 | I28: =I29 -> 1575632 | J28: =J29 -> 891520 | K28: =K29 -> 725728 | L28: =L29 -> 624240 | ... O28: =O29 -> 78800 | P28: =SUM(E28:O28) -> 10670096
A29: 26 | B29: 1、职业年金8% | C29: 职业年金 | D29: 公式计算（请检查） | E29: =ROUND(E30/0.07*0.08,2) -> 1348704 | F29: =ROUND(F30/0.07*0.08,2) -> 1168000 | G29: =ROUND(G30/0.07*0.08,2) -> 2051424 | H29: =ROUND(H30/0.07*0.08,2) -> 1266048 | I29: =ROUND(I30/0.07*0.08,2) -> 1575632 | J29: =ROUND(J30/0.07*0.08,2) -> 891520 | K29: =ROUND(K30/0.07*0.08,2) -> 725728 | L29: =ROUND(L30/0.07*0.08,2) -> 624240 | ... O29: =ROUND(O30/0.07*0.08,2) -> 78800 | P29: =SUM(E29:O29) -> 10670096
A30: 27 | B30: 公积金7% | C30: 公积金 | D30: 根据人事口径按实编制 | E30: 1180116 | F30: 1022000 | G30: 1794996 | H30: 1107792 | I30: 1378678 | J30: 780080 | K30: 635012 | L30: 546210 | M30: 678230 | N30: 144270 | O30: 68950 | P30: =SUM(E30:O30) -> 9336334
A31: 28 | B31: 其他工资福利 | C31: 主款项 | D31: 年初预算为0 | P31: =SUM(E31:O31) -> 0
A32: 29 | B32: 对个人和家庭补助 | D32: 公式计算 | E32: =E33+E35+E37 -> 1635860 | F32: =F33+F35+F37 -> 752130 | G32: =G33+G35+G37 -> 770720 | H32: =H33+H35+H37 -> 671460 | I32: =I33+I35+I37 -> 2079420 | J32: =J33+J35+J37 -> 383700 | K32: =K33+K35+K37 -> 138810 | L32: =L33+L35+L37 -> 214540 | ... O32: =O33+O35+O37 -> 0 | P32: =SUM(E32:O32) -> 6789640
A33: 30 | B33: 退休费 | C33: 离退休 | D33: 根据退休人员情况按实编制 | E33: =E34 -> 1633220 | F33: =F34 -> 751380 | G33: =G34 -> 764600 | H33: =H34 -> 669660 | I33: =I34 -> 2077920 | J33: =J34 -> 382620 | K33: =K34 -> 137340 | L33: =L34 -> 212040 | ... O33: =O34 -> 0 | P33: =SUM(E33:O33) -> 6769580
A34: 31 | B34: 1、退休人员生活补贴 | C34: 离退休 | D34: 根据退休人员情况按实编制 | E34: 1633220 | F34: 751380 | G34: 764600 | H34: 669660 | I34: 2077920 | J34: 382620 | K34: 137340 | L34: 212040 | M34: 140800 | P34: =SUM(E34:O34) -> 6769580
A35: 32 | B35: 奖励金 | D35: 公式计算 | E35: =E36 -> 2640 | F35: =F36 -> 750 | G35: =G36 -> 6120 | H35: =H36 -> 1800 | I35: =I36 -> 1500 | J35: =J36 -> 1080 | K35: =K36 -> 1470 | L35: =L36 -> 2500 | ... O35: =O36 -> 0 | P35: =SUM(E35:O35) -> 20060
A36: 33 | B36: 1、独生子女奖励费▲ | C36: 主款项 | D36: 根据人事口径按实编制 | E36: 2640 | F36: 750 | G36: 6120 | H36: 1800 | I36: 1500 | J36: 1080 | K36: 1470 | L36: 2500 | M36: 2200 | P36: =SUM(E36:O36) -> 20060
A37: 34 | B37: 其他支出对个人和家庭补助 | D37: 公式计算 | E37: =E38 -> 0 | F37: =F38 -> 0 | G37: =G38 -> 0 | H37: =H38 -> 0 | I37: =I38 -> 0 | J37: =J38 -> 0 | K37: =K38 -> 0 | L37: =L38 -> 0 | ... O37: =O38 -> 0 | P37: =SUM(E37:O37) -> 0
A38: 35 | B38: 1、其他 | C38: 主款项 | D38: 除罗阳小学3人及七宝二中1人的退休共享费外，其他学校填0 | P38: =SUM(E38:O38) -> 0
A39: 36 | B39: 商品和服务支出和其他资本性支出 | D39: 公式计算 | E39: =E40+E42+E44+E46+E48+E51+E53+E55+E59 -> 4601331.7 | F39: =F40+F42+F44+F46+F48+F51+F53+F55+F59 -> 3970136.4 | G39: =G40+G42+G44+G46+G48+G51+G53+G55+G59 -> 5942344.2 | H39: =H40+H42+H44+H46+H48+H51+H53+H55+H59 -> 4027333.1 | I39: =I40+I42+I44+I46+I48+I51+I53+I55+I59 -> 5661370.4 | J39: =J40+J42+J44+J46+J48+J51+J53+J55+J59 -> 2255873.2 | K39: =K40+K42+K44+K46+K48+K51+K53+K55+K59 -> 2035100.8 | L39: =L40+L42+L44+L46+L48+L51+L53+L55+L59 -> 2338326.6 | ... O39: =O40+O42+O44+O46+O48+O51+O53+O55+O59 -> 127825 | P39: =SUM(E39:O39) -> 34058555
A40: 37 | B40: (一)公用定额 | D40: 学生人数*定额 | E40: 3222450 | F40: 2968350 | G40: 4345740 | H40: 2998140 | I40: 4076700 | J40: 1441440 | K40: 1480000 | L40: 1859000 | M40: 1383120 | N40: 858000 | O40: 22400 | P40: =SUM(E40:O40) -> 24655340
A41: 38 | B41: 其中：培训费 | C41: 主款项 | D41: 生均定额5% | E41: 161122.5 | F41: 148417.5 | G41: 217287 | H41: 149907 | I41: 203835 | J41: 64207 | K41: 50108 | L41: 35893 | M41: 46818 | N41: 11869 | O41: 1120 | P41: =SUM(E41:O41) -> 1090584
A42: 39 | B42: (二)培训费 | E42: =E43 -> 25600 | F42: =F43 -> 21200 | G42: =G43 -> 39200 | H42: =H43 -> 24800 | I42: =I43 -> 31600 | J42: =J43 -> 20000 | K42: =K43 -> 16000 | L42: =L43 -> 12800 | ... O42: =O43 -> 1600 | P42: =SUM(E42:O42) -> 212800
A43: 40 | B43: 1、进修、培训 400元/年教师 | C43: 主款项 | D43: 教职工人数*400元（公式计算） | E43: =E62*400 -> 25600 | F43: =F62*400 -> 21200 | G43: =G62*400 -> 39200 | H43: =H62*400 -> 24800 | I43: =I62*400 -> 31600 | J43: =J62*400 -> 20000 | K43: =K62*400 -> 16000 | L43: =L62*400 -> 12800 | ... O43: =O62*400 -> 1600 | P43: =SUM(E43:O43) -> 212800
A44: 41 | B44: (三)维修(护)费 | D44: 公式计算 | E44: =E45 -> 284609.25 | F44: =F45 -> 181200.75 | G44: =G45 -> 287341.8 | H44: =H45 -> 170337.15 | I44: =I45 -> 202718.4 | J44: =J45 -> 183473.25 | K44: =K45 -> 86520.75 | L44: =L45 -> 68538.6 | ... O44: =O45 -> 64605 | P44: =SUM(E44:O44) -> 1736341.2
A45: 42 | B45: 1、房屋维修费 15元/年平方米 | C45: 主款项 | D45: 房屋面积*15元（公式计算） | E45: =E73*15 -> 284609.25 | F45: =F73*15 -> 181200.75 | G45: =G73*15 -> 287341.8 | H45: =H73*15 -> 170337.15 | I45: =I73*15 -> 202718.4 | J45: =J73*15 -> 183473.25 | K45: =K73*15 -> 86520.75 | L45: =L73*15 -> 68538.6 | ... O45: =O73*15 -> 64605 | P45: =SUM(E45:O45) -> 1736341.2
A46: 43 | B46: (四)物业管理费 | D46: 公式计算 | E46: =E47 -> 29256.48 | F46: =F47 -> 48905.6 | G46: =G47 -> 71286.4 | H46: =H47 -> 26904 | I46: =I47 -> 63744 | J46: =J47 -> 30240 | K46: =K47 -> 23868 | L46: =L47 -> 7328 | ... O46: =O47 -> 2240 | P46: =SUM(E46:O46) -> 363870.08
A47: 44 | B47: 1、绿化维护费 8元/年平方米 | C47: 主款项 | D47: 绿化面积*8元（公式计算） | E47: =E74*8 -> 29256.48 | F47: =F74*8 -> 48905.6 | G47: =G74*8 -> 71286.4 | H47: =H74*8 -> 26904 | I47: =I74*8 -> 63744 | J47: =J74*8 -> 30240 | K47: =K74*8 -> 23868 | L47: =L74*8 -> 7328 | ... O47: =O74*8 -> 2240 | P47: =SUM(E47:O47) -> 363870.08
A48: 45 | B48: (五)福利费 | D48: 公式计算 | E48: =E49+E50 -> 635040 | F48: =F49+F50 -> 406080 | G48: =G49+G50 -> 630720 | H48: =H49+H50 -> 440640 | I48: =I49+I50 -> 820800 | J48: =J49+J50 -> 311040 | K48: =K49+K50 -> 211680 | L48: =L49+L50 -> 194400 | ... O48: =O49+O50 -> 17280 | P48: =SUM(E48:O48) -> 3926880
A49: 46 | B49: 1、在职福利费 | C49: 主款项 | D49: 教职工人数*4320元（公式计算） | E49: =E62*4320 -> 276480 | F49: =F62*4320 -> 228960 | G49: =G62*4320 -> 423360 | H49: =H62*4320 -> 267840 | I49: =I62*4320 -> 341280 | J49: =J62*4320 -> 216000 | K49: =K62*4320 -> 172800 | L49: =L62*4320 -> 138240 | ... O49: =O62*4320 -> 17280 | P49: =SUM(E49:O49) -> 2298240
A50: 47 | B50: 2、离退休福利费 | C50: 主款项 | D50: 离退休人数*4320元（公式计算） | E50: =E72*4320 -> 358560 | F50: =F72*4320 -> 177120 | G50: =G72*4320 -> 207360 | H50: =H72*4320 -> 172800 | I50: =I72*4320 -> 479520 | J50: =J72*4320 -> 95040 | K50: =K72*4320 -> 38880 | L50: =L72*4320 -> 56160 | ... O50: =O72*4320 -> 0 | P50: =SUM(E50:O50) -> 1628640
A51: 48 | B51: (六)工会经费 | D51: 公式计算 | E51: =E52 -> 337176 | F51: =F52 -> 292000 | G51: =G52 -> 512856 | H51: =H52 -> 316512 | I51: =I52 -> 393908 | J51: =J52 -> 222880 | K51: =K52 -> 181432 | L51: =L52 -> 156060 | ... O51: =O52 -> 19700 | P51: =SUM(E51:O51) -> 2667524
A52: 49 | B52: 1、工会经费2% | C52: 主款项 | D52: 公式计算（请检查） | E52: =ROUND(E30/0.07*0.02,2) -> 337176 | F52: =ROUND(F30/0.07*0.02,2) -> 292000 | G52: =ROUND(G30/0.07*0.02,2) -> 512856 | H52: =ROUND(H30/0.07*0.02,2) -> 316512 | I52: =ROUND(I30/0.07*0.02,2) -> 393908 | J52: =ROUND(J30/0.07*0.02,2) -> 222880 | K52: =ROUND(K30/0.07*0.02,2) -> 181432 | L52: =ROUND(L30/0.07*0.02,2) -> 156060 | ... O52: =ROUND(O30/0.07*0.02,2) -> 19700 | P52: =SUM(E52:O52) -> 2667524
A53: 50 | B53: (七)公务用车运行维护费★ | D53: 公式计算 | E53: =E54 -> 32000 | F53: =F54 -> 32000 | G53: =G54 -> 32000 | H53: =H54 -> 32000 | I53: =I54 -> 25000 | J53: =J54 -> 0 | K53: =K54 -> 25000 | L53: =L54 -> 0 | ... O53: =O54 -> 0 | P53: =SUM(E53:O53) -> 210000
A54: 51 | B54: 1、教育系统，校/辆 | C54: 主款项 | D54: 机关局有编制的车辆数*32000元/25000元/年（分园及分校预算在其他交通费中编制） | E54: 32000 | F54: 32000 | G54: 32000 | H54: 32000 | I54: 25000 | K54: 25000 | M54: 32000 | P54: =SUM(E54:O54) -> 210000
A55: 52 | B55: (八)其他商品和服务支出 | D55: 公式计算 | E55: =E56+E58 -> 35200 | F55: =F56+F58 -> 20400 | G55: =G56+G58 -> 23200 | H55: =H56+H58 -> 18000 | I55: =I56+I58 -> 46900 | J55: =J56+J58 -> 14800 | K55: =K56+K58 -> 5600 | L55: =L56+L58 -> 8200 | ... O55: =O56+O58 -> 0 | P55: =SUM(E55:O55) -> 179800
A56: 53 | B56: 1、离退休公用支出 | C56: 主款项 | D56: 公式计算 | E56: =E57 -> 33200 | F56: =F57 -> 16400 | G56: =G57 -> 19200 | H56: =H57 -> 16000 | I56: =I57 -> 44400 | J56: =J57 -> 8800 | K56: =K57 -> 3600 | L56: =L57 -> 5200 | ... O56: =O57 -> 0 | P56: =SUM(E56:O56) -> 150800
A57: 54 | B57: (1)活动费(活动费+活动费(托管)) | C57: 主款项 | D57: 离退休人数*400元/年（公式计算） | E57: =E72*400 -> 33200 | F57: =F72*400 -> 16400 | G57: =G72*400 -> 19200 | H57: =H72*400 -> 16000 | I57: =I72*400 -> 44400 | J57: =J72*400 -> 8800 | K57: =K72*400 -> 3600 | L57: =L72*400 -> 5200 | ... O57: =O72*400 -> 0 | P57: =SUM(E57:O57) -> 150800
A58: 55 | B58: 2、子女幼托费 | C58: 主款项 | D58: 没有，填0 | E58: 2000 | F58: 4000 | G58: 4000 | H58: 2000 | I58: 2500 | J58: 6000 | K58: 2000 | L58: 3000 | M58: 2000 | N58: 1500 | P58: =SUM(E58:O58) -> 29000
A59: 56 | B59: (九)其他交通费用 | D59: 公式计算 | E59: =E60 -> 0 | F59: =F60 -> 0 | G59: =G60 -> 0 | H59: =H60 -> 0 | I59: =I60 -> 0 | J59: =J60 -> 32000 | K59: =K60 -> 5000 | L59: =L60 -> 32000 | ... O59: =O60 -> 0 | P59: =SUM(E59:O59) -> 106000
A60: 57 | B60: 2、教育系统 | C60: 主款项 | D60: 机关局无编制车辆的学校按32000元编制预算 机关局有编制的车辆，每分校增加10000元，每个分园增加5000元编制预算 | J60: 32000 | K60: 5000 | L60: 32000 | M60: 5000 | N60: 32000 | P60: =SUM(E60:O60) -> 106000
A61: 58 | B61: 学校基本情况： | P61: =SUM(E61:O61) -> 0
A62: 59 | B62: 1、教职工(人数) | D62: 填写2025年秋季在编教职工人数 | E62: =E63+E64+E65+E66 -> 64 | F62: =F63+F64+F65+F66 -> 53 | G62: =G63+G64+G65+G66 -> 98 | H62: =H63+H64+H65+H66 -> 62 | I62: =I63+I64+I65+I66 -> 79 | J62: =J63+J64+J65+J66 -> 50 | K62: =K63+K64+K65+K66 -> 40 | L62: =L63+L64+L65+L66 -> 32 | ... O62: =O63+O64+O65+O66 -> 4 | P62: =SUM(E62:O62) -> 532
A63: 60 | B63: 初中 | E63: 64 | F63: 53 | G63: 47 | P63: =SUM(E63:O63) -> 164
A64: 61 | B64: 小学 | G64: 51 | H64: 62 | I64: 79 | P64: =SUM(E64:O64) -> 192
A65: 62 | B65: 幼儿园 | J65: 50 | K65: 40 | L65: 32 | M65: 41 | N65: 9 | P65: =SUM(E65:O65) -> 172
A66: 63 | B66: 其他 | O66: 4 | P66: =SUM(E66:O66) -> 4
A67: 64 | B67: 2、学生(人数) | D67: 填写2025年秋季学期学生人数，以招办人数为准 | E67: =E68+E69+E70+E71 -> 837 | F67: =F68+F69+F70+F71 -> 771 | G67: =G68+G69+G70+G71 -> 1230 | H67: =H68+H69+H70+H71 -> 934 | I67: =I68+I69+I70+I71 -> 1270 | J67: =J68+J69+J70+J71 -> 449 | K67: =K68+K69+K70+K71 -> 336 | L67: =L68+L69+L70+L71 -> 251 | ... O67: =O68+O69+O70+O71 -> 0 | P67: =SUM(E67:O67) -> 6467
A68: 65 | B68: 初中 | E68: 837 | F68: 771 | G68: 621 | P68: =SUM(E68:O68) -> 2229
A69: 66 | B69: 小学 | G69: 609 | H69: 934 | I69: 1270 | P69: =SUM(E69:O69) -> 2813
A70: 67 | B70: 幼儿园 | J70: 449 | K70: 336 | L70: 251 | M70: 306 | N70: 83 | P70: =SUM(E70:O70) -> 1425
A71: 68 | B71: 其他 | P71: =SUM(E71:O71) -> 0
A72: 69 | B72: 3、事业退休人员人数 | E72: 83 | F72: 41 | G72: 48 | H72: 40 | I72: 111 | J72: 22 | K72: 9 | L72: 13 | M72: 10 | P72: =SUM(E72:O72) -> 377
A73: 70 | B73: 4、教育单位房屋（面积） | E73: 18973.95 | F73: 12080.05 | G73: 19156.12 | H73: 11355.81 | I73: 13514.56 | J73: 12231.55 | K73: 5768.05 | L73: 4569.24 | M73: 6511.75 | N73: 7288 | O73: 4307 | P73: =SUM(E73:O73) -> 115756.08
A74: 71 | B74: 5、教育单位绿化（面积） | E74: 3657.06 | F74: 6113.2 | G74: 8910.8 | H74: 3363 | I74: 7968 | J74: 3780 | K74: 2983.5 | L74: 916 | M74: 3529 | N74: 3983.2 | O74: 280 | P74: =SUM(E74:O74) -> 45483.76

Sheet 吴泾
A1: 2026年教育统筹经费第二次分配明细表
A2: 吴泾镇： | C2: 单位：元
A3: 序号 | B3: 项目 | C3: 二次分配
A4: 1 | B4: 社区教育经费 | C4: =社区教育!F5 -> 117348
A5: 2 | B5: 残疾就业保障 | C5: =残疾就业保障调整!F5 -> -3877.21
A6: 3 | B6: 校舍维修 | C6: ='2025年校舍维修尾款清算'!J9 -> -7190.37
A7: 4 | B7: 上划改上解项目 | C7: =上划改上解项目清算明细!Q6 -> 25031528
B8: 合计 | C8: =SUM(C4:C7) -> 25137808

Sheet 社区教育
A1: 2026年镇属学校社区教育调整预算表
A2: 单位：元
A3: 镇属 | B3: 年初常住人口 | C3: 年初金额（3元/人） | D3: 实际常住人口 | E3: 实际金额（3元/人） | F3: 二次分配
A4: 吴泾 | B4: 102993 | C4: =B4*3 -> 308979 | D4: 142109 | E4: =D4*3 -> 426327 | F4: =E4-C4 -> 117348
A5: 合计 | B5: =SUM(B4:B4) -> 102993 | C5: =SUM(C4:C4) -> 308979 | D5: =SUM(D4:D4) -> 142109 | E5: =SUM(E4:E4) -> 426327 | F5: =SUM(F4:F4) -> 117348

Sheet 残疾就业保障调整
A1: 2026年镇属学校残疾人就业保障预算调整表
A2: 单位：元
A3: 镇属 | B3: 单位 | C3: 学段 | D3: 2026年年初预算 | E3: 2026年实际需求 | F3: 二次分配
A4: 吴泾 | B4: 上海市闵行区吴泾镇社区学校 | C4: 成人 | D4: 14798.29 | E4: 10921.08 | F4: =E4-D4 -> -3877.21
A5: 吴泾合计 | D5: =SUM(D4) -> 14798.29 | E5: =SUM(E4) -> 10921.08 | F5: =SUM(F4) -> -3877.21

Sheet 2025年校舍维修尾款清算
A1: 2026年镇属学校校舍维修尾款清算表（2025年项目）
A2: 单位：元
A3: 学校 | B3: 项目名称 | C3: 总投资（元） （财政批复金额） | D3: 建安费（元） （财政批复金额） | E3: 施工 合同价（元） | F3: 工程 审定价（元） | G3: 二类 费用（元） | H3: 应执行 金额（元） | I3: 已执行 金额（元） | J3: 尾款 清算金额（元）
A4: 景东小学 | B4: 2025年吴泾镇镇管学校校舍维修项目 | C4: 820195.2 | D4: 714460 | E4: 1512587 | F4: 1503186.6 | G4: 195011 | H4: =F4+G4 -> 1698197.6 | I4: 1716042 | J4: =H4-I4 -> -17844.4
A5: 闵行区塘湾中心幼儿园 | C5: 154428 | D5: 138348
A6: 华东师范大学闵行永德实验幼儿园 | C6: 749882.53 | D6: 669537.97
A7: 上海闵行区民办塘湾小学 | B7: 2025年塘湾小学校舍维修项目 | C7: 2877685.2 | D7: 1303415 | E7: 1297813 | F7: 1294077.2 | G7: 119900 | H7: 1413977.2 | I7: 2659667.2 | J7: 10654.03
B8: 2025年塘湾小学电扩容项目 | D8: 1169570.2 | E8: 1130854.2 | F8: 1118240.3 | G8: 138103.71 | H8: 1256344
A9: 吴泾 | J9: =SUM(J4:J8) -> -7190.37

Sheet 上划改上解项目各镇清算
A1: 上划改上解项目2026年各镇清算表
G2: 单位：元
A3: 序号 | B3: 所属镇 | C3: 全年合计 | D3: 实际统筹分配数 | E3: 附加（1.深化民办义务教育规范项目+7.民办幼儿园大班免费教育+8.普惠性民办幼儿园补贴） | F3: 提前告知数 | G3: 差额
A4: 1 | B4: 吴泾镇 | C4: 25031528 | D4: 25031528 | E4: 0 | F4: 9577450 | G4: 15454078
A5: 第四季度需支付数据 | C5: =SUM(#REF!) -> #REF!
A6: 第一至三季度已支付数据 | C6: =SUM(#REF!) -> #REF!

Sheet 上划改上解项目清算明细
A1: 上划改上解项目2026年各镇清算明细表
A2: 单位：元
A3: 所属镇 | B3: 深化民办义务教育规范项目 | C3: 农民工子女学校经费 | D3: 民办学校生均经费 | E3: 民办高中学费补贴 | F3: 义务教育学生助学 | G3: 义务教育阶段学生簿册 | H3: 民办幼儿园大班免费教育 | I3: 普惠性民办幼儿园补贴 | J3: 普惠性民办幼儿园维修补贴 | K3: 普惠性民办幼儿园成本审计 | L3: 学前教育困难家庭补助 | M3: 校区保安服务 | N3: 空置校舍看管服务 | O3: 购买辅助服务 | P3: 储备教师 | Q3: 合计
B4: 1 | C4: 2 | D4: 3 | E4: 4 | F4: 5 | G4: 6 | H4: 7 | I4: 8 | J4: 9 | K4: 10 | L4: 11 | M4: 12 | N4: 13 | O4: 14 | P4: 15
A5: 吴泾镇 | C5: 11276240 | D5: 3529680 | E5: 5200 | F5: 35090 | G5: 53524.75 | L5: 0 | M5: 3675000 | O5: 4857647 | P5: 1599146.2 | Q5: =SUM(B5:P5) -> 25031528
B6: =SUM(B5:B5) -> 0 | C6: =SUM(C5:C5) -> 11276240 | D6: =SUM(D5:D5) -> 3529680 | E6: =SUM(E5:E5) -> 5200 | F6: =SUM(F5:F5) -> 35090 | G6: =SUM(G5:G5) -> 53524.75 | H6: =SUM(H5:H5) -> 0 | I6: =SUM(I5:I5) -> 0 | ... P6: =SUM(P5:P5) -> 1599146.2 | Q6: =SUM(B6:P6) -> 25031528
